Workbook

Sheet Orçamento
H2: SERPO
H3: Secretaria de Serviços Públicos e Obras
A4: PLANILHA ORÇAMENTÁRIA | I4: REV. | J4: 46232
A5: OBRA: | B5: IMPLANTAÇÃO DE PRAÇA VOLTADA À CULTURA ROMANI NO JARDIM EUROPA | I5: BDI Obra: | J5: 0.22
A6: LOCAL: | B6: ALAMEDA ITÁLIA ESQUINA COM RUA YUGOSLAVIA - JARDIM EUROPA, SOROCABA/SP | I6: Área (m²): | J6: 235
A8: ITEM | B8: CÓDIGO | C8: REFERÊNCIA | D8: DISCRIMINAÇÃO DO SERVIÇO | E8: UNIDADE | F8: QUANTIDADE | G8: PREÇO UNITÁRIO (S/ BDI) | H8: PREÇO UNITÁRIO (C/ BDI) | I8: PREÇO TOTAL (SEM BDI) | J8: PREÇO TOTAL (COM BDI) | K8: $ sem BDI | L8: $ com BDI | M8: Caso tenha alguma observação no item, escrever abaixo | O8: Conferências
A9: 1 | D9: SERVIÇOS PRELIMINARES | K9: =I29 -> 35224.55 | L9: =J29 -> 42955.56 | M9: OBSERVAÇÃO | N9: =A9 -> 1 | O9: =IF(L9=SUM(L10:L29),"OK","NOK") -> OK
A10: 1.1 | D10: CANTEIRO DE OBRAS | H10: SUBTOTAL | I10: =SUBTOTAL(9,I11:I14) -> 16761.72 | J10: =SUBTOTAL(9,J11:J14) -> 20448.22 | K10: =SUM(I11:I14) -> 16761.72 | L10: =SUM(J11:J14) -> 20448.22
A11: 1.1.1 | B11: 02.08.040 | C11: CDHU | D11: PLACA EM LONA COM IMPRESSÃO DIGITAL E REQUADRO EM METALON | E11: M2 | F11: 6 | G11: 450.11 | H11: =TRUNC(G11*(1+$J$5),2) -> 549.13 | I11: =TRUNC(G11*F11,2) -> 2700.66 | J11: =TRUNC(H11*F11,2) -> 3294.78 | K11: =J11/$J$212 -> 0.018999454
A12: 1.1.2 | B12: 02.01.180 | C12: CDHU | D12: BANHEIRO QUÍMICO MODELO STANDARD, COM MANUTENÇÃO CONFORME EXIGÊNCIAS DA CETESB | E12: UNMES | F12: 4 | G12: 1259.68 | H12: =TRUNC(G12*(1+$J$5),2) -> 1536.8 | I12: =TRUNC(G12*F12,2) -> 5038.72 | J12: =TRUNC(H12*F12,2) -> 6147.2 | K12: =J12/$J$212 -> 0.035448024
A13: 1.1.3 | B13: 02.02.150 | C13: CDHU | D13: LOCAÇÃO DE CONTAINER TIPO DEPÓSITO - ÁREA MÍNIMA DE 13,80 M² | E13: UNMES | F13: 4 | G13: 998.21 | H13: =TRUNC(G13*(1+$J$5),2) -> 1217.81 | I13: =TRUNC(G13*F13,2) -> 3992.84 | J13: =TRUNC(H13*F13,2) -> 4871.24 | K13: =J13/$J$212 -> 0.02809016
A14: 1.1.4 | B14: 01-005-040 | C14: SIURB - EDIF | D14: TELA PARA PROTEÇÃO DE OBRAS, MALHA 2 MM | E14: M2 | F14: 150 | G14: 33.53 | H14: =TRUNC(G14*(1+$J$5),2) -> 40.9 | I14: =TRUNC(G14*F14,2) -> 5029.5 | J14: =TRUNC(H14*F14,2) -> 6135 | K14: =J14/$J$212 -> 0.035377673
A15: 1.2 | D15: LOCAÇÃO DE OBRA | H15: SUBTOTAL | I15: =SUBTOTAL(9,I16:I17) -> 454.18 | J15: =SUBTOTAL(9,J16:J17) -> 552.76 | K15: =SUM(I16:I17) -> 454.18 | L15: =SUM(J16:J17) -> 552.76
A16: 1.2.1 | B16: 02.10.050 | C16: CDHU | D16: LOCAÇÃO PARA MUROS, CERCAS E ALAMBRADOS | E16: M | F16: 14.8 | G16: 1.55 | H16: =TRUNC(G16*(1+$J$5),2) -> 1.89 | I16: =TRUNC(G16*F16,2) -> 22.94 | J16: =TRUNC(H16*F16,2) -> 27.97 | K16: =J16/$J$212 -> 0.00016128989
A17: 1.2.2 | B17: 02.10.060 | C17: CDHU | D17: LOCAÇÃO DE VIAS, CALÇADAS, TANQUES E LAGOAS | E17: M2 | F17: 228.17 | G17: 1.89 | H17: =TRUNC(G17*(1+$J$5),2) -> 2.3 | I17: =TRUNC(G17*F17,2) -> 431.24 | J17: =TRUNC(H17*F17,2) -> 524.79 | K17: =J17/$J$212 -> 0.0030262182
A18: 1.3 | D18: LIMPEZA DO TERRENO | H18: SUBTOTAL | I18: =SUBTOTAL(9,I19:I22) -> 12394 | J18: =SUBTOTAL(9,J19:J22) -> 15105.53 | K18: =SUM(I19:I22) -> 12394 | L18: =SUM(J19:J22) -> 15105.53
A19: 1.3.1 | B19: 98524 | C19: SINAPI | D19: LIMPEZA MANUAL DE VEGETAÇÃO EM TERRENO COM ENXADA. AF_03/2024 | E19: M2 | F19: 432.08 | G19: 6.61 | H19: =TRUNC(G19*(1+$J$5),2) -> 8.06 | I19: =TRUNC(G19*F19,2) -> 2856.04 | J19: =TRUNC(H19*F19,2) -> 3482.56 | K19: =J19/$J$212 -> 0.020082293
A20: 1.3.2 | B20: 100975 | C20: SINAPI | D20: CARGA, MANOBRA E DESCARGA DE SOLOS E MATERIAIS GRANULARES EM CAMINHÃO BASCULANTE 14 M³ - CARGA COM PÁ CARREGADEIRA (CAÇAMBA DE 1,7 A 2,8 M³ / 128 HP) E DESCARGA LIVRE (UNIDADE: M3). AF_02/2026 | E20: M3 | F20: 122.36 | G20: 8.75 | H20: =TRUNC(G20*(1+$J$5),2) -> 10.67 | I20: =TRUNC(G20*F20,2) -> 1070.65 | J20: =TRUNC(H20*F20,2) -> 1305.58 | K20: =J20/$J$212 -> 0.0075286686
A21: 1.3.3 | B21: 95876 | C21: SINAPI | D21: TRANSPORTE COM CAMINHÃO BASCULANTE DE 14 M³, EM VIA URBANA PAVIMENTADA, DMT ATÉ 30 KM (UNIDADE: M3XKM). AF_02/2026 | E21: M3XKM | F21: 1835.4 | G21: 2.53 | H21: =TRUNC(G21*(1+$J$5),2) -> 3.08 | I21: =TRUNC(G21*F21,2) -> 4643.56 | J21: =TRUNC(H21*F21,2) -> 5653.03 | K21: =J21/$J$212 -> 0.032598377
A22: 1.3.4 | B22: 05.09.007 | C22: CDHU | D22: TAXA DE DESTINAÇÃO DE RESÍDUO SÓLIDO EM ATERRO, TIPO SOLO/TERRA | E22: M3 | F22: 122.36 | G22: 31.25 | H22: =TRUNC(G22*(1+$J$5),2) -> 38.12 | I22: =TRUNC(G22*F22,2) -> 3823.75 | J22: =TRUNC(H22*F22,2) -> 4664.36 | K22: =J22/$J$212 -> 0.02689718
A23: 1.4 | D23: TERRAPLANAGEM | H23: SUBTOTAL | I23: =SUBTOTAL(9,I24:I28) -> 5614.65 | J23: =SUBTOTAL(9,J24:J28) -> 6849.05 | K23: =SUM(I24:I28) -> 5614.65 | L23: =SUM(J24:J28) -> 6849.05
A24: 1.4.1 | B24: 06.01.020 | C24: CDHU | D24: ESCAVAÇÃO MANUAL EM SOLO DE 1ª E 2ª CATEGORIA EM CAMPO ABERTO | E24: M3 | F24: 56.35 | G24: 59.75 | H24: =TRUNC(G24*(1+$J$5),2) -> 72.89 | I24: =TRUNC(G24*F24,2) -> 3366.91 | J24: =TRUNC(H24*F24,2) -> 4107.35 | K24: =J24/$J$212 -> 0.023685164
A25: 1.4.2 | B25: 100977 | C25: SINAPI | D25: CARGA, MANOBRA E DESCARGA DE SOLOS E MATERIAIS GRANULARES EM CAMINHÃO BASCULANTE 6 M³ - CARGA COM ESCAVADEIRA HIDRÁULICA (CAÇAMBA DE 1,20 M³ / 155 HP) E DESCARGA LIVRE (UNIDADE: M3). AF_02/2026 | E25: M3 | F25: 70.44 | G25: 8.78 | H25: =TRUNC(G25*(1+$J$5),2) -> 10.71 | I25: =TRUNC(G25*F25,2) -> 618.46 | J25: =TRUNC(H25*F25,2) -> 754.41 | K25: =J25/$J$212 -> 0.0043503293
A26: 1.4.3 | B26: 97914 | C26: SINAPI | D26: TRANSPORTE COM CAMINHÃO BASCULANTE DE 6 M³, EM VIA URBANA PAVIMENTADA, DMT ATÉ 30 KM (UNIDADE: M3XKM). AF_02/2026 | E26: M3XKM | F26: 173.63 | G26: 3.5 | H26: =TRUNC(G26*(1+$J$5),2) -> 4.27 | I26: =TRUNC(G26*F26,2) -> 607.7 | J26: =TRUNC(H26*F26,2) -> 741.4 | K26: =J26/$J$212 -> 0.0042753067
A27: 1.4.4 | B27: 07.12.030 | C27: CDHU | D27: COMPACTAÇÃO DE ATERRO MECANIZADO A 100% PN, SEM FORNECIMENTO DE SOLO EM CAMPO ABERTO | E27: M3 | F27: 58.86 | G27: 12.44 | H27: =TRUNC(G27*(1+$J$5),2) -> 15.17 | I27: =TRUNC(G27*F27,2) -> 732.21 | J27: =TRUNC(H27*F27,2) -> 892.9 | K27: =J27/$J$212 -> 0.0051489363
A28: 1.4.5 | B28: 05.09.007 | C28: CDHU | D28: TAXA DE DESTINAÇÃO DE RESÍDUO SÓLIDO EM ATERRO, TIPO SOLO/TERRA | E28: M3 | F28: 9.26 | G28: 31.25 | H28: =TRUNC(G28*(1+$J$5),2) -> 38.12 | I28: =TRUNC(G28*F28,2) -> 289.37 | J28: =TRUNC(H28*F28,2) -> 352.99 | K28: =J28/$J$212 -> 0.0020355281
H29: TOTAL ITEM | I29: =SUBTOTAL(9,I11:I28) -> 35224.55 | J29: =SUBTOTAL(9,J11:J28) -> 42955.56
A30: 2 | D30: EXECUÇÃO DE PISOS | K30: =I44 -> 32075.45 | L30: =J44 -> 39128.35 | N30: =A30 -> 2 | O30: =IF(L30=SUM(L31:L43),"OK","NOK") -> OK
A31: 2.1 | D31: PISO INTERTRAVADO - PRAÇA | H31: SUBTOTAL | I31: =SUBTOTAL(9,I32:I36) -> 25634.72 | J31: =SUBTOTAL(9,J32:J36) -> 31271.47 | K31: =SUM(I32:I36) -> 25634.72 | L31: =SUM(J32:J36) -> 31271.47
A32: 2.1.1 | B32: 06.01.020 | C32: CDHU | D32: ESCAVAÇÃO MANUAL EM SOLO DE 1ª E 2ª CATEGORIA EM CAMPO ABERTO | E32: M3 | F32: 26.56 | G32: 59.75 | H32: =TRUNC(G32*(1+$J$5),2) -> 72.89 | I32: =TRUNC(G32*F32,2) -> 1586.96 | J32: =TRUNC(H32*F32,2) -> 1935.95 | K32: =J32/$J$212 -> 0.011163717
A33: 2.1.2 | B33: 97084 | C33: SINAPI | D33: COMPACTAÇÃO MECÂNICA DE SOLO PARA EXECUÇÃO DE RADIER, PISO DE CONCRETO OU LAJE SOBRE SOLO, COM COMPACTADOR DE SOLOS TIPO PLACA VIBRATÓRIA. AF_09/2021 | E33: M2 | F33: 166 | G33: 0.95 | H33: =TRUNC(G33*(1+$J$5),2) -> 1.15 | I33: =TRUNC(G33*F33,2) -> 157.7 | J33: =TRUNC(H33*F33,2) -> 190.9 | K33: =J33/$J$212 -> 0.0011008309
A34: 2.1.3 | B34: 11.18.040 | C34: CDHU | D34: LASTRO DE PEDRA BRITADA | E34: M3 | F34: 8.3 | G34: 228.38 | H34: =TRUNC(G34*(1+$J$5),2) -> 278.62 | I34: =TRUNC(G34*F34,2) -> 1895.55 | J34: =TRUNC(H34*F34,2) -> 2312.54 | K34: =J34/$J$212 -> 0.013335335
A35: 2.1.4 | B35: 92396 | C35: SINAPI | D35: EXECUÇÃO DE PASSEIO EM PISO INTERTRAVADO, COM BLOCO RETANGULAR COR NATURAL DE 20 X 10 CM, ESPESSURA 6 CM. AF_10/2022 | E35: M2 | F35: 166 | G35: 113.07 | H35: =TRUNC(G35*(1+$J$5),2) -> 137.94 | I35: =TRUNC(G35*F35,2) -> 18769.62 | J35: =TRUNC(H35*F35,2) -> 22898.04 | K35: =J35/$J$212 -> 0.13204228
A36: 2.1.5 | B36: 54.06.020 | C36: CDHU | D36: GUIA PRÉ-MOLDADA CURVA TIPO PMSP 100 - FCK 25 MPA | E36: M | F36: 47.12 | G36: 68.44 | H36: =TRUNC(G36*(1+$J$5),2) -> 83.49 | I36: =TRUNC(G36*F36,2) -> 3224.89 | J36: =TRUNC(H36*F36,2) -> 3934.04 | K36: =J36/$J$212 -> 0.022685767
A37: 2.2 | D37: CONCRETO - PASSEIO PÚBLICO | H37: SUBTOTAL | I37: =SUBTOTAL(9,I38:I43) -> 6440.73 | J37: =SUBTOTAL(9,J38:J43) -> 7856.88 | K37: =SUM(I38:I43) -> 6440.73 | L37: =SUM(J38:J43) -> 7856.88
A38: 2.2.1 | B38: 06.01.020 | C38: CDHU | D38: ESCAVAÇÃO MANUAL EM SOLO DE 1ª E 2ª CATEGORIA EM CAMPO ABERTO | E38: M3 | F38: 8.08 | G38: 59.75 | H38: =TRUNC(G38*(1+$J$5),2) -> 72.89 | I38: =TRUNC(G38*F38,2) -> 482.78 | J38: =TRUNC(H38*F38,2) -> 588.95 | K38: =J38/$J$212 -> 0.0033961989
A39: 2.2.2 | B39: 97084 | C39: SINAPI | D39: COMPACTAÇÃO MECÂNICA DE SOLO PARA EXECUÇÃO DE RADIER, PISO DE CONCRETO OU LAJE SOBRE SOLO, COM COMPACTADOR DE SOLOS TIPO PLACA VIBRATÓRIA. AF_09/2021 | E39: M2 | F39: 62.17 | G39: 0.95 | H39: =TRUNC(G39*(1+$J$5),2) -> 1.15 | I39: =TRUNC(G39*F39,2) -> 59.06 | J39: =TRUNC(H39*F39,2) -> 71.49 | K39: =J39/$J$212 -> 0.00041224936
A40: 2.2.3 | B40: 11.18.040 | C40: CDHU | D40: LASTRO DE PEDRA BRITADA | E40: M3 | F40: 3.11 | G40: 228.38 | H40: =TRUNC(G40*(1+$J$5),2) -> 278.62 | I40: =TRUNC(G40*F40,2) -> 710.26 | J40: =TRUNC(H40*F40,2) -> 866.5 | K40: =J40/$J$212 -> 0.0049966998
A41: 2.2.4 | B41: 94990 | C41: SINAPI | D41: EXECUÇÃO DE PASSEIO (CALÇADA) OU PISO DE CONCRETO COM CONCRETO MOLDADO IN LOCO, FEITO EM OBRA, ACABAMENTO CONVENCIONAL, NÃO ARMADO. AF_08/2022 | E41: M3 | F41: 4.97 | G41: 827.78 | H41: =TRUNC(G41*(1+$J$5),2) -> 1009.89 | I41: =TRUNC(G41*F41,2) -> 4114.06 | J41: =TRUNC(H41*F41,2) -> 5019.15 | K41: =J41/$J$212 -> 0.028943088
A42: 2.2.5 | B42: 11.20.050 | C42: CDHU | D42: CORTE DE JUNTA DE DILATAÇÃO, COM SERRA DE DISCO DIAMANTADO PARA PISOS | E42: M | F42: 22.8 | G42: 12.03 | H42: =TRUNC(G42*(1+$J$5),2) -> 14.67 | I42: =TRUNC(G42*F42,2) -> 274.28 | J42: =TRUNC(H42*F42,2) -> 334.47 | K42: =J42/$J$212 -> 0.0019287319
A43: 2.2.6 | B43: 105004 | C43: SINAPI | D43: RAMPA DE ACESSIBILIDADE EM CONCRETO MOLDADO IN LOCO, EM CALÇADA NOVA COM LARGURA MENOR À 3,00 M, FCK 25MPA, COM PISO PODOTÁTIL. AF_03/2024 | E43: M2 | F43: 5.76 | G43: 138.94 | H43: =TRUNC(G43*(1+$J$5),2) -> 169.5 | I43: =TRUNC(G43*F43,2) -> 800.29 | J43: =TRUNC(H43*F43,2) -> 976.32 | K43: =J43/$J$212 -> 0.0056299803
H44: TOTAL ITEM | I44: =SUBTOTAL(9,I32:I43) -> 32075.45 | J44: =SUBTOTAL(9,J32:J43) -> 39128.35
A45: 3 | D45: CONTRUÇÃO DE ELEMENTO CENTRAL ELEVADO | K45: =I75 -> 6358.85 | L45: =J75 -> 7757.14 | N45: =A45 -> 3 | O45: =IF(L45=SUM(L46:L74),"OK","NOK") -> OK
A46: 3.1 | D46: FUNDAÇÃO | H46: SUBTOTAL | I46: =SUBTOTAL(9,I47:I51) -> 973.56 | J46: =SUBTOTAL(9,J47:J51) -> 1187.7 | K46: =SUM(I47:I51) -> 973.56 | L46: =SUM(J47:J51) -> 1187.7
A47: 3.1.1 | B47: 06.02.020 | C47: CDHU | D47: ESCAVAÇÃO MANUAL EM SOLO DE 1ª E 2ª CATEGORIA EM VALA OU CAVA ATÉ 1,5 M | E47: M3 | F47: 1.06 | G47: 71.7 | H47: =TRUNC(G47*(1+$J$5),2) -> 87.47 | I47: =TRUNC(G47*F47,2) -> 76 | J47: =TRUNC(H47*F47,2) -> 92.71 | K47: =J47/$J$212 -> 0.00053461516
A48: 3.1.2 | B48: 96622 | C48: SINAPI | D48: LASTRO COM MATERIAL GRANULAR, APLICADO EM PISOS OU LAJES SOBRE SOLO, ESPESSURA DE *5 CM*. AF_01/2024 | E48: M3 | F48: 0.35 | G48: 214.58 | H48: =TRUNC(G48*(1+$J$5),2) -> 261.78 | I48: =TRUNC(G48*F48,2) -> 75.1 | J48: =TRUNC(H48*F48,2) -> 91.62 | K48: =J48/$J$212 -> 0.00052832964
A49: 3.1.3 | B49: 97088 | C49: SINAPI | D49: ARMAÇÃO PARA EXECUÇÃO DE RADIER, PISO DE CONCRETO OU LAJE SOBRE SOLO, COM USO DE TELA Q-92. AF_09/2021 | E49: KG | F49: 10.46 | G49: 15 | H49: =TRUNC(G49*(1+$J$5),2) -> 18.3 | I49: =TRUNC(G49*F49,2) -> 156.9 | J49: =TRUNC(H49*F49,2) -> 191.41 | K49: =J49/$J$212 -> 0.0011037719
A50: 3.1.4 | B50: 97086 | C50: SINAPI | D50: FABRICAÇÃO, MONTAGEM E DESMONTAGEM DE FORMA PARA RADIER, PISO DE CONCRETO OU LAJE SOBRE SOLO, EM MADEIRA SERRADA, 4 UTILIZAÇÕES. AF_09/2021 | E50: M2 | F50: 1.41 | G50: 168.59 | H50: =TRUNC(G50*(1+$J$5),2) -> 205.67 | I50: =TRUNC(G50*F50,2) -> 237.71 | J50: =TRUNC(H50*F50,2) -> 289.99 | K50: =J50/$J$212 -> 0.0016722366
A51: 3.1.5 | B51: 97096 | C51: SINAPI | D51: CONCRETAGEM DE RADIER, PISO DE CONCRETO OU LAJE SOBRE SOLO, FCK 30 MPA - LANÇAMENTO, ADENSAMENTO E ACABAMENTO. AF_09/2021 | E51: M3 | F51: 0.71 | G51: 602.61 | H51: =TRUNC(G51*(1+$J$5),2) -> 735.18 | I51: =TRUNC(G51*F51,2) -> 427.85 | J51: =TRUNC(H51*F51,2) -> 521.97 | K51: =J51/$J$212 -> 0.0030099566
A52: 3.2 | D52: ALVENARIA | H52: SUBTOTAL | I52: =SUBTOTAL(9,I53:I63) -> 2975.72 | J52: =SUBTOTAL(9,J53:J63) -> 3630.13 | K52: =SUM(I53:I63) -> 2975.72 | L52: =SUM(J53:J63) -> 3630.13
A53: 3.2.1 | B53: 89470 | C53: SINAPI | D53: ALVENARIA DE BLOCOS DE CONCRETO ESTRUTURAL 14X19X39 CM (ESPESSURA 14 CM), FBK = 4,5 MPA, UTILIZANDO COLHER DE PEDREIRO. AF_10/2022 | E53: M2 | F53: 7.54 | G53: 116.34 | H53: =TRUNC(G53*(1+$J$5),2) -> 141.93 | I53: =TRUNC(G53*F53,2) -> 877.2 | J53: =TRUNC(H53*F53,2) -> 1070.15 | K53: =J53/$J$212 -> 0.006171054
A54: 3.2.2 | B54: 89996 | C54: SINAPI | D54: ARMAÇÃO VERTICAL DE ALVENARIA ESTRUTURAL; DIÂMETRO DE 10,0 MM. AF_09/2021 | E54: KG | F54: 5 | G54: 9.97 | H54: =TRUNC(G54*(1+$J$5),2) -> 12.16 | I54: =TRUNC(G54*F54,2) -> 49.85 | J54: =TRUNC(H54*F54,2) -> 60.8 | K54: =J54/$J$212 -> 0.00035060513
A55: 3.2.3 | B55: 89993 | C55: SINAPI | D55: GRAUTEAMENTO VERTICAL EM ALVENARIA ESTRUTURAL. AF_09/2021 | E55: M3 | F55: 0.09 | G55: 1159.88 | H55: =TRUNC(G55*(1+$J$5),2) -> 1415.05 | I55: =TRUNC(G55*F55,2) -> 104.38 | J55: =TRUNC(H55*F55,2) -> 127.35 | K55: =J55/$J$212 -> 0.00073436783
A56: 3.2.4 | B56: 105033 | C56: SINAPI | D56: CINTA DE AMARRAÇÃO DE ALVENARIA MOLDADA IN LOCO COM UTILIZAÇÃO DE BLOCOS CANALETA, ESPESSURA DE *15* CM. AF_03/2024 | E56: M | F56: 9.42 | G56: 61.64 | H56: =TRUNC(G56*(1+$J$5),2) -> 75.2 | I56: =TRUNC(G56*F56,2) -> 580.64 | J56: =TRUNC(H56*F56,2) -> 708.38 | K56: =J56/$J$212 -> 0.0040848958
A57: 3.2.5 | B57: 17.02.030 | C57: CDHU | D57: CHAPISCO 1:4 COM AREIA GROSSA | E57: M2 | F57: 7.54 | G57: 7.19 | H57: =TRUNC(G57*(1+$J$5),2) -> 8.77 | I57: =TRUNC(G57*F57,2) -> 54.21 | J57: =TRUNC(H57*F57,2) -> 66.12 | K57: =J57/$J$212 -> 0.00038128308
A58: 3.2.6 | B58: 17.02.120 | C58: CDHU | D58: EMBOÇO COMUM | E58: M2 | F58: 7.54 | G58: 25.62 | H58: =TRUNC(G58*(1+$J$5),2) -> 31.25 | I58: =TRUNC(G58*F58,2) -> 193.17 | J58: =TRUNC(H58*F58,2) -> 235.62 | K58: =J58/$J$212 -> 0.0013587102
A59: 3.2.7 | B59: 17.02.220 | C59: CDHU | D59: REBOCO | E59: M2 | F59: 7.54 | G59: 15.29 | H59: =TRUNC(G59*(1+$J$5),2) -> 18.65 | I59: =TRUNC(G59*F59,2) -> 115.28 | J59: =TRUNC(H59*F59,2) -> 140.62 | K59: =J59/$J$212 -> 0.0008108897
A60: 3.2.8 | B60: 88415 | C60: SINAPI | D60: APLICAÇÃO MANUAL DE FUNDO SELADOR ACRÍLICO EM PAREDES EXTERNAS DE CASAS. AF_03/2024 | E60: M2 | F60: 7.54 | G60: 5.73 | H60: =TRUNC(G60*(1+$J$5),2) -> 6.99 | I60: =TRUNC(G60*F60,2) -> 43.2 | J60: =TRUNC(H60*F60,2) -> 52.7 | K60: =J60/$J$212 -> 0.00030389623
A61: 3.2.9 | B61: 33.10.100 | C61: CDHU | D61: TEXTURA ACRÍLICA PARA USO INTERNO / EXTERNO, INCLUSIVE PREPARO | E61: M2 | F61: 7.54 | G61: 47.66 | H61: =TRUNC(G61*(1+$J$5),2) -> 58.14 | I61: =TRUNC(G61*F61,2) -> 359.35 | J61: =TRUNC(H61*F61,2) -> 438.37 | K61: =J61/$J$212 -> 0.0025278745
A62: 3.2.10 | B62: 95626 | C62: SINAPI | D62: APLICAÇÃO MANUAL DE TINTA LÁTEX ACRÍLICA EM PAREDE EXTERNAS DE CASAS, DUAS DEMÃOS. AF_03/2024 | E62: M2 | F62: 7.54 | G62: 18.57 | H62: =TRUNC(G62*(1+$J$5),2) -> 22.65 | I62: =TRUNC(G62*F62,2) -> 140.01 | J62: =TRUNC(H62*F62,2) -> 170.78 | K62: =J62/$J$212 -> 0.0009848083
A63: 3.2.11 | B63: 102513 | C63: SINAPI | D63: PINTURA DE SÍMBOLOS E TEXTOS COM TINTA ACRÍLICA, DEMARCAÇÃO COM FITA ADESIVA E APLICAÇÃO COM ROLO. AF_05/2021 | E63: M2 | F63: 7.54 | G63: 60.8 | H63: =TRUNC(G63*(1+$J$5),2) -> 74.17 | I63: =TRUNC(G63*F63,2) -> 458.43 | J63: =TRUNC(H63*F63,2) -> 559.24 | K63: =J63/$J$212 -> 0.0032248752
A64: 3.3 | D64: LAJE | H64: SUBTOTAL | I64: =SUBTOTAL(9,I65:I74) -> 2409.57 | J64: =SUBTOTAL(9,J65:J74) -> 2939.31 | K64: =SUM(I65:I74) -> 2409.57 | L64: =SUM(J65:J74) -> 2939.31
A65: 3.3.1 | B65: 13.01.310 | C65: CDHU | D65: LAJE PRÉ-FABRICADA UNIDIRECIONAL EM VIGA TRELIÇADA/LAJOTA EM EPS LT 12 (8 + 4), COM CAPA DE CONCRETO DE 25 MPA | E65: M2 | F65: 7.07 | G65: 181.45 | H65: =TRUNC(G65*(1+$J$5),2) -> 221.36 | I65: =TRUNC(G65*F65,2) -> 1282.85 | J65: =TRUNC(H65*F65,2) -> 1565.01 | K65: =J65/$J$212 -> 0.0090246799
A66: 3.3.2 | B66: 10.02.020 | C66: CDHU | D66: ARMADURA EM TELA SOLDADA DE AÇO | E66: KG | F66: 10.46 | G66: 9.84 | H66: =TRUNC(G66*(1+$J$5),2) -> 12 | I66: =TRUNC(G66*F66,2) -> 102.92 | J66: =TRUNC(H66*F66,2) -> 125.52 | K66: =J66/$J$212 -> 0.00072381507
A67: 3.3.3 | B67: 10.01.040 | C67: CDHU | D67: ARMADURA EM BARRA DE AÇO CA-50 (A OU B) FYK = 500 MPA | E67: KG | F67: 5.29 | G67: 10.27 | H67: =TRUNC(G67*(1+$J$5),2) -> 12.52 | I67: =TRUNC(G67*F67,2) -> 54.32 | J67: =TRUNC(H67*F67,2) -> 66.23 | K67: =J67/$J$212 -> 0.0003819174
A68: 3.3.4 | B68: 32.17.030 | C68: CDHU | D68: IMPERMEABILIZAÇÃO EM ARGAMASSA POLIMÉRICA PARA UMIDADE E ÁGUA DE PERCOLAÇÃO | E68: M2 | F68: 7.07 | G68: 16.16 | H68: =TRUNC(G68*(1+$J$5),2) -> 19.71 | I68: =TRUNC(G68*F68,2) -> 114.25 | J68: =TRUNC(H68*F68,2) -> 139.34 | K68: =J68/$J$212 -> 0.00080350854
A69: 3.3.5 | B69: 17.02.020 | C69: CDHU | D69: CHAPISCO | E69: M2 | F69: 7.07 | G69: 8.1 | H69: =TRUNC(G69*(1+$J$5),2) -> 9.88 | I69: =TRUNC(G69*F69,2) -> 57.26 | J69: =TRUNC(H69*F69,2) -> 69.85 | K69: =J69/$J$212 -> 0.00040279225
A70: 3.3.6 | B70: 17.02.120 | C70: CDHU | D70: EMBOÇO COMUM | E70: M2 | F70: 7.07 | G70: 25.62 | H70: =TRUNC(G70*(1+$J$5),2) -> 31.25 | I70: =TRUNC(G70*F70,2) -> 181.13 | J70: =TRUNC(H70*F70,2) -> 220.93 | K70: =J70/$J$212 -> 0.0012739999
A71: 3.3.7 | B71: 17.02.220 | C71: CDHU | D71: REBOCO | E71: M2 | F71: 7.07 | G71: 15.29 | H71: =TRUNC(G71*(1+$J$5),2) -> 18.65 | I71: =TRUNC(G71*F71,2) -> 108.1 | J71: =TRUNC(H71*F71,2) -> 131.85 | K71: =J71/$J$212 -> 0.00076031722
A72: 3.3.8 | B72: 88415 | C72: SINAPI | D72: APLICAÇÃO MANUAL DE FUNDO SELADOR ACRÍLICO EM PAREDES EXTERNAS DE CASAS. AF_03/2024 | E72: M2 | F72: 7.07 | G72: 5.73 | H72: =TRUNC(G72*(1+$J$5),2) -> 6.99 | I72: =TRUNC(G72*F72,2) -> 40.51 | J72: =TRUNC(H72*F72,2) -> 49.41 | K72: =J72/$J$212 -> 0.00028492434
A73: 3.3.9 | B73: 33.10.100 | C73: CDHU | D73: TEXTURA ACRÍLICA PARA USO INTERNO / EXTERNO, INCLUSIVE PREPARO | E73: M2 | F73: 7.07 | G73: 47.66 | H73: =TRUNC(G73*(1+$J$5),2) -> 58.14 | I73: =TRUNC(G73*F73,2) -> 336.95 | J73: =TRUNC(H73*F73,2) -> 411.04 | K73: =J73/$J$212 -> 0.0023702752
A74: 3.3.10 | B74: 95626 | C74: SINAPI | D74: APLICAÇÃO MANUAL DE TINTA LÁTEX ACRÍLICA EM PAREDE EXTERNAS DE CASAS, DUAS DEMÃOS. AF_03/2024 | E74: M2 | F74: 7.07 | G74: 18.57 | H74: =TRUNC(G74*(1+$J$5),2) -> 22.65 | I74: =TRUNC(G74*F74,2) -> 131.28 | J74: =TRUNC(H74*F74,2) -> 160.13 | K74: =J74/$J$212 -> 0.00092339474
H75: TOTAL ITEM | I75: =SUBTOTAL(9,I47:I74) -> 6358.85 | J75: =SUBTOTAL(9,J47:J74) -> 7757.14
A76: 4 | D76: MONUMENTO EM CONCRETO ARMADO | K76: =I102 -> 19549.52 | L76: =J102 -> 23846.44 | N76: =A76 -> 4 | O76: =IF(L76=SUM(L77:L101),"OK","NOK") -> OK
A77: 4.1 | D77: FUNDAÇÃO | H77: SUBTOTAL | I77: =SUBTOTAL(9,I78:I87) -> 4809.95 | J77: =SUBTOTAL(9,J78:J87) -> 5867.51 | K77: =SUM(I78:I87) -> 4809.95 | L77: =SUM(J78:J87) -> 5867.51
A78: 4.1.1 | B78: 06.02.040 | C78: CDHU | D78: ESCAVAÇÃO MANUAL EM SOLO DE 1ª E 2ª CATEGORIA EM VALA OU CAVA ALÉM DE 1,5 M | E78: M3 | F78: 2.62 | G78: 92.73 | H78: =TRUNC(G78*(1+$J$5),2) -> 113.13 | I78: =TRUNC(G78*F78,2) -> 242.95 | J78: =TRUNC(H78*F78,2) -> 296.4 | K78: =J78/$J$212 -> 0.0017092
A79: 4.1.2 | B79: 12.01.021 | C79: CDHU | D79: BROCA EM CONCRETO ARMADO DIÂMETRO DE 20 CM - COMPLETA | E79: M | F79: 36 | G79: 74.71 | H79: =TRUNC(G79*(1+$J$5),2) -> 91.14 | I79: =TRUNC(G79*F79,2) -> 2689.56 | J79: =TRUNC(H79*F79,2) -> 3281.04 | K79: =J79/$J$212 -> 0.018920222
A80: 4.1.3 | B80: 10.01.040 | C80: CDHU | D80: ARMADURA EM BARRA DE AÇO CA-50 (A OU B) FYK = 500 MPA | E80: KG | F80: 35.82 | G80: 10.27 | H80: =TRUNC(G80*(1+$J$5),2) -> 12.52 | I80: =TRUNC(G80*F80,2) -> 367.87 | J80: =TRUNC(H80*F80,2) -> 448.46 | K80: =J80/$J$212 -> 0.0025860589
A81: 4.1.4 | B81: 96622 | C81: SINAPI | D81: LASTRO COM MATERIAL GRANULAR, APLICADO EM PISOS OU LAJES SOBRE SOLO, ESPESSURA DE *5 CM*. AF_01/2024 | E81: M3 | F81: 0.3 | G81: 214.58 | H81: =TRUNC(G81*(1+$J$5),2) -> 261.78 | I81: =TRUNC(G81*F81,2) -> 64.37 | J81: =TRUNC(H81*F81,2) -> 78.53 | K81: =J81/$J$212 -> 0.00045284574
A82: 4.1.5 | B82: 97088 | C82: SINAPI | D82: ARMAÇÃO PARA EXECUÇÃO DE RADIER, PISO DE CONCRETO OU LAJE SOBRE SOLO, COM USO DE TELA Q-92. AF_09/2021 | E82: KG | F82: 8.79 | G82: 15 | H82: =TRUNC(G82*(1+$J$5),2) -> 18.3 | I82: =TRUNC(G82*F82,2) -> 131.85 | J82: =TRUNC(H82*F82,2) -> 160.85 | K82: =J82/$J$212 -> 0.00092754664
A83: 4.1.6 | B83: 97086 | C83: SINAPI | D83: FABRICAÇÃO, MONTAGEM E DESMONTAGEM DE FORMA PARA RADIER, PISO DE CONCRETO OU LAJE SOBRE SOLO, EM MADEIRA SERRADA, 4 UTILIZAÇÕES. AF_09/2021 | E83: M2 | F83: 2.45 | G83: 168.59 | H83: =TRUNC(G83*(1+$J$5),2) -> 205.67 | I83: =TRUNC(G83*F83,2) -> 413.04 | J83: =TRUNC(H83*F83,2) -> 503.89 | K83: =J83/$J$212 -> 0.0029056977
A84: 4.1.7 | B84: 97096 | C84: SINAPI | D84: CONCRETAGEM DE RADIER, PISO DE CONCRETO OU LAJE SOBRE SOLO, FCK 30 MPA - LANÇAMENTO, ADENSAMENTO E ACABAMENTO. AF_09/2021 | E84: M3 | F84: 1.19 | G84: 602.61 | H84: =TRUNC(G84*(1+$J$5),2) -> 735.18 | I84: =TRUNC(G84*F84,2) -> 717.1 | J84: =TRUNC(H84*F84,2) -> 874.86 | K84: =J84/$J$212 -> 0.005044908
A85: 4.1.8 | B85: 11.16.220 | C85: CDHU | D85: NIVELAMENTO DE PISO EM CONCRETO COM ACABADORA DE SUPERFÍCIE | E85: M2 | F85: 3.96 | G85: 16.82 | H85: =TRUNC(G85*(1+$J$5),2) -> 20.52 | I85: =TRUNC(G85*F85,2) -> 66.6 | J85: =TRUNC(H85*F85,2) -> 81.25 | K85: =J85/$J$212 -> 0.00046853071
A86: 4.1.9 | B86: 102488 | C86: SINAPI | D86: PREPARO DO PISO CIMENTADO PARA PINTURA - LIXAMENTO E LIMPEZA. AF_05/2021 | E86: M2 | F86: 3.96 | G86: 4.76 | H86: =TRUNC(G86*(1+$J$5),2) -> 5.8 | I86: =TRUNC(G86*F86,2) -> 18.84 | J86: =TRUNC(H86*F86,2) -> 22.96 | K86: =J86/$J$212 -> 0.00013239957
A87: 4.1.10 | B87: 102491 | C87: SINAPI | D87: PINTURA DE PISO COM TINTA ACRÍLICA, APLICAÇÃO MANUAL, 2 DEMÃOS, INCLUSO FUNDO PREPARADOR. AF_05/2021 | E87: M2 | F87: 3.96 | G87: 24.69 | H87: =TRUNC(G87*(1+$J$5),2) -> 30.12 | I87: =TRUNC(G87*F87,2) -> 97.77 | J87: =TRUNC(H87*F87,2) -> 119.27 | K87: =J87/$J$212 -> 0.00068777425
A88: 4.2 | D88: ESTRUTURA | H88: SUBTOTAL | I88: =SUBTOTAL(9,I89:I95) -> 11218.83 | J88: =SUBTOTAL(9,J89:J95) -> 13683.82 | K88: =SUM(I89:I95) -> 11218.83 | L88: =SUM(J89:J95) -> 13683.82
A89: 4.2.1 | B89: 10.01.040 | C89: CDHU | D89: ARMADURA EM BARRA DE AÇO CA-50 (A OU B) FYK = 500 MPA | E89: KG | F89: 226.31 | G89: 10.27 | H89: =TRUNC(G89*(1+$J$5),2) -> 12.52 | I89: =TRUNC(G89*F89,2) -> 2324.2 | J89: =TRUNC(H89*F89,2) -> 2833.4 | K89: =J89/$J$212 -> 0.016338891
A90: 4.2.2 | B90: 10.01.060 | C90: CDHU | D90: ARMADURA EM BARRA DE AÇO CA-60 (A OU B) FYK = 600 MPA | E90: KG | F90: 29.4 | G90: 10.65 | H90: =TRUNC(G90*(1+$J$5),2) -> 12.99 | I90: =TRUNC(G90*F90,2) -> 313.11 | J90: =TRUNC(H90*F90,2) -> 381.9 | K90: =J90/$J$212 -> 0.0022022385
A91: 4.2.3 | B91: 91600 | C91: SINAPI | D91: ARMAÇÃO DO SISTEMA DE PAREDES DE CONCRETO, EXECUTADA EM PLATIBANDAS, TELA Q-92. AF_12/2024_PS | E91: KG | F91: 23.44 | G91: 11.13 | H91: =TRUNC(G91*(1+$J$5),2) -> 13.57 | I91: =TRUNC(G91*F91,2) -> 260.88 | J91: =TRUNC(H91*F91,2) -> 318.08 | K91: =J91/$J$212 -> 0.0018342184
A92: 4.2.4 | B92: 09.02.080 | C92: CDHU | D92: FORMA PLANA EM COMPENSADO PARA OBRA DE ARTE, SEM CIMBRAMENTO | E92: M2 | F92: 34.78 | G92: 147.21 | H92: =TRUNC(G92*(1+$J$5),2) -> 179.59 | I92: =TRUNC(G92*F92,2) -> 5119.96 | J92: =TRUNC(H92*F92,2) -> 6246.14 | K92: =J92/$J$212 -> 0.036018565
A93: 4.2.5 | B93: 08.02.050 | C93: CDHU | D93: CIMBRAMENTO TUBULAR METÁLICO | E93: M3MES | F93: 82.25 | G93: 12.62 | H93: =TRUNC(G93*(1+$J$5),2) -> 15.39 | I93: =TRUNC(G93*F93,2) -> 1037.99 | J93: =TRUNC(H93*F93,2) -> 1265.82 | K93: =J93/$J$212 -> 0.0072993913
A94: 4.2.6 | B94: 94965 | C94: SINAPI | D94: CONCRETO FCK = 25MPA, TRAÇO 1:2,3:2,7 (EM MASSA SECA DE CIMENTO/ AREIA MÉDIA/ BRITA 1) - PREPARO MECÂNICO COM BETONEIRA 400 L. AF_05/2021 | E94: M3 | F94: 2.38 | G94: 502.73 | H94: =TRUNC(G94*(1+$J$5),2) -> 613.33 | I94: =TRUNC(G94*F94,2) -> 1196.49 | J94: =TRUNC(H94*F94,2) -> 1459.72 | K94: =J94/$J$212 -> 0.0084175218
A95: 4.2.7 | B95: 103670 | C95: SINAPI | D95: LANÇAMENTO COM USO DE BALDES, ADENSAMENTO E ACABAMENTO DE CONCRETO EM ESTRUTURAS. AF_02/2022 | E95: M3 | F95: 2.38 | G95: 405.97 | H95: =TRUNC(G95*(1+$J$5),2) -> 495.28 | I95: =TRUNC(G95*F95,2) -> 966.2 | J95: =TRUNC(H95*F95,2) -> 1178.76 | K95: =J95/$J$212 -> 0.006797357
A96: 4.3 | D96: ACABAMENTO | H96: SUBTOTAL | I96: =SUBTOTAL(9,I97:I101) -> 3520.74 | J96: =SUBTOTAL(9,J97:J101) -> 4295.11 | K96: =SUM(I97:I101) -> 3520.74 | L96: =SUM(J97:J101) -> 4295.11
A97: 4.3.1 | B97: 33.03.740 | C97: CDHU | D97: RESINA ACRÍLICA PLASTIFICANTE | E97: M2 | F97: 34.78 | G97: 33.11 | H97: =TRUNC(G97*(1+$J$5),2) -> 40.39 | I97: =TRUNC(G97*F97,2) -> 1151.56 | J97: =TRUNC(H97*F97,2) -> 1404.76 | K97: =J97/$J$212 -> 0.0081005932
A98: 4.3.2 | B98: 15.05.540 | C98: CDHU | D98: MOBILIÁRIO EM CONCRETO ARMADO PRÉ-MOLDADO - FCK= 25 MPA | E98: M3 | F98: 0.24 | G98: 3242.96 | H98: =TRUNC(G98*(1+$J$5),2) -> 3956.41 | I98: =TRUNC(G98*F98,2) -> 778.31 | J98: =TRUNC(H98*F98,2) -> 949.53 | K98: =J98/$J$212 -> 0.005475495
A99: 4.3.3 | B99: 24.08.040 | C99: CDHU | D99: CORRIMÃO EM TUBO DE AÇO INOXIDÁVEL ESCOVADO, DIÂMETRO DE 1 1/2´ E MONTANTES COM DIÂMETRO DE 2´ | E99: M | F99: 1.6 | G99: 643.85 | H99: =TRUNC(G99*(1+$J$5),2) -> 785.49 | I99: =TRUNC(G99*F99,2) -> 1030.16 | J99: =TRUNC(H99*F99,2) -> 1256.78 | K99: =J99/$J$212 -> 0.0072472618
A100: 4.3.4 | B100: 97.02.190 | C100: CDHU | D100: PLACA DE IDENTIFICAÇÃO EM ACRÍLICO COM TEXTO EM VINIL | E100: M2 | F100: 0.18 | G100: 1716.68 | H100: =TRUNC(G100*(1+$J$5),2) -> 2094.34 | I100: =TRUNC(G100*F100,2) -> 309 | J100: =TRUNC(H100*F100,2) -> 376.98 | K100: =J100/$J$212 -> 0.0021738672
A101: 4.3.5 | B101: 102513 | C101: SINAPI | D101: PINTURA DE SÍMBOLOS E TEXTOS COM TINTA ACRÍLICA, DEMARCAÇÃO COM FITA ADESIVA E APLICAÇÃO COM ROLO. AF_05/2021 | E101: M2 | F101: 4.14 | G101: 60.8 | H101: =TRUNC(G101*(1+$J$5),2) -> 74.17 | I101: =TRUNC(G101*F101,2) -> 251.71 | J101: =TRUNC(H101*F101,2) -> 307.06 | K101: =J101/$J$212 -> 0.0017706713
H102: TOTAL ITEM | I102: =SUBTOTAL(9,I78:I101) -> 19549.52 | J102: =SUBTOTAL(9,J78:J101) -> 23846.44
...

Sheet Composições Abertas
G2: SERPO
G3: Secretaria de Serviços Públicos e Obras
A4: COMPOSIÇÕES | H4: REV. | I4: 46232
A5: OBRA: | B5: IMPLANTAÇÃO DE PRAÇA VOLTADA À CULTURA ROMANI NO JARDIM EUROPA | H5: BDI Obra: | I5: 0.22
A6: LOCAL: | B6: ALAMEDA ITÁLIA ESQUINA COM RUA YUGOSLAVIA - JARDIM EUROPA, SOROCABA/SP | H6: Área (m²): | I6: 235
A8: TIPO / ITEM | B8: BASE | C8: CÓDIGO / REF. | D8: DESCRIÇÃO | E8: UNID | F8: COEF. / QTD | G8: PREÇO UNIT. | H8: CUSTO TOTAL | I8: CONFERÊNCIA
A9: 1.1.2001 | B9: CDHU | C9: 02.08.1940 | D9: PLACA EM LONA COM IMPRESSÃO DIGITAL E REQUADRO EM METALON | E9: M2 | F9: QTD: 6 | G9: =SUM(H10:H13) -> 450.11 | H9: =TRUNC(G9 * VALUE(SUBSTITUTE(F9,"QTD: ","")), 2) -> 2700.66 | I9: =IF(ROUND(ABS(G9-Orçamento!G11),2)<0.01,"OK","DIVERGENTE") -> OK
A10: INSUMO | B10: CDHU | C10: B.01.000.010144 | D10: SERRALHEIRO | E10: H | F10: 0,5 | G10: 37.91 | H10: =ROUND(F10*G10,2) -> 18.96
A11: INSUMO | B11: CDHU | C11: B.01.000.010145 | D11: AJUDANTE SERRALHEIRO | E11: H | F11: 0,5 | G11: 23.9 | H11: =ROUND(F11*G11,2) -> 11.95
A12: INSUMO | B12: CDHU | C12: N.04.000.039114 | D12: BANNER EM LONA COM IMPRESSÃO DIGITALMENTE, COM BAINHA REFORÇADA E ILHOSES | E12: M2 | F12: 1 | G12: 113.44 | H12: =ROUND(F12*G12,2) -> 113.44
A13: INSUMO | B13: CDHU | C13: N.04.000.039115 | D13: REQUADRO EM METALON PARA BANNER EM LONA IMPRESSO | E13: M | F13: 0,917 | G13: 333.43 | H13: =ROUND(F13*G13,2) -> 305.76
A15: 1.1.2002 | B15: CDHU | C15: 02.01.0180 | D15: BANHEIRO QUÍMICO MODELO STANDARD, COM MANUTENÇÃO CONFORME EXIGÊNCIAS DA CETESB | E15: UNMES | F15: QTD: 4 | G15: =SUM(H16) -> 1259.68 | H15: =TRUNC(G15 * VALUE(SUBSTITUTE(F15,"QTD: ","")), 2) -> 5038.72 | I15: =IF(ROUND(ABS(G15-Orçamento!G12),2)<0.01,"OK","DIVERGENTE") -> OK
A16: INSUMO | B16: CDHU | C16: A.14.000.081900 | D16: BANHEIRO QUÍMICO, MODELO STANDARD, COM LIMPEZA 1 VEZ POR SEMANA E DESCARTE CONFORME EXIGÊNCIAS DA CETESB | E16: UNMES | F16: 1 | G16: 1259.68 | H16: =ROUND(F16*G16,2) -> 1259.68
A18: 1.1.2003 | B18: CDHU | C18: 02.02.0150 | D18: LOCAÇÃO DE CONTAINER TIPO DEPÓSITO - ÁREA MÍNIMA DE 13,80 M² | E18: UNMES | F18: QTD: 4 | G18: =SUM(H19:H22) -> 998.21 | H18: =TRUNC(G18 * VALUE(SUBSTITUTE(F18,"QTD: ","")), 2) -> 3992.84 | I18: =IF(ROUND(ABS(G18-Orçamento!G13),2)<0.01,"OK","DIVERGENTE") -> OK
A19: INSUMO | B19: CDHU | C19: A.12.000.021099 | D19: CONTAINER DEPÓSITO, MÓDULO METÁLICO EM AÇO GALVANIZADO DE 6,0X2,3X2,5M, VÃO LIVRE, PISO DE CONCRETO, CIMENTADO, MADEIRA OU MATERIAL EQUIVALENTE | E19: UNMES | F19: 1 | G19: 900.63 | H19: =ROUND(F19*G19,2) -> 900.63
A20: INSUMO | B20: CDHU | C20: B.01.000.010101 | D20: AJUDANTE GERAL | E20: H | F20: 1,32 | G20: 23.9 | H20: =ROUND(F20*G20,2) -> 31.55
A21: INSUMO | B21: CDHU | C21: B.01.000.010115 | D21: ELETRICISTA | E21: H | F21: 0,99 | G21: 34.83 | H21: =ROUND(F21*G21,2) -> 34.48
A22: INSUMO | B22: CDHU | C22: B.01.000.010116 | D22: AJUDANTE ELETRICISTA | E22: H | F22: 1,32 | G22: 23.9 | H22: =ROUND(F22*G22,2) -> 31.55
A24: 1.1.2004 | B24: SIURB - EDIF | C24: 01-005-040 | D24: TELA PARA PROTEÇÃO DE OBRAS, MALHA 2 MM | E24: M2 | F24: QTD: 150 | G24: 33.53 | H24: =TRUNC(G24 * VALUE(SUBSTITUTE(F24,"QTD: ","")), 2) -> 5029.5 | I24: =IF(ROUND(ABS(G24-Orçamento!G14),2)<0.01,"OK","DIVERGENTE") -> OK
A25: INSUMO | B25: SIURB - EDIF | C25: 2013 | D25: CARPINTEIRO (SGSP) | E25: H | F25: 0,44 | G25: 33.86 | H25: =ROUND(F25*G25,2) -> 14.9
A26: INSUMO | B26: SIURB - EDIF | C26: 2099 | D26: SERVENTE (SGSP) | E26: H | F26: 0,53 | G26: 25.89 | H26: =ROUND(F26*G26,2) -> 13.72
A27: INSUMO | B27: SIURB - EDIF | C27: 11046 | D27: PINUS - PONTALETE DE 3" X 3" - BRUTO | E27: M | F27: 0,06 | G27: 7.58 | H27: =ROUND(F27*G27,2) -> 0.45
A28: INSUMO | B28: SIURB - EDIF | C28: 11066 | D28: PINUS - SARRAFO DE 1" X 4" - BRUTO | E28: M | F28: 0,2 | G28: 3.2 | H28: =ROUND(F28*G28,2) -> 0.64
A29: INSUMO | B29: SIURB - EDIF | C29: 17515 | D29: PREGO 18 X 27 COMUM - POLIDO | E29: Kg | F29: 0,01 | G29: 10.03 | H29: =ROUND(F29*G29,2) -> 0.1
A30: INSUMO | B30: SIURB - EDIF | C30: 38043 | D30: TELA POLIETILENO P/ PROTEÇÃO DE FACHADA-TRAMA 2,2MM | E30: M2 | F30: 1,1 | G30: 3.37 | H30: =ROUND(F30*G30,2) -> 3.71
A32: 1.2.2001 | B32: CDHU | C32: 02.10.1950 | D32: LOCAÇÃO PARA MUROS, CERCAS E ALAMBRADOS | E32: M | F32: QTD: 14,8 | G32: =SUM(H33:H35) -> 1.55 | H32: =TRUNC(G32 * VALUE(SUBSTITUTE(F32,"QTD: ","")), 2) -> 22.94 | I32: =IF(ROUND(ABS(G32-Orçamento!G16),2)<0.01,"OK","DIVERGENTE") -> OK
A33: INSUMO | B33: CDHU | C33: B.01.000.010160 | D33: AJUDANTE DE TOPÓGRAFO | E33: H | F33: 0,012 | G33: 23.9 | H33: =ROUND(F33*G33,2) -> 0.29
A34: INSUMO | B34: CDHU | C34: B.01.000.010185 | D34: TOPOGRAFO | E34: H | F34: 0,004 | G34: 50.21 | H34: =ROUND(F34*G34,2) -> 0.2
A35: INSUMO | B35: CDHU | C35: S.01.000.080352 | D35: VEÍCULO UTILITÁRIO COM CAPACIDADE PARA 9 PESSOAS - 1.600 CC - COND.D | E35: H | F35: 0,01 | G35: 105.87 | H35: =ROUND(F35*G35,2) -> 1.06
A37: 1.2.2002 | B37: CDHU | C37: 02.10.1960 | D37: LOCAÇÃO DE VIAS, CALÇADAS, TANQUES E LAGOAS | E37: M2 | F37: QTD: 228,17 | G37: =SUM(H38:H43) -> 1.89 | H37: =TRUNC(G37 * VALUE(SUBSTITUTE(F37,"QTD: ","")), 2) -> 431.24 | I37: =IF(ROUND(ABS(G37-Orçamento!G17),2)<0.01,"OK","DIVERGENTE") -> OK
A38: INSUMO | B38: CDHU | C38: B.01.000.010160 | D38: AJUDANTE DE TOPÓGRAFO | E38: H | F38: 0,024 | G38: 23.9 | H38: =ROUND(F38*G38,2) -> 0.57
A39: INSUMO | B39: CDHU | C39: B.01.000.010185 | D39: TOPOGRAFO | E39: H | F39: 0,008 | G39: 50.21 | H39: =ROUND(F39*G39,2) -> 0.4
A40: INSUMO | B40: CDHU | C40: D.02.000.021009 | D40: PONTALETE DE CEDRINHO DE 75 MM X 75 MM - 3ª CONSTRUÇÃO | E40: M | F40: 0,0093 | G40: 22.02 | H40: =ROUND(F40*G40,2) -> 0.2
A41: INSUMO | B41: CDHU | C41: E.02.000.026760 | D41: PREGO DIVERSAS BITOLAS (REFERÊNCIA 18 X 27) | E41: KG | F41: 0,001 | G41: 10.22 | H41: =ROUND(F41*G41,2) -> 0.01
A42: INSUMO | B42: CDHU | C42: E.02.000.027025 | D42: ARAME GALVANIZADO Nº 16 BWG | E42: KG | F42: 0,0115 | G42: 15.54 | H42: =ROUND(F42*G42,2) -> 0.18
A43: INSUMO | B43: CDHU | C43: S.01.000.080352 | D43: VEÍCULO UTILITÁRIO COM CAPACIDADE PARA 9 PESSOAS - 1.600 CC - COND.D | E43: H | F43: 0,005 | G43: 105.87 | H43: =ROUND(F43*G43,2) -> 0.53
A45: 1.3.2001 | B45: SINAPI | C45: 98524 | D45: LIMPEZA MANUAL DE VEGETAÇÃO EM TERRENO COM ENXADA. AF_03/2024 | E45: M2 | F45: QTD: 432,08 | G45: =SUM(H46) -> 6.61 | H45: =TRUNC(G45 * VALUE(SUBSTITUTE(F45,"QTD: ","")), 2) -> 2856.04 | I45: =IF(ROUND(ABS(G45-Orçamento!G19),2)<0.01,"OK","DIVERGENTE") -> OK
A46: AUXILIAR (N1) | B46: SINAPI | C46: 88316 | D46: SERVENTE COM ENCARGOS COMPLEMENTARES | E46: H | F46: 0,2132 | G46: 31.04 | H46: =TRUNC(F46*G46,2) -> 6.61 | I46: =IFERROR(IF(ROUND(G46, 2) <> ROUND(VLOOKUP("C"&C46,C:G, 5, FALSE), 2), "VALOR AUXILIAR DIVERGENTE", "OK"), "NÃO ENCONTRADO") -> OK
A48: 1.3.2002 | B48: SINAPI | C48: 100975 | D48: CARGA, MANOBRA E DESCARGA DE SOLOS E MATERIAIS GRANULARES EM CAMINHÃO BASCULANTE 14 M³ - CARGA COM PÁ CARREGADEIRA (CAÇAMBA DE 1,7 A 2,8 M³ / 128 HP) E DESCARGA LIVRE (UNIDADE: M3). AF_02/2026 | E48: M3 | F48: QTD: 122,36 | G48: =SUM(H49:H52) -> 8.75 | H48: =TRUNC(G48 * VALUE(SUBSTITUTE(F48,"QTD: ","")), 2) -> 1070.65 | I48: =IF(ROUND(ABS(G48-Orçamento!G20),2)<0.01,"OK","DIVERGENTE") -> OK
A49: AUXILIAR (N1) | B49: SINAPI | C49: 89877 | D49: CAMINHÃO BASCULANTE 14 M3, COM CAVALO MECÂNICO DE CAPACIDADE MÁXIMA DE TRAÇÃO COMBINADO DE 36000 KG, POTÊNCIA 286 CV, INCLUSIVE SEMIREBOQUE COM CAÇAMBA METÁLICA - CHI DIURNO. AF_12/2014 | E49: CHI | F49: 0,0097073 | G49: 98.62 | H49: =TRUNC(F49*G49,2) -> 0.95 | I49: =IFERROR(IF(ROUND(G49, 2) <> ROUND(VLOOKUP("C"&C49,C:G, 5, FALSE), 2), "VALOR AUXILIAR DIVERGENTE", "OK"), "NÃO ENCONTRADO") -> OK
A50: AUXILIAR (N1) | B50: SINAPI | C50: 89876 | D50: CAMINHÃO BASCULANTE 14 M3, COM CAVALO MECÂNICO DE CAPACIDADE MÁXIMA DE TRAÇÃO COMBINADO DE 36000 KG, POTÊNCIA 286 CV, INCLUSIVE SEMIREBOQUE COM CAÇAMBA METÁLICA - CHP DIURNO. AF_12/2014 | E50: CHP | F50: 0,0157726 | G50: 370.49 | H50: =TRUNC(F50*G50,2) -> 5.84 | I50: =IFERROR(IF(ROUND(G50, 2) <> ROUND(VLOOKUP("C"&C50,C:G, 5, FALSE), 2), "VALOR AUXILIAR DIVERGENTE", "OK"), "NÃO ENCONTRADO") -> OK
A51: AUXILIAR (N1) | B51: SINAPI | C51: 5942 | D51: PÁ CARREGADEIRA SOBRE RODAS, POTÊNCIA LÍQUIDA 128 HP, CAPACIDADE DA CAÇAMBA 1,7 A 2,8 M3, PESO OPERACIONAL 11632 KG - CHI DIURNO. AF_06/2014 | E51: CHI | F51: 0,0076385 | G51: 84.99 | H51: =TRUNC(F51*G51,2) -> 0.64 | I51: =IFERROR(IF(ROUND(G51, 2) <> ROUND(VLOOKUP("C"&C51,C:G, 5, FALSE), 2), "VALOR AUXILIAR DIVERGENTE", "OK"), "NÃO ENCONTRADO") -> OK
A52: AUXILIAR (N1) | B52: SINAPI | C52: 5940 | D52: PÁ CARREGADEIRA SOBRE RODAS, POTÊNCIA LÍQUIDA 128 HP, CAPACIDADE DA CAÇAMBA 1,7 A 2,8 M3, PESO OPERACIONAL 11632 KG - CHP DIURNO. AF_06/2014 | E52: CHP | F52: 0,0071195 | G52: 185.45 | H52: =TRUNC(F52*G52,2) -> 1.32 | I52: =IFERROR(IF(ROUND(G52, 2) <> ROUND(VLOOKUP("C"&C52,C:G, 5, FALSE), 2), "VALOR AUXILIAR DIVERGENTE", "OK"), "NÃO ENCONTRADO") -> OK
A54: 1.3.2003 | B54: SINAPI | C54: 95876 | D54: TRANSPORTE COM CAMINHÃO BASCULANTE DE 14 M³, EM VIA URBANA PAVIMENTADA, DMT ATÉ 30 KM (UNIDADE: M3XKM). AF_02/2026 | E54: M3XKM | F54: QTD: 1835,4 | G54: =SUM(H55:H56) -> 2.53 | H54: =TRUNC(G54 * VALUE(SUBSTITUTE(F54,"QTD: ","")), 2) -> 4643.56 | I54: =IF(ROUND(ABS(G54-Orçamento!G21),2)<0.01,"OK","DIVERGENTE") -> OK
A55: AUXILIAR (N1) | B55: SINAPI | C55: 89877 | D55: CAMINHÃO BASCULANTE 14 M3, COM CAVALO MECÂNICO DE CAPACIDADE MÁXIMA DE TRAÇÃO COMBINADO DE 36000 KG, POTÊNCIA 286 CV, INCLUSIVE SEMIREBOQUE COM CAÇAMBA METÁLICA - CHI DIURNO. AF_12/2014 | E55: CHI | F55: 0,0023338 | G55: 98.62 | H55: =TRUNC(F55*G55,2) -> 0.23 | I55: =IFERROR(IF(ROUND(G55, 2) <> ROUND(VLOOKUP("C"&C55,C:G, 5, FALSE), 2), "VALOR AUXILIAR DIVERGENTE", "OK"), "NÃO ENCONTRADO") -> OK
A56: AUXILIAR (N1) | B56: SINAPI | C56: 89876 | D56: CAMINHÃO BASCULANTE 14 M3, COM CAVALO MECÂNICO DE CAPACIDADE MÁXIMA DE TRAÇÃO COMBINADO DE 36000 KG, POTÊNCIA 286 CV, INCLUSIVE SEMIREBOQUE COM CAÇAMBA METÁLICA - CHP DIURNO. AF_12/2014 | E56: CHP | F56: 0,0062112 | G56: 370.49 | H56: =TRUNC(F56*G56,2) -> 2.3 | I56: =IFERROR(IF(ROUND(G56, 2) <> ROUND(VLOOKUP("C"&C56,C:G, 5, FALSE), 2), "VALOR AUXILIAR DIVERGENTE", "OK"), "NÃO ENCONTRADO") -> OK
A58: 1.3.2004 | B58: CDHU | C58: 05.09.2007 | D58: TAXA DE DESTINAÇÃO DE RESÍDUO SÓLIDO EM ATERRO, TIPO SOLO/TERRA | E58: M3 | F58: QTD: 122,36 | G58: =SUM(H59) -> 31.25 | H58: =TRUNC(G58 * VALUE(SUBSTITUTE(F58,"QTD: ","")), 2) -> 3823.75 | I58: =IF(ROUND(ABS(G58-Orçamento!G22),2)<0.01,"OK","DIVERGENTE") -> OK
A59: INSUMO | B59: CDHU | C59: A.05.000.020306 | D59: TAXA DE DESTINAÇÃO DE RESÍDUO SÓLIDO EM ATERRO, TIPO SOLO/TERRA | E59: M3 | F59: 1 | G59: 31.25 | H59: =ROUND(F59*G59,2) -> 31.25
A61: 1.4.2001 | B61: CDHU | C61: 06.01.2020 | D61: ESCAVAÇÃO MANUAL EM SOLO DE 1ª E 2ª CATEGORIA EM CAMPO ABERTO | E61: M3 | F61: QTD: 56,35 | G61: =SUM(H62) -> 59.75 | H61: =TRUNC(G61 * VALUE(SUBSTITUTE(F61,"QTD: ","")), 2) -> 3366.91 | I61: =IF(ROUND(ABS(G61-Orçamento!G24),2)<0.01,"OK","DIVERGENTE") -> OK
A62: INSUMO | B62: CDHU | C62: B.01.000.010146 | D62: SERVENTE | E62: H | F62: 2,5 | G62: 23.9 | H62: =ROUND(F62*G62,2) -> 59.75
A64: 1.4.2002 | B64: SINAPI | C64: 100977 | D64: CARGA, MANOBRA E DESCARGA DE SOLOS E MATERIAIS GRANULARES EM CAMINHÃO BASCULANTE 6 M³ - CARGA COM ESCAVADEIRA HIDRÁULICA (CAÇAMBA DE 1,20 M³ / 155 HP) E DESCARGA LIVRE (UNIDADE: M3). AF_02/2026 | E64: M3 | F64: QTD: 70,44 | G64: =SUM(H65:H68) -> 8.78 | H64: =TRUNC(G64 * VALUE(SUBSTITUTE(F64,"QTD: ","")), 2) -> 618.46 | I64: =IF(ROUND(ABS(G64-Orçamento!G25),2)<0.01,"OK","DIVERGENTE") -> OK
A65: AUXILIAR (N1) | B65: SINAPI | C65: 88908 | D65: ESCAVADEIRA HIDRÁULICA SOBRE ESTEIRAS, CAÇAMBA 1,20 M3, PESO OPERACIONAL 21 T, POTÊNCIA BRUTA 155 HP - CHI DIURNO. AF_06/2014 | E65: CHI | F65: 0,0131061 | G65: 114.72 | H65: =TRUNC(F65*G65,2) -> 1.5 | I65: =IFERROR(IF(ROUND(G65, 2) <> ROUND(VLOOKUP("C"&C65,C:G, 5, FALSE), 2), "VALOR AUXILIAR DIVERGENTE", "OK"), "NÃO ENCONTRADO") -> OK
A66: AUXILIAR (N1) | B66: SINAPI | C66: 88907 | D66: ESCAVADEIRA HIDRÁULICA SOBRE ESTEIRAS, CAÇAMBA 1,20 M3, PESO OPERACIONAL 21 T, POTÊNCIA BRUTA 155 HP - CHP DIURNO. AF_06/2014 | E66: CHP | F66: 0,0040582 | G66: 286.04 | H66: =TRUNC(F66*G66,2) -> 1.16 | I66: =IFERROR(IF(ROUND(G66, 2) <> ROUND(VLOOKUP("C"&C66,C:G, 5, FALSE), 2), "VALOR AUXILIAR DIVERGENTE", "OK"), "NÃO ENCONTRADO") -> OK
A67: AUXILIAR (N1) | B67: SINAPI | C67: 67827 | D67: CAMINHÃO BASCULANTE 6 M3 TOCO, PESO BRUTO TOTAL 16.000 KG, CARGA ÚTIL MÁXIMA 11.130 KG, DISTÂNCIA ENTRE EIXOS 5,36 M, POTÊNCIA 185 CV, INCLUSIVE CAÇAMBA METÁLICA - CHI DIURNO. AF_06/2014 | E67: CHI | F67: 0,0172911 | G67: 76.14 | H67: =TRUNC(F67*G67,2) -> 1.31 | I67: =IFERROR(IF(ROUND(G67, 2) <> ROUND(VLOOKUP("C"&C67,C:G, 5, FALSE), 2), "VALOR AUXILIAR DIVERGENTE", "OK"), "NÃO ENCONTRADO") -> OK
A68: AUXILIAR (N1) | B68: SINAPI | C68: 67826 | D68: CAMINHÃO BASCULANTE 6 M3 TOCO, PESO BRUTO TOTAL 16.000 KG, CARGA ÚTIL MÁXIMA 11.130 KG, DISTÂNCIA ENTRE EIXOS 5,36 M, POTÊNCIA 185 CV, INCLUSIVE CAÇAMBA METÁLICA - CHP DIURNO. AF_06/2014 | E68: CHP | F68: 0,0225393 | G68: 213.53 | H68: =TRUNC(F68*G68,2) -> 4.81 | I68: =IFERROR(IF(ROUND(G68, 2) <> ROUND(VLOOKUP("C"&C68,C:G, 5, FALSE), 2), "VALOR AUXILIAR DIVERGENTE", "OK"), "NÃO ENCONTRADO") -> OK
A70: 1.4.2003 | B70: SINAPI | C70: 97914 | D70: TRANSPORTE COM CAMINHÃO BASCULANTE DE 6 M³, EM VIA URBANA PAVIMENTADA, DMT ATÉ 30 KM (UNIDADE: M3XKM). AF_02/2026 | E70: M3XKM | F70: QTD: 173,63 | G70: =SUM(H71:H72) -> 3.5 | H70: =TRUNC(G70 * VALUE(SUBSTITUTE(F70,"QTD: ","")), 2) -> 607.7 | I70: =IF(ROUND(ABS(G70-Orçamento!G26),2)<0.01,"OK","DIVERGENTE") -> OK
A71: AUXILIAR (N1) | B71: SINAPI | C71: 67827 | D71: CAMINHÃO BASCULANTE 6 M3 TOCO, PESO BRUTO TOTAL 16.000 KG, CARGA ÚTIL MÁXIMA 11.130 KG, DISTÂNCIA ENTRE EIXOS 5,36 M, POTÊNCIA 185 CV, INCLUSIVE CAÇAMBA METÁLICA - CHI DIURNO. AF_06/2014 | E71: CHI | F71: 0,0054454 | G71: 76.14 | H71: =TRUNC(F71*G71,2) -> 0.41 | I71: =IFERROR(IF(ROUND(G71, 2) <> ROUND(VLOOKUP("C"&C71,C:G, 5, FALSE), 2), "VALOR AUXILIAR DIVERGENTE", "OK"), "NÃO ENCONTRADO") -> OK
A72: AUXILIAR (N1) | B72: SINAPI | C72: 67826 | D72: CAMINHÃO BASCULANTE 6 M3 TOCO, PESO BRUTO TOTAL 16.000 KG, CARGA ÚTIL MÁXIMA 11.130 KG, DISTÂNCIA ENTRE EIXOS 5,36 M, POTÊNCIA 185 CV, INCLUSIVE CAÇAMBA METÁLICA - CHP DIURNO. AF_06/2014 | E72: CHP | F72: 0,0144928 | G72: 213.53 | H72: =TRUNC(F72*G72,2) -> 3.09 | I72: =IFERROR(IF(ROUND(G72, 2) <> ROUND(VLOOKUP("C"&C72,C:G, 5, FALSE), 2), "VALOR AUXILIAR DIVERGENTE", "OK"), "NÃO ENCONTRADO") -> OK
A74: 1.4.2004 | B74: CDHU | C74: 07.12.1930 | D74: COMPACTAÇÃO DE ATERRO MECANIZADO A 100% PN, SEM FORNECIMENTO DE SOLO EM CAMPO ABERTO | E74: M3 | F74: QTD: 58,86 | G74: =SUM(H75:H80) -> 12.44 | H74: =TRUNC(G74 * VALUE(SUBSTITUTE(F74,"QTD: ","")), 2) -> 732.21 | I74: =IF(ROUND(ABS(G74-Orçamento!G27),2)<0.01,"OK","DIVERGENTE") -> OK
A75: INSUMO | B75: CDHU | C75: B.01.000.010146 | D75: SERVENTE | E75: H | F75: 0,0066 | G75: 23.9 | H75: =ROUND(F75*G75,2) -> 0.16
A76: INSUMO | B76: CDHU | C76: S.01.000.080102 | D76: CAMINHÃO COM IRRIGADEIRA E AUTOBOMBA, CAPACIDADE MÍNIMA DE 6.000 LITROS - COND.D | E76: H | F76: 0,0149 | G76: 226.31 | H76: =ROUND(F76*G76,2) -> 3.37
A77: INSUMO | B77: CDHU | C77: S.01.000.080330 | D77: ROLO COMPACTADOR VIBRATÓRIO COM PÉ DE CARNEIRO EM AÇO, POTÊNCIA 121 A 127HP (90 A 93 KW), REF. CA25PD DYNAPAC OU EQUIVALENTE | E77: H | F77: 0,0071 | G77: 397.34 | H77: =ROUND(F77*G77,2) -> 2.82
A78: INSUMO | B78: CDHU | C78: S.01.000.080332 | D78: MOTONIVELADORA COM ESCARIFICADOR POTÊNCIA 140HP (104KW), REF. CAT 120H DA CATERPILLAR OU EQUIVALENTE | E78: H | F78: 0,0038 | G78: 303.56 | H78: =ROUND(F78*G78,2) -> 1.15
A79: INSUMO | B79: CDHU | C79: S.01.000.080337 | D79: ROLO COMPACTADOR AUTOPROPELIDO, VIBRATÓRIO EM AÇO, CILINDROS LISOS EM TANDEM, POTÊNCIA 80 HP (59 KW); REF. CC21 DYNAPAC 6 TONELADAS OU EQUIVALENTE | E79: H | F79: 0,015 | G79: 186.99 | H79: =ROUND(F79*G79,2) -> 2.8
A80: INSUMO | B80: CDHU | C80: S.01.000.080344 | D80: TRATOR SOBRE ESTEIRAS POTÊNCIA 76 A 88HP (56 A 64,9KW), REF. D4 DA KOMATSU OU EQUIVALENTE | E80: H | F80: 0,0071 | G80: 301.91 | H80: =ROUND(F80*G80,2) -> 2.14
A82: 1.4.2005 | B82: CDHU | C82: 05.09.2007 | D82: TAXA DE DESTINAÇÃO DE RESÍDUO SÓLIDO EM ATERRO, TIPO SOLO/TERRA | E82: M3 | F82: QTD: 9,26 | G82: =SUM(H83) -> 31.25 | H82: =TRUNC(G82 * VALUE(SUBSTITUTE(F82,"QTD: ","")), 2) -> 289.37 | I82: =IF(ROUND(ABS(G82-Orçamento!G28),2)<0.01,"OK","DIVERGENTE") -> OK
A83: INSUMO | B83: CDHU | C83: A.05.000.020306 | D83: TAXA DE DESTINAÇÃO DE RESÍDUO SÓLIDO EM ATERRO, TIPO SOLO/TERRA | E83: M3 | F83: 1 | G83: 31.25 | H83: =ROUND(F83*G83,2) -> 31.25
A85: SUBTOTAL 1 | D85: SUBTOTAL DO GRUPO 1 | H85: =SUMIFS(H8:H84,A8:A84,"1.*",A8:A84,"<>INSUMO",A8:A84,"<>AUXILIAR*") -> 35224.55
A87: 2.1.2001 | B87: CDHU | C87: 06.01.2020 | D87: ESCAVAÇÃO MANUAL EM SOLO DE 1ª E 2ª CATEGORIA EM CAMPO ABERTO | E87: M3 | F87: QTD: 26,56 | G87: =SUM(H88) -> 59.75 | H87: =TRUNC(G87 * VALUE(SUBSTITUTE(F87,"QTD: ","")), 2) -> 1586.96 | I87: =IF(ROUND(ABS(G87-Orçamento!G32),2)<0.01,"OK","DIVERGENTE") -> OK
A88: INSUMO | B88: CDHU | C88: B.01.000.010146 | D88: SERVENTE | E88: H | F88: 2,5 | G88: 23.9 | H88: =ROUND(F88*G88,2) -> 59.75
A90: 2.1.2002 | B90: SINAPI | C90: 97084 | D90: COMPACTAÇÃO MECÂNICA DE SOLO PARA EXECUÇÃO DE RADIER, PISO DE CONCRETO OU LAJE SOBRE SOLO, COM COMPACTADOR DE SOLOS TIPO PLACA VIBRATÓRIA. AF_09/2021 | E90: M2 | F90: QTD: 166 | G90: =SUM(H91:H93) -> 0.95 | H90: =TRUNC(G90 * VALUE(SUBSTITUTE(F90,"QTD: ","")), 2) -> 157.7 | I90: =IF(ROUND(ABS(G90-Orçamento!G33),2)<0.01,"OK","DIVERGENTE") -> OK
A91: AUXILIAR (N1) | B91: SINAPI | C91: 91277 | D91: PLACA VIBRATÓRIA REVERSÍVEL COM MOTOR 4 TEMPOS A GASOLINA, FORÇA CENTRÍFUGA DE 25 KN (2500 KGF), POTÊNCIA 5,5 CV - CHP DIURNO. AF_08/2015 | E91: CHP | F91: 0,005 | G91: 10.72 | H91: =TRUNC(F91*G91,2) -> 0.05 | I91: =IFERROR(IF(ROUND(G91, 2) <> ROUND(VLOOKUP("C"&C91,C:G, 5, FALSE), 2), "VALOR AUXILIAR DIVERGENTE", "OK"), "NÃO ENCONTRADO") -> OK
A92: AUXILIAR (N1) | B92: SINAPI | C92: 88316 | D92: SERVENTE COM ENCARGOS COMPLEMENTARES | E92: H | F92: 0,019 | G92: 31.04 | H92: =TRUNC(F92*G92,2) -> 0.58 | I92: =IFERROR(IF(ROUND(G92, 2) <> ROUND(VLOOKUP("C"&C92,C:G, 5, FALSE), 2), "VALOR AUXILIAR DIVERGENTE", "OK"), "NÃO ENCONTRADO") -> OK
A93: AUXILIAR (N1) | B93: SINAPI | C93: 88309 | D93: PEDREIRO COM ENCARGOS COMPLEMENTARES | E93: H | F93: 0,009 | G93: 35.87 | H93: =TRUNC(F93*G93,2) -> 0.32 | I93: =IFERROR(IF(ROUND(G93, 2) <> ROUND(VLOOKUP("C"&C93,C:G, 5, FALSE), 2), "VALOR AUXILIAR DIVERGENTE", "OK"), "NÃO ENCONTRADO") -> OK
A95: 2.1.2003 | B95: CDHU | C95: 11.18.040 | D95: LASTRO DE PEDRA BRITADA | E95: M3 | F95: QTD: 8,3 | G95: =SUM(H96:H97) -> 228.38 | H95: =TRUNC(G95 * VALUE(SUBSTITUTE(F95,"QTD: ","")), 2) -> 1895.55 | I95: =IF(ROUND(ABS(G95-Orçamento!G34),2)<0.01,"OK","DIVERGENTE") -> OK
A96: INSUMO | B96: CDHU | C96: B.01.000.010146 | D96: SERVENTE | E96: H | F96: 1,5 | G96: 23.9 | H96: =ROUND(F96*G96,2) -> 35.85
A97: INSUMO | B97: CDHU | C97: B.05.000.020518 | D97: PEDRA BRITADA Nº MÉDIOS 1.2.3 E 4 (A GRANEL) | E97: M3 | F97: 1,2 | G97: 160.44 | H97: =ROUND(F97*G97,2) -> 192.53
A99: 2.1.2004 | B99: SINAPI | C99: 92396 | D99: EXECUÇÃO DE PASSEIO EM PISO INTERTRAVADO, COM BLOCO RETANGULAR COR NATURAL DE 20 X 10 CM, ESPESSURA 6 CM. AF_10/2022 | E99: M2 | F99: QTD: 166 | G99: =SUM(H100:H108) -> 113.07 | H99: =TRUNC(G99 * VALUE(SUBSTITUTE(F99,"QTD: ","")), 2) -> 18769.62 | I99: =IF(ROUND(ABS(G99-Orçamento!G35),2)<0.01,"OK","DIVERGENTE") -> OK
A100: AUXILIAR (N1) | B100: SINAPI | C100: 91285 | D100: CORTADORA DE PISO COM MOTOR 4 TEMPOS A GASOLINA, POTÊNCIA DE 13 HP, COM DISCO DE CORTE DIAMANTADO SEGMENTADO PARA CONCRETO, DIÂMETRO DE 350 MM, FURO DE 1" (14 X 1") - CHI DIURNO. AF_08/2015 | E100: CHI | F100: 0,1371 | G100: 0.47 | H100: =TRUNC(F100*G100,2) -> 0.06 | I100: =IFERROR(IF(ROUND(G100, 2) <> ROUND(VLOOKUP("C"&C100,C:G, 5, FALSE), 2), "VALOR AUXILIAR DIVERGENTE", "OK"), "NÃO ENCONTRADO") -> OK
A101: AUXILIAR (N1) | B101: SINAPI | C101: 91283 | D101: CORTADORA DE PISO COM MOTOR 4 TEMPOS A GASOLINA, POTÊNCIA DE 13 HP, COM DISCO DE CORTE DIAMANTADO SEGMENTADO PARA CONCRETO, DIÂMETRO DE 350 MM, FURO DE 1" (14 X 1") - CHP DIURNO. AF_08/2015 | E101: CHP | F101: 0,0491 | G101: 10.35 | H101: =TRUNC(F101*G101,2) -> 0.5 | I101: =IFERROR(IF(ROUND(G101, 2) <> ROUND(VLOOKUP("C"&C101,C:G, 5, FALSE), 2), "VALOR AUXILIAR DIVERGENTE", "OK"), "NÃO ENCONTRADO") -> OK
A102: AUXILIAR (N1) | B102: SINAPI | C102: 91278 | D102: PLACA VIBRATÓRIA REVERSÍVEL COM MOTOR 4 TEMPOS A GASOLINA, FORÇA CENTRÍFUGA DE 25 KN (2500 KGF), POTÊNCIA 5,5 CV - CHI DIURNO. AF_08/2015 | E102: CHI | F102: 0,1821 | G102: 0.71 | H102: =TRUNC(F102*G102,2) -> 0.12 | I102: =IFERROR(IF(ROUND(G102, 2) <> ROUND(VLOOKUP("C"&C102,C:G, 5, FALSE), 2), "VALOR AUXILIAR DIVERGENTE", "OK"), "NÃO ENCONTRADO") -> OK
A103: AUXILIAR (N1) | B103: SINAPI | C103: 91277 | D103: PLACA VIBRATÓRIA REVERSÍVEL COM MOTOR 4 TEMPOS A GASOLINA, FORÇA CENTRÍFUGA DE 25 KN (2500 KGF), POTÊNCIA 5,5 CV - CHP DIURNO. AF_08/2015 | E103: CHP | F103: 0,0041 | G103: 10.72 | H103: =TRUNC(F103*G103,2) -> 0.04 | I103: =IFERROR(IF(ROUND(G103, 2) <> ROUND(VLOOKUP("C"&C103,C:G, 5, FALSE), 2), "VALOR AUXILIAR DIVERGENTE", "OK"), "NÃO ENCONTRADO") -> OK
A104: AUXILIAR (N1) | B104: SINAPI | C104: 88316 | D104: SERVENTE COM ENCARGOS COMPLEMENTARES | E104: H | F104: 0,3725 | G104: 31.04 | H104: =TRUNC(F104*G104,2) -> 11.56 | I104: =IFERROR(IF(ROUND(G104, 2) <> ROUND(VLOOKUP("C"&C104,C:G, 5, FALSE), 2), "VALOR AUXILIAR DIVERGENTE", "OK"), "NÃO ENCONTRADO") -> OK
A105: AUXILIAR (N1) | B105: SINAPI | C105: 88260 | D105: CALCETEIRO COM ENCARGOS COMPLEMENTARES | E105: H | F105: 0,3725 | G105: 35.6 | H105: =TRUNC(F105*G105,2) -> 13.26 | I105: =IFERROR(IF(ROUND(G105, 2) <> ROUND(VLOOKUP("C"&C105,C:G, 5, FALSE), 2), "VALOR AUXILIAR DIVERGENTE", "OK"), "NÃO ENCONTRADO") -> OK
A106: INSUMO | B106: SINAPI | C106: 36155 | D106: BLOQUETE/PISO INTERTRAVADO DE CONCRETO - MODELO ONDA/16 FACES/RETANGULAR/TIJOLINHO/PAVER/HOLANDES/PARALELEPIPEDO, *20 X 10* CM, E = 6 CM, RESISTENCIA DE 35 MPA, COR NATURAL | E106: M2 | F106: 1,03 | G106: 79.14 | H106: =TRUNC(F106*G106,2) -> 81.51
A107: INSUMO | B107: SINAPI | C107: 4741 | D107: PO DE PEDRA (POSTO PEDREIRA/FORNECEDOR, SEM FRETE) | E107: M3 | F107: 0,0098 | G107: 82.27 | H107: =TRUNC(F107*G107,2) -> 0.8
A108: INSUMO | B108: SINAPI | C108: 370 | D108: AREIA MEDIA - POSTO JAZIDA/FORNECEDOR (RETIRADO NA JAZIDA, SEM TRANSPORTE) | E108: M3 | F108: 0,0568 | G108: 92 | H108: =TRUNC(F108*G108,2) -> 5.22
A110: 2.1.2005 | B110: CDHU | C110: 54.06.020 | D110: GUIA PRÉ-MOLDADA CURVA TIPO PMSP 100 - FCK 25 MPA | E110: M | F110: QTD: 47,12 | G110: =SUM(H111:H116) -> 68.44 | H110: =TRUNC(G110 * VALUE(SUBSTITUTE(F110,"QTD: ","")), 2) -> 3224.89 | I110: =IF(ROUND(ABS(G110-Orçamento!G36),2)<0.01,"OK","DIVERGENTE") -> OK
A111: INSUMO | B111: CDHU | C111: B.01.000.010139 | D111: PEDREIRO | E111: H | F111: 0,2 | G111: 29.08 | H111: =ROUND(F111*G111,2) -> 5.82
A112: INSUMO | B112: CDHU | C112: B.01.000.010146 | D112: SERVENTE | E112: H | F112: 0,36 | G112: 23.9 | H112: =ROUND(F112*G112,2) -> 8.6
A113: INSUMO | B113: CDHU | C113: B.02.000.020508 | D113: CIMENTO CPII-E-32 (SACOS DE 50 KG) | E113: KG | F113: 2,916 | G113: 0.67 | H113: =ROUND(F113*G113,2) -> 1.95
A114: INSUMO | B114: CDHU | C114: B.04.000.020503 | D114: AREIA MÉDIA LAVADA (A GRANEL CAÇAMBA FECHADA) | E114: M3 | F114: 0,0073 | G114: 174.05 | H114: =ROUND(F114*G114,2) -> 1.27
A115: INSUMO | B115: CDHU | C115: C.04.000.020536 | D115: CONCRETO USINADO FCK= 25 MPA, SLUMP 5 ± 1CM | E115: M3 | F115: 0,0164 | G115: 497.15 | H115: =ROUND(F115*G115,2) -> 8.15
A116: INSUMO | B116: CDHU | C116: C.10.000.036525 | D116: GUIA PRÉ-MOLDADA CURVA, PADRÃO PMSP 100, FCK 25 MPA | E116: M | F116: 1,04 | G116: 41.01 | H116: =ROUND(F116*G116,2) -> 42.65
A118: 2.2.2001 | B118: CDHU | C118: 06.01.2020 | D118: ESCAVAÇÃO MANUAL EM SOLO DE 1ª E 2ª CATEGORIA EM CAMPO ABERTO | E118: M3 | F118: QTD: 8,08 | G118: =SUM(H119) -> 59.75 | H118: =TRUNC(G118 * VALUE(SUBSTITUTE(F118,"QTD: ","")), 2) -> 482.78 | I118: =IF(ROUND(ABS(G118-Orçamento!G38),2)<0.01,"OK","DIVERGENTE") -> OK
A119: INSUMO | B119: CDHU | C119: B.01.000.010146 | D119: SERVENTE | E119: H | F119: 2,5 | G119: 23.9 | H119: =ROUND(F119*G119,2) -> 59.75
A121: 2.2.2002 | B121: SINAPI | C121: 97084 | D121: COMPACTAÇÃO MECÂNICA DE SOLO PARA EXECUÇÃO DE RADIER, PISO DE CONCRETO OU LAJE SOBRE SOLO, COM COMPACTADOR DE SOLOS TIPO PLACA VIBRATÓRIA. AF_09/2021 | E121: M2 | F121: QTD: 62,17 | G121: =SUM(H122:H124) -> 0.95 | H121: =TRUNC(G121 * VALUE(SUBSTITUTE(F121,"QTD: ","")), 2) -> 59.06 | I121: =IF(ROUND(ABS(G121-Orçamento!G39),2)<0.01,"OK","DIVERGENTE") -> OK
A122: AUXILIAR (N1) | B122: SINAPI | C122: 91277 | D122: PLACA VIBRATÓRIA REVERSÍVEL COM MOTOR 4 TEMPOS A GASOLINA, FORÇA CENTRÍFUGA DE 25 KN (2500 KGF), POTÊNCIA 5,5 CV - CHP DIURNO. AF_08/2015 | E122: CHP | F122: 0,005 | G122: 10.72 | H122: =TRUNC(F122*G122,2) -> 0.05 | I122: =IFERROR(IF(ROUND(G122, 2) <> ROUND(VLOOKUP("C"&C122,C:G, 5, FALSE), 2), "VALOR AUXILIAR DIVERGENTE", "OK"), "NÃO ENCONTRADO") -> OK
A123: AUXILIAR (N1) | B123: SINAPI | C123: 88316 | D123: SERVENTE COM ENCARGOS COMPLEMENTARES | E123: H | F123: 0,019 | G123: 31.04 | H123: =TRUNC(F123*G123,2) -> 0.58 | I123: =IFERROR(IF(ROUND(G123, 2) <> ROUND(VLOOKUP("C"&C123,C:G, 5, FALSE), 2), "VALOR AUXILIAR DIVERGENTE", "OK"), "NÃO ENCONTRADO") -> OK
A124: AUXILIAR (N1) | B124: SINAPI | C124: 88309 | D124: PEDREIRO COM ENCARGOS COMPLEMENTARES | E124: H | F124: 0,009 | G124: 35.87 | H124: =TRUNC(F124*G124,2) -> 0.32 | I124: =IFERROR(IF(ROUND(G124, 2) <> ROUND(VLOOKUP("C"&C124,C:G, 5, FALSE), 2), "VALOR AUXILIAR DIVERGENTE", "OK"), "NÃO ENCONTRADO") -> OK
...

Sheet CRON. AUXILIAR
A1: NÃO ALTERAR ESSA ABA, TRATA-SE DE BASE DE DADOS PARA AS DEMAIS. NÃO É NECESSÁRIA A IMPRESSÃO.
O6: =COLUMN() -> 15 | Q6: =COLUMN() -> 17 | S6: =COLUMN() -> 19 | U6: =COLUMN() -> 21 | W6: =COLUMN() -> 23 | Y6: =COLUMN() -> 25
A8: ITEM | B8: DISCRIMINAÇÃO DO SERVIÇO | C8: 1º MÊS | D8: 2º MÊS | E8: 3º MÊS | F8: 4º MÊS | G8: 5º MÊS | H8: 6º MÊS | I8: UNIDADE | J8: QUANTIDADE TOTAL | K8: PREÇO UNITÁRIO (C/ BDI) | L8: PREÇO TOTAL (COM BDI) | N8: 1º MÊS | P8: 2º MÊS | R8: 3º MÊS | T8: 4º MÊS | V8: 5º MÊS | X8: 6º MÊS | AB8: CONFERÊNCIA
A9: 1 | B9: =VLOOKUP($A9,Orçamento!$A$9:$J$212,4,0) -> SERVIÇOS PRELIMINARES | N9: QTDE | O9: Valor | P9: QTDE | Q9: Valor | R9: QTDE | S9: Valor | T9: QTDE | U9: Valor | V9: QTDE | W9: Valor | X9: QTDE | Y9: Valor
A10: 1.1 | B10: =VLOOKUP($A10,Orçamento!$A$9:$J$212,4,0) -> CANTEIRO DE OBRAS | C10: EVENTO 1 | D10: EVENTO 2 | E10: EVENTO 3 | F10: EVENTO 4 | O10: =SUM(O11:O14) -> 12184.39 | Q10: =SUM(Q11:Q14) -> 2754.61 | S10: =SUM(S11:S14) -> 2754.61 | U10: =SUM(U11:U14) -> 2754.61 | W10: =SUM(W11:W14) -> 0 | Y10: =SUM(Y11:Y14) -> 0
A11: 1.1.1 | B11: =VLOOKUP($A11,Orçamento!$A$9:$J$212,4,0) -> PLACA EM LONA COM IMPRESSÃO DIGITAL E REQUADRO EM METALON | C11: =IF(N11=0,"",CONCATENATE(N11," ",$I11)) -> 6 M2 | D11: =IF(P11=0,"",CONCATENATE(P11," ",$I11)) | E11: =IF(R11=0,"",CONCATENATE(R11," ",$I11)) | F11: =IF(T11=0,"",CONCATENATE(T11," ",$I11)) | G11: =IF(V11=0,"",CONCATENATE(V11," ",$I11)) | H11: =IF(X11=0,"",CONCATENATE(X11," ",$I11)) | I11: =VLOOKUP($A11,Orçamento!$A$9:$J$212,5,0) -> M2 | J11: =VLOOKUP($A11,Orçamento!$A$9:$J$212,6,0) -> 6 | K11: =VLOOKUP($A11,Orçamento!$A$9:$J$212,8,0) -> 549.13 | L11: =VLOOKUP($A11,Orçamento!$A$9:$J$212,10,0) -> 3294.78 | N11: 6 | O11: =IF(N11=0,"",TRUNC($K11*N11,2)) -> 3294.78 | Q11: =IF(P11=0,"",TRUNC($K11*P11,2)) | S11: =IF(R11=0,"",TRUNC($K11*R11,2)) | U11: =IF(T11=0,"",TRUNC($K11*T11,2)) | W11: =IF(V11=0,"",TRUNC($K11*V11,2)) | Y11: =IF(X11=0,"",TRUNC($K11*X11,2)) | AB11: =SUMIF($N$9:$Y$9,$N$9,N11:Y11) -> 6 | AC11: =IF(AB11=J11,"","FALTA") | AD11: =SUMIF($N$9:$Y$9,$O$9,N11:Y11) -> 3294.78 | AE11: =IF(AD11=L11,"","FALTA")
A12: 1.1.2 | B12: =VLOOKUP($A12,Orçamento!$A$9:$J$212,4,0) -> BANHEIRO QUÍMICO MODELO STANDARD, COM MANUTENÇÃO CONFORME EXIGÊNCIAS DA CETESB | C12: =IF(N12=0,"",CONCATENATE(N12," ",$I12)) -> 1 UNMES | D12: =IF(P12=0,"",CONCATENATE(P12," ",$I12)) -> 1 UNMES | E12: =IF(R12=0,"",CONCATENATE(R12," ",$I12)) -> 1 UNMES | F12: =IF(T12=0,"",CONCATENATE(T12," ",$I12)) -> 1 UNMES | G12: =IF(V12=0,"",CONCATENATE(V12," ",$I12)) | H12: =IF(X12=0,"",CONCATENATE(X12," ",$I12)) | I12: =VLOOKUP($A12,Orçamento!$A$9:$J$212,5,0) -> UNMES | J12: =VLOOKUP($A12,Orçamento!$A$9:$J$212,6,0) -> 4 | K12: =VLOOKUP($A12,Orçamento!$A$9:$J$212,8,0) -> 1536.8 | L12: =VLOOKUP($A12,Orçamento!$A$9:$J$212,10,0) -> 6147.2 | N12: =J12/4 -> 1 | O12: =IF(N12=0,"",TRUNC($K12*N12,2)) -> 1536.8 | P12: =J12/4 -> 1 | Q12: =IF(P12=0,"",TRUNC($K12*P12,2)) -> 1536.8 | R12: =J12/4 -> 1 | S12: =IF(R12=0,"",TRUNC($K12*R12,2)) -> 1536.8 | T12: =J12/4 -> 1 | U12: =IF(T12=0,"",TRUNC($K12*T12,2)) -> 1536.8 | W12: =IF(V12=0,"",TRUNC($K12*V12,2)) | Y12: =IF(X12=0,"",TRUNC($K12*X12,2)) | AB12: =SUMIF($N$9:$Y$9,$N$9,N12:Y12) -> 4 | AC12: =IF(AB12=J12,"","FALTA") | AD12: =SUMIF($N$9:$Y$9,$O$9,N12:Y12) -> 6147.2 | AE12: =IF(AD12=L12,"","FALTA")
A13: 1.1.3 | B13: =VLOOKUP($A13,Orçamento!$A$9:$J$212,4,0) -> LOCAÇÃO DE CONTAINER TIPO DEPÓSITO - ÁREA MÍNIMA DE 13,80 M² | C13: =IF(N13=0,"",CONCATENATE(N13," ",$I13)) -> 1 UNMES | D13: =IF(P13=0,"",CONCATENATE(P13," ",$I13)) -> 1 UNMES | E13: =IF(R13=0,"",CONCATENATE(R13," ",$I13)) -> 1 UNMES | F13: =IF(T13=0,"",CONCATENATE(T13," ",$I13)) -> 1 UNMES | G13: =IF(V13=0,"",CONCATENATE(V13," ",$I13)) | H13: =IF(X13=0,"",CONCATENATE(X13," ",$I13)) | I13: =VLOOKUP($A13,Orçamento!$A$9:$J$212,5,0) -> UNMES | J13: =VLOOKUP($A13,Orçamento!$A$9:$J$212,6,0) -> 4 | K13: =VLOOKUP($A13,Orçamento!$A$9:$J$212,8,0) -> 1217.81 | L13: =VLOOKUP($A13,Orçamento!$A$9:$J$212,10,0) -> 4871.24 | N13: =J13/4 -> 1 | O13: =IF(N13=0,"",TRUNC($K13*N13,2)) -> 1217.81 | P13: =J13/4 -> 1 | Q13: =IF(P13=0,"",TRUNC($K13*P13,2)) -> 1217.81 | R13: =J13/4 -> 1 | S13: =IF(R13=0,"",TRUNC($K13*R13,2)) -> 1217.81 | T13: =J13/4 -> 1 | U13: =IF(T13=0,"",TRUNC($K13*T13,2)) -> 1217.81 | W13: =IF(V13=0,"",TRUNC($K13*V13,2)) | Y13: =IF(X13=0,"",TRUNC($K13*X13,2)) | AB13: =SUMIF($N$9:$Y$9,$N$9,N13:Y13) -> 4 | AC13: =IF(AB13=J13,"","FALTA") | AD13: =SUMIF($N$9:$Y$9,$O$9,N13:Y13) -> 4871.24 | AE13: =IF(AD13=L13,"","FALTA")
A14: 1.1.4 | B14: =VLOOKUP($A14,Orçamento!$A$9:$J$212,4,0) -> TELA PARA PROTEÇÃO DE OBRAS, MALHA 2 MM | C14: =IF(N14=0,"",CONCATENATE(N14," ",$I14)) -> 150 M2 | D14: =IF(P14=0,"",CONCATENATE(P14," ",$I14)) | E14: =IF(R14=0,"",CONCATENATE(R14," ",$I14)) | F14: =IF(T14=0,"",CONCATENATE(T14," ",$I14)) | G14: =IF(V14=0,"",CONCATENATE(V14," ",$I14)) | H14: =IF(X14=0,"",CONCATENATE(X14," ",$I14)) | I14: =VLOOKUP($A14,Orçamento!$A$9:$J$212,5,0) -> M2 | J14: =VLOOKUP($A14,Orçamento!$A$9:$J$212,6,0) -> 150 | K14: =VLOOKUP($A14,Orçamento!$A$9:$J$212,8,0) -> 40.9 | L14: =VLOOKUP($A14,Orçamento!$A$9:$J$212,10,0) -> 6135 | N14: =J14 -> 150 | O14: =IF(N14=0,"",TRUNC($K14*N14,2)) -> 6135 | Q14: =IF(P14=0,"",TRUNC($K14*P14,2)) | S14: =IF(R14=0,"",TRUNC($K14*R14,2)) | U14: =IF(T14=0,"",TRUNC($K14*T14,2)) | W14: =IF(V14=0,"",TRUNC($K14*V14,2)) | Y14: =IF(X14=0,"",TRUNC($K14*X14,2)) | AB14: =SUMIF($N$9:$Y$9,$N$9,N14:Y14) -> 150 | AC14: =IF(AB14=J14,"","FALTA") | AD14: =SUMIF($N$9:$Y$9,$O$9,N14:Y14) -> 6135 | AE14: =IF(AD14=L14,"","FALTA")
A16: 1.2 | B16: =VLOOKUP($A16,Orçamento!$A$9:$J$212,4,0) -> LOCAÇÃO DE OBRA | C16: EVENTO 5 | O16: =SUM(O17:O18) -> 552.76 | Q16: =SUM(Q17:Q18) -> 0 | S16: =SUM(S17:S18) -> 0 | U16: =SUM(U17:U18) -> 0 | W16: =SUM(W17:W18) -> 0 | Y16: =SUM(Y17:Y18) -> 0
A17: 1.2.1 | B17: =VLOOKUP($A17,Orçamento!$A$9:$J$212,4,0) -> LOCAÇÃO PARA MUROS, CERCAS E ALAMBRADOS | C17: =IF(N17=0,"",CONCATENATE(N17," ",$I17)) -> 14,8 M | D17: =IF(P17=0,"",CONCATENATE(P17," ",$I17)) | E17: =IF(R17=0,"",CONCATENATE(R17," ",$I17)) | F17: =IF(T17=0,"",CONCATENATE(T17," ",$I17)) | G17: =IF(V17=0,"",CONCATENATE(V17," ",$I17)) | H17: =IF(X17=0,"",CONCATENATE(X17," ",$I17)) | I17: =VLOOKUP($A17,Orçamento!$A$9:$J$212,5,0) -> M | J17: =VLOOKUP($A17,Orçamento!$A$9:$J$212,6,0) -> 14.8 | K17: =VLOOKUP($A17,Orçamento!$A$9:$J$212,8,0) -> 1.89 | L17: =VLOOKUP($A17,Orçamento!$A$9:$J$212,10,0) -> 27.97 | N17: =J17 -> 14.8 | O17: =IF(N17=0,"",TRUNC($K17*N17,2)) -> 27.97 | Q17: =IF(P17=0,"",TRUNC($K17*P17,2)) | S17: =IF(R17=0,"",TRUNC($K17*R17,2)) | U17: =IF(T17=0,"",TRUNC($K17*T17,2)) | W17: =IF(V17=0,"",TRUNC($K17*V17,2)) | Y17: =IF(X17=0,"",TRUNC($K17*X17,2)) | AB17: =SUMIF($N$9:$Y$9,$N$9,N17:Y17) -> 14.8 | AC17: =IF(AB17=J17,"","FALTA") | AD17: =SUMIF($N$9:$Y$9,$O$9,N17:Y17) -> 27.97 | AE17: =IF(AD17=L17,"","FALTA")
A18: 1.2.2 | B18: =VLOOKUP($A18,Orçamento!$A$9:$J$212,4,0) -> LOCAÇÃO DE VIAS, CALÇADAS, TANQUES E LAGOAS | C18: =IF(N18=0,"",CONCATENATE(N18," ",$I18)) -> 228,17 M2 | D18: =IF(P18=0,"",CONCATENATE(P18," ",$I18)) | E18: =IF(R18=0,"",CONCATENATE(R18," ",$I18)) | F18: =IF(T18=0,"",CONCATENATE(T18," ",$I18)) | G18: =IF(V18=0,"",CONCATENATE(V18," ",$I18)) | H18: =IF(X18=0,"",CONCATENATE(X18," ",$I18)) | I18: =VLOOKUP($A18,Orçamento!$A$9:$J$212,5,0) -> M2 | J18: =VLOOKUP($A18,Orçamento!$A$9:$J$212,6,0) -> 228.17 | K18: =VLOOKUP($A18,Orçamento!$A$9:$J$212,8,0) -> 2.3 | L18: =VLOOKUP($A18,Orçamento!$A$9:$J$212,10,0) -> 524.79 | N18: =J18 -> 228.17 | O18: =IF(N18=0,"",TRUNC($K18*N18,2)) -> 524.79 | Q18: =IF(P18=0,"",TRUNC($K18*P18,2)) | S18: =IF(R18=0,"",TRUNC($K18*R18,2)) | U18: =IF(T18=0,"",TRUNC($K18*T18,2)) | W18: =IF(V18=0,"",TRUNC($K18*V18,2)) | Y18: =IF(X18=0,"",TRUNC($K18*X18,2)) | AB18: =SUMIF($N$9:$Y$9,$N$9,N18:Y18) -> 228.17 | AC18: =IF(AB18=J18,"","FALTA") | AD18: =SUMIF($N$9:$Y$9,$O$9,N18:Y18) -> 524.79 | AE18: =IF(AD18=L18,"","FALTA")
A20: 1.3 | B20: =VLOOKUP($A20,Orçamento!$A$9:$J$212,4,0) -> LIMPEZA DO TERRENO | C20: EVENTO 6 | O20: =SUM(O21:O24) -> 15105.53 | Q20: =SUM(Q21:Q24) -> 0 | S20: =SUM(S21:S24) -> 0 | U20: =SUM(U21:U24) -> 0 | W20: =SUM(W21:W24) -> 0 | Y20: =SUM(Y21:Y24) -> 0
A21: 1.3.1 | B21: =VLOOKUP($A21,Orçamento!$A$9:$J$212,4,0) -> LIMPEZA MANUAL DE VEGETAÇÃO EM TERRENO COM ENXADA. AF_03/2024 | C21: =IF(N21=0,"",CONCATENATE(N21," ",$I21)) -> 432,08 M2 | D21: =IF(P21=0,"",CONCATENATE(P21," ",$I21)) | E21: =IF(R21=0,"",CONCATENATE(R21," ",$I21)) | F21: =IF(T21=0,"",CONCATENATE(T21," ",$I21)) | G21: =IF(V21=0,"",CONCATENATE(V21," ",$I21)) | H21: =IF(X21=0,"",CONCATENATE(X21," ",$I21)) | I21: =VLOOKUP($A21,Orçamento!$A$9:$J$212,5,0) -> M2 | J21: =VLOOKUP($A21,Orçamento!$A$9:$J$212,6,0) -> 432.08 | K21: =VLOOKUP($A21,Orçamento!$A$9:$J$212,8,0) -> 8.06 | L21: =VLOOKUP($A21,Orçamento!$A$9:$J$212,10,0) -> 3482.56 | N21: =J21 -> 432.08 | O21: =IF(N21=0,"",TRUNC($K21*N21,2)) -> 3482.56 | Q21: =IF(P21=0,"",TRUNC($K21*P21,2)) | S21: =IF(R21=0,"",TRUNC($K21*R21,2)) | U21: =IF(T21=0,"",TRUNC($K21*T21,2)) | W21: =IF(V21=0,"",TRUNC($K21*V21,2)) | Y21: =IF(X21=0,"",TRUNC($K21*X21,2)) | AB21: =SUMIF($N$9:$Y$9,$N$9,N21:Y21) -> 432.08 | AC21: =IF(AB21=J21,"","FALTA") | AD21: =SUMIF($N$9:$Y$9,$O$9,N21:Y21) -> 3482.56 | AE21: =IF(AD21=L21,"","FALTA")
A22: 1.3.2 | B22: =VLOOKUP($A22,Orçamento!$A$9:$J$212,4,0) -> CARGA, MANOBRA E DESCARGA DE SOLOS E MATERIAIS GRANULARES EM CAMINHÃO BASCULANTE 14 M³ - CARGA COM PÁ CARREGADEIRA (CAÇAMBA DE 1,7 A 2,8 M³ / 128 HP) E DESCARGA LIVRE (UNIDADE: M3). AF_02/2026 | C22: =IF(N22=0,"",CONCATENATE(N22," ",$I22)) -> 122,36 M3 | D22: =IF(P22=0,"",CONCATENATE(P22," ",$I22)) | E22: =IF(R22=0,"",CONCATENATE(R22," ",$I22)) | F22: =IF(T22=0,"",CONCATENATE(T22," ",$I22)) | G22: =IF(V22=0,"",CONCATENATE(V22," ",$I22)) | H22: =IF(X22=0,"",CONCATENATE(X22," ",$I22)) | I22: =VLOOKUP($A22,Orçamento!$A$9:$J$212,5,0) -> M3 | J22: =VLOOKUP($A22,Orçamento!$A$9:$J$212,6,0) -> 122.36 | K22: =VLOOKUP($A22,Orçamento!$A$9:$J$212,8,0) -> 10.67 | L22: =VLOOKUP($A22,Orçamento!$A$9:$J$212,10,0) -> 1305.58 | N22: =J22 -> 122.36 | O22: =IF(N22=0,"",TRUNC($K22*N22,2)) -> 1305.58 | Q22: =IF(P22=0,"",TRUNC($K22*P22,2)) | S22: =IF(R22=0,"",TRUNC($K22*R22,2)) | U22: =IF(T22=0,"",TRUNC($K22*T22,2)) | W22: =IF(V22=0,"",TRUNC($K22*V22,2)) | Y22: =IF(X22=0,"",TRUNC($K22*X22,2)) | AB22: =SUMIF($N$9:$Y$9,$N$9,N22:Y22) -> 122.36 | AC22: =IF(AB22=J22,"","FALTA") | AD22: =SUMIF($N$9:$Y$9,$O$9,N22:Y22) -> 1305.58 | AE22: =IF(AD22=L22,"","FALTA")
A23: 1.3.3 | B23: =VLOOKUP($A23,Orçamento!$A$9:$J$212,4,0) -> TRANSPORTE COM CAMINHÃO BASCULANTE DE 14 M³, EM VIA URBANA PAVIMENTADA, DMT ATÉ 30 KM (UNIDADE: M3XKM). AF_02/2026 | C23: =IF(N23=0,"",CONCATENATE(N23," ",$I23)) -> 1835,4 M3XKM | D23: =IF(P23=0,"",CONCATENATE(P23," ",$I23)) | E23: =IF(R23=0,"",CONCATENATE(R23," ",$I23)) | F23: =IF(T23=0,"",CONCATENATE(T23," ",$I23)) | G23: =IF(V23=0,"",CONCATENATE(V23," ",$I23)) | H23: =IF(X23=0,"",CONCATENATE(X23," ",$I23)) | I23: =VLOOKUP($A23,Orçamento!$A$9:$J$212,5,0) -> M3XKM | J23: =VLOOKUP($A23,Orçamento!$A$9:$J$212,6,0) -> 1835.4 | K23: =VLOOKUP($A23,Orçamento!$A$9:$J$212,8,0) -> 3.08 | L23: =VLOOKUP($A23,Orçamento!$A$9:$J$212,10,0) -> 5653.03 | N23: =J23 -> 1835.4 | O23: =IF(N23=0,"",TRUNC($K23*N23,2)) -> 5653.03 | Q23: =IF(P23=0,"",TRUNC($K23*P23,2)) | S23: =IF(R23=0,"",TRUNC($K23*R23,2)) | U23: =IF(T23=0,"",TRUNC($K23*T23,2)) | W23: =IF(V23=0,"",TRUNC($K23*V23,2)) | Y23: =IF(X23=0,"",TRUNC($K23*X23,2)) | AB23: =SUMIF($N$9:$Y$9,$N$9,N23:Y23) -> 1835.4 | AC23: =IF(AB23=J23,"","FALTA") | AD23: =SUMIF($N$9:$Y$9,$O$9,N23:Y23) -> 5653.03 | AE23: =IF(AD23=L23,"","FALTA")
A24: 1.3.4 | B24: =VLOOKUP($A24,Orçamento!$A$9:$J$212,4,0) -> TAXA DE DESTINAÇÃO DE RESÍDUO SÓLIDO EM ATERRO, TIPO SOLO/TERRA | C24: =IF(N24=0,"",CONCATENATE(N24," ",$I24)) -> 122,36 M3 | D24: =IF(P24=0,"",CONCATENATE(P24," ",$I24)) | E24: =IF(R24=0,"",CONCATENATE(R24," ",$I24)) | F24: =IF(T24=0,"",CONCATENATE(T24," ",$I24)) | G24: =IF(V24=0,"",CONCATENATE(V24," ",$I24)) | H24: =IF(X24=0,"",CONCATENATE(X24," ",$I24)) | I24: =VLOOKUP($A24,Orçamento!$A$9:$J$212,5,0) -> M3 | J24: =VLOOKUP($A24,Orçamento!$A$9:$J$212,6,0) -> 122.36 | K24: =VLOOKUP($A24,Orçamento!$A$9:$J$212,8,0) -> 38.12 | L24: =VLOOKUP($A24,Orçamento!$A$9:$J$212,10,0) -> 4664.36 | N24: =J24 -> 122.36 | O24: =IF(N24=0,"",TRUNC($K24*N24,2)) -> 4664.36 | Q24: =IF(P24=0,"",TRUNC($K24*P24,2)) | S24: =IF(R24=0,"",TRUNC($K24*R24,2)) | U24: =IF(T24=0,"",TRUNC($K24*T24,2)) | W24: =IF(V24=0,"",TRUNC($K24*V24,2)) | Y24: =IF(X24=0,"",TRUNC($K24*X24,2)) | AB24: =SUMIF($N$9:$Y$9,$N$9,N24:Y24) -> 122.36 | AC24: =IF(AB24=J24,"","FALTA") | AD24: =SUMIF($N$9:$Y$9,$O$9,N24:Y24) -> 4664.36 | AE24: =IF(AD24=L24,"","FALTA")
A26: 1.4 | B26: =VLOOKUP($A26,Orçamento!$A$9:$J$212,4,0) -> TERRAPLANAGEM | C26: EVENTO 7 | O26: =SUM(O27:O31) -> 6849.05 | Q26: =SUM(Q27:Q31) -> 0 | S26: =SUM(S27:S31) -> 0 | U26: =SUM(U27:U31) -> 0 | W26: =SUM(W27:W31) -> 0 | Y26: =SUM(Y27:Y31) -> 0
A27: 1.4.1 | B27: =VLOOKUP($A27,Orçamento!$A$9:$J$212,4,0) -> ESCAVAÇÃO MANUAL EM SOLO DE 1ª E 2ª CATEGORIA EM CAMPO ABERTO | C27: =IF(N27=0,"",CONCATENATE(N27," ",$I27)) -> 56,35 M3 | D27: =IF(P27=0,"",CONCATENATE(P27," ",$I27)) | E27: =IF(R27=0,"",CONCATENATE(R27," ",$I27)) | F27: =IF(T27=0,"",CONCATENATE(T27," ",$I27)) | G27: =IF(V27=0,"",CONCATENATE(V27," ",$I27)) | H27: =IF(X27=0,"",CONCATENATE(X27," ",$I27)) | I27: =VLOOKUP($A27,Orçamento!$A$9:$J$212,5,0) -> M3 | J27: =VLOOKUP($A27,Orçamento!$A$9:$J$212,6,0) -> 56.35 | K27: =VLOOKUP($A27,Orçamento!$A$9:$J$212,8,0) -> 72.89 | L27: =VLOOKUP($A27,Orçamento!$A$9:$J$212,10,0) -> 4107.35 | N27: =J27 -> 56.35 | O27: =IF(N27=0,"",TRUNC($K27*N27,2)) -> 4107.35 | Q27: =IF(P27=0,"",TRUNC($K27*P27,2)) | S27: =IF(R27=0,"",TRUNC($K27*R27,2)) | U27: =IF(T27=0,"",TRUNC($K27*T27,2)) | W27: =IF(V27=0,"",TRUNC($K27*V27,2)) | Y27: =IF(X27=0,"",TRUNC($K27*X27,2)) | AB27: =SUMIF($N$9:$Y$9,$N$9,N27:Y27) -> 56.35 | AC27: =IF(AB27=J27,"","FALTA") | AD27: =SUMIF($N$9:$Y$9,$O$9,N27:Y27) -> 4107.35 | AE27: =IF(AD27=L27,"","FALTA")
A28: 1.4.2 | B28: =VLOOKUP($A28,Orçamento!$A$9:$J$212,4,0) -> CARGA, MANOBRA E DESCARGA DE SOLOS E MATERIAIS GRANULARES EM CAMINHÃO BASCULANTE 6 M³ - CARGA COM ESCAVADEIRA HIDRÁULICA (CAÇAMBA DE 1,20 M³ / 155 HP) E DESCARGA LIVRE (UNIDADE: M3). AF_02/2026 | C28: =IF(N28=0,"",CONCATENATE(N28," ",$I28)) -> 70,44 M3 | D28: =IF(P28=0,"",CONCATENATE(P28," ",$I28)) | E28: =IF(R28=0,"",CONCATENATE(R28," ",$I28)) | F28: =IF(T28=0,"",CONCATENATE(T28," ",$I28)) | G28: =IF(V28=0,"",CONCATENATE(V28," ",$I28)) | H28: =IF(X28=0,"",CONCATENATE(X28," ",$I28)) | I28: =VLOOKUP($A28,Orçamento!$A$9:$J$212,5,0) -> M3 | J28: =VLOOKUP($A28,Orçamento!$A$9:$J$212,6,0) -> 70.44 | K28: =VLOOKUP($A28,Orçamento!$A$9:$J$212,8,0) -> 10.71 | L28: =VLOOKUP($A28,Orçamento!$A$9:$J$212,10,0) -> 754.41 | N28: =J28 -> 70.44 | O28: =IF(N28=0,"",TRUNC($K28*N28,2)) -> 754.41 | Q28: =IF(P28=0,"",TRUNC($K28*P28,2)) | S28: =IF(R28=0,"",TRUNC($K28*R28,2)) | U28: =IF(T28=0,"",TRUNC($K28*T28,2)) | W28: =IF(V28=0,"",TRUNC($K28*V28,2)) | Y28: =IF(X28=0,"",TRUNC($K28*X28,2)) | AB28: =SUMIF($N$9:$Y$9,$N$9,N28:Y28) -> 70.44 | AC28: =IF(AB28=J28,"","FALTA") | AD28: =SUMIF($N$9:$Y$9,$O$9,N28:Y28) -> 754.41 | AE28: =IF(AD28=L28,"","FALTA")
A29: 1.4.3 | B29: =VLOOKUP($A29,Orçamento!$A$9:$J$212,4,0) -> TRANSPORTE COM CAMINHÃO BASCULANTE DE 6 M³, EM VIA URBANA PAVIMENTADA, DMT ATÉ 30 KM (UNIDADE: M3XKM). AF_02/2026 | C29: =IF(N29=0,"",CONCATENATE(N29," ",$I29)) -> 173,63 M3XKM | D29: =IF(P29=0,"",CONCATENATE(P29," ",$I29)) | E29: =IF(R29=0,"",CONCATENATE(R29," ",$I29)) | F29: =IF(T29=0,"",CONCATENATE(T29," ",$I29)) | G29: =IF(V29=0,"",CONCATENATE(V29," ",$I29)) | H29: =IF(X29=0,"",CONCATENATE(X29," ",$I29)) | I29: =VLOOKUP($A29,Orçamento!$A$9:$J$212,5,0) -> M3XKM | J29: =VLOOKUP($A29,Orçamento!$A$9:$J$212,6,0) -> 173.63 | K29: =VLOOKUP($A29,Orçamento!$A$9:$J$212,8,0) -> 4.27 | L29: =VLOOKUP($A29,Orçamento!$A$9:$J$212,10,0) -> 741.4 | N29: =J29 -> 173.63 | O29: =IF(N29=0,"",TRUNC($K29*N29,2)) -> 741.4 | Q29: =IF(P29=0,"",TRUNC($K29*P29,2)) | S29: =IF(R29=0,"",TRUNC($K29*R29,2)) | U29: =IF(T29=0,"",TRUNC($K29*T29,2)) | W29: =IF(V29=0,"",TRUNC($K29*V29,2)) | Y29: =IF(X29=0,"",TRUNC($K29*X29,2)) | AB29: =SUMIF($N$9:$Y$9,$N$9,N29:Y29) -> 173.63 | AC29: =IF(AB29=J29,"","FALTA") | AD29: =SUMIF($N$9:$Y$9,$O$9,N29:Y29) -> 741.4 | AE29: =IF(AD29=L29,"","FALTA")
A30: 1.4.4 | B30: =VLOOKUP($A30,Orçamento!$A$9:$J$212,4,0) -> COMPACTAÇÃO DE ATERRO MECANIZADO A 100% PN, SEM FORNECIMENTO DE SOLO EM CAMPO ABERTO | C30: =IF(N30=0,"",CONCATENATE(N30," ",$I30)) -> 58,86 M3 | D30: =IF(P30=0,"",CONCATENATE(P30," ",$I30)) | E30: =IF(R30=0,"",CONCATENATE(R30," ",$I30)) | F30: =IF(T30=0,"",CONCATENATE(T30," ",$I30)) | G30: =IF(V30=0,"",CONCATENATE(V30," ",$I30)) | H30: =IF(X30=0,"",CONCATENATE(X30," ",$I30)) | I30: =VLOOKUP($A30,Orçamento!$A$9:$J$212,5,0) -> M3 | J30: =VLOOKUP($A30,Orçamento!$A$9:$J$212,6,0) -> 58.86 | K30: =VLOOKUP($A30,Orçamento!$A$9:$J$212,8,0) -> 15.17 | L30: =VLOOKUP($A30,Orçamento!$A$9:$J$212,10,0) -> 892.9 | N30: =J30 -> 58.86 | O30: =IF(N30=0,"",TRUNC($K30*N30,2)) -> 892.9 | Q30: =IF(P30=0,"",TRUNC($K30*P30,2)) | S30: =IF(R30=0,"",TRUNC($K30*R30,2)) | U30: =IF(T30=0,"",TRUNC($K30*T30,2)) | W30: =IF(V30=0,"",TRUNC($K30*V30,2)) | Y30: =IF(X30=0,"",TRUNC($K30*X30,2)) | AB30: =SUMIF($N$9:$Y$9,$N$9,N30:Y30) -> 58.86 | AC30: =IF(AB30=J30,"","FALTA") | AD30: =SUMIF($N$9:$Y$9,$O$9,N30:Y30) -> 892.9 | AE30: =IF(AD30=L30,"","FALTA")
A31: 1.4.5 | B31: =VLOOKUP($A31,Orçamento!$A$9:$J$212,4,0) -> TAXA DE DESTINAÇÃO DE RESÍDUO SÓLIDO EM ATERRO, TIPO SOLO/TERRA | C31: =IF(N31=0,"",CONCATENATE(N31," ",$I31)) -> 9,26 M3 | D31: =IF(P31=0,"",CONCATENATE(P31," ",$I31)) | E31: =IF(R31=0,"",CONCATENATE(R31," ",$I31)) | F31: =IF(T31=0,"",CONCATENATE(T31," ",$I31)) | G31: =IF(V31=0,"",CONCATENATE(V31," ",$I31)) | H31: =IF(X31=0,"",CONCATENATE(X31," ",$I31)) | I31: =VLOOKUP($A31,Orçamento!$A$9:$J$212,5,0) -> M3 | J31: =VLOOKUP($A31,Orçamento!$A$9:$J$212,6,0) -> 9.26 | K31: =VLOOKUP($A31,Orçamento!$A$9:$J$212,8,0) -> 38.12 | L31: =VLOOKUP($A31,Orçamento!$A$9:$J$212,10,0) -> 352.99 | N31: =J31 -> 9.26 | O31: =IF(N31=0,"",TRUNC($K31*N31,2)) -> 352.99 | Q31: =IF(P31=0,"",TRUNC($K31*P31,2)) | S31: =IF(R31=0,"",TRUNC($K31*R31,2)) | U31: =IF(T31=0,"",TRUNC($K31*T31,2)) | W31: =IF(V31=0,"",TRUNC($K31*V31,2)) | Y31: =IF(X31=0,"",TRUNC($K31*X31,2)) | AB31: =SUMIF($N$9:$Y$9,$N$9,N31:Y31) -> 9.26 | AC31: =IF(AB31=J31,"","FALTA") | AD31: =SUMIF($N$9:$Y$9,$O$9,N31:Y31) -> 352.99 | AE31: =IF(AD31=L31,"","FALTA")
A33: 2 | B33: =VLOOKUP($A33,Orçamento!$A$9:$J$212,4,0) -> EXECUÇÃO DE PISOS
A34: 2.1 | B34: =VLOOKUP($A34,Orçamento!$A$9:$J$212,4,0) -> PISO INTERTRAVADO - PRAÇA | C34: EVENTO 8 | D34: EVENTO 9 | O34: =SUM(O35:O39) -> 2126.85 | Q34: =SUM(Q35:Q39) -> 29144.62 | S34: =SUM(S35:S39) -> 0 | U34: =SUM(U35:U39) -> 0 | W34: =SUM(W35:W39) -> 0 | Y34: =SUM(Y35:Y39) -> 0
A35: 2.1.1 | B35: =VLOOKUP($A35,Orçamento!$A$9:$J$212,4,0) -> ESCAVAÇÃO MANUAL EM SOLO DE 1ª E 2ª CATEGORIA EM CAMPO ABERTO | C35: =IF(N35=0,"",CONCATENATE(N35," ",$I35)) -> 26,56 M3 | D35: =IF(P35=0,"",CONCATENATE(P35," ",$I35)) | E35: =IF(R35=0,"",CONCATENATE(R35," ",$I35)) | F35: =IF(T35=0,"",CONCATENATE(T35," ",$I35)) | G35: =IF(V35=0,"",CONCATENATE(V35," ",$I35)) | H35: =IF(X35=0,"",CONCATENATE(X35," ",$I35)) | I35: =VLOOKUP($A35,Orçamento!$A$9:$J$212,5,0) -> M3 | J35: =VLOOKUP($A35,Orçamento!$A$9:$J$212,6,0) -> 26.56 | K35: =VLOOKUP($A35,Orçamento!$A$9:$J$212,8,0) -> 72.89 | L35: =VLOOKUP($A35,Orçamento!$A$9:$J$212,10,0) -> 1935.95 | N35: =J35 -> 26.56 | O35: =IF(N35=0,"",TRUNC($K35*N35,2)) -> 1935.95 | Q35: =IF(P35=0,"",TRUNC($K35*P35,2)) | S35: =IF(R35=0,"",TRUNC($K35*R35,2)) | U35: =IF(T35=0,"",TRUNC($K35*T35,2)) | W35: =IF(V35=0,"",TRUNC($K35*V35,2)) | Y35: =IF(X35=0,"",TRUNC($K35*X35,2)) | AB35: =SUMIF($N$9:$Y$9,$N$9,N35:Y35) -> 26.56 | AC35: =IF(AB35=J35,"","FALTA") | AD35: =SUMIF($N$9:$Y$9,$O$9,N35:Y35) -> 1935.95 | AE35: =IF(AD35=L35,"","FALTA")
A36: 2.1.2 | B36: =VLOOKUP($A36,Orçamento!$A$9:$J$212,4,0) -> COMPACTAÇÃO MECÂNICA DE SOLO PARA EXECUÇÃO DE RADIER, PISO DE CONCRETO OU LAJE SOBRE SOLO, COM COMPACTADOR DE SOLOS TIPO PLACA VIBRATÓRIA. AF_09/2021 | C36: =IF(N36=0,"",CONCATENATE(N36," ",$I36)) -> 166 M2 | D36: =IF(P36=0,"",CONCATENATE(P36," ",$I36)) | E36: =IF(R36=0,"",CONCATENATE(R36," ",$I36)) | F36: =IF(T36=0,"",CONCATENATE(T36," ",$I36)) | G36: =IF(V36=0,"",CONCATENATE(V36," ",$I36)) | H36: =IF(X36=0,"",CONCATENATE(X36," ",$I36)) | I36: =VLOOKUP($A36,Orçamento!$A$9:$J$212,5,0) -> M2 | J36: =VLOOKUP($A36,Orçamento!$A$9:$J$212,6,0) -> 166 | K36: =VLOOKUP($A36,Orçamento!$A$9:$J$212,8,0) -> 1.15 | L36: =VLOOKUP($A36,Orçamento!$A$9:$J$212,10,0) -> 190.9 | N36: =J36 -> 166 | O36: =IF(N36=0,"",TRUNC($K36*N36,2)) -> 190.9 | Q36: =IF(P36=0,"",TRUNC($K36*P36,2)) | S36: =IF(R36=0,"",TRUNC($K36*R36,2)) | U36: =IF(T36=0,"",TRUNC($K36*T36,2)) | W36: =IF(V36=0,"",TRUNC($K36*V36,2)) | Y36: =IF(X36=0,"",TRUNC($K36*X36,2)) | AB36: =SUMIF($N$9:$Y$9,$N$9,N36:Y36) -> 166 | AC36: =IF(AB36=J36,"","FALTA") | AD36: =SUMIF($N$9:$Y$9,$O$9,N36:Y36) -> 190.9 | AE36: =IF(AD36=L36,"","FALTA")
A37: 2.1.3 | B37: =VLOOKUP($A37,Orçamento!$A$9:$J$212,4,0) -> LASTRO DE PEDRA BRITADA | C37: =IF(N37=0,"",CONCATENATE(N37," ",$I37)) | D37: =IF(P37=0,"",CONCATENATE(P37," ",$I37)) -> 8,3 M3 | E37: =IF(R37=0,"",CONCATENATE(R37," ",$I37)) | F37: =IF(T37=0,"",CONCATENATE(T37," ",$I37)) | G37: =IF(V37=0,"",CONCATENATE(V37," ",$I37)) | H37: =IF(X37=0,"",CONCATENATE(X37," ",$I37)) | I37: =VLOOKUP($A37,Orçamento!$A$9:$J$212,5,0) -> M3 | J37: =VLOOKUP($A37,Orçamento!$A$9:$J$212,6,0) -> 8.3 | K37: =VLOOKUP($A37,Orçamento!$A$9:$J$212,8,0) -> 278.62 | L37: =VLOOKUP($A37,Orçamento!$A$9:$J$212,10,0) -> 2312.54 | O37: =IF(N37=0,"",TRUNC($K37*N37,2)) | P37: =J37 -> 8.3 | Q37: =IF(P37=0,"",TRUNC($K37*P37,2)) -> 2312.54 | S37: =IF(R37=0,"",TRUNC($K37*R37,2)) | U37: =IF(T37=0,"",TRUNC($K37*T37,2)) | W37: =IF(V37=0,"",TRUNC($K37*V37,2)) | Y37: =IF(X37=0,"",TRUNC($K37*X37,2)) | AB37: =SUMIF($N$9:$Y$9,$N$9,N37:Y37) -> 8.3 | AC37: =IF(AB37=J37,"","FALTA") | AD37: =SUMIF($N$9:$Y$9,$O$9,N37:Y37) -> 2312.54 | AE37: =IF(AD37=L37,"","FALTA")
A38: 2.1.4 | B38: =VLOOKUP($A38,Orçamento!$A$9:$J$212,4,0) -> EXECUÇÃO DE PASSEIO EM PISO INTERTRAVADO, COM BLOCO RETANGULAR COR NATURAL DE 20 X 10 CM, ESPESSURA 6 CM. AF_10/2022 | C38: =IF(N38=0,"",CONCATENATE(N38," ",$I38)) | D38: =IF(P38=0,"",CONCATENATE(P38," ",$I38)) -> 166 M2 | E38: =IF(R38=0,"",CONCATENATE(R38," ",$I38)) | F38: =IF(T38=0,"",CONCATENATE(T38," ",$I38)) | G38: =IF(V38=0,"",CONCATENATE(V38," ",$I38)) | H38: =IF(X38=0,"",CONCATENATE(X38," ",$I38)) | I38: =VLOOKUP($A38,Orçamento!$A$9:$J$212,5,0) -> M2 | J38: =VLOOKUP($A38,Orçamento!$A$9:$J$212,6,0) -> 166 | K38: =VLOOKUP($A38,Orçamento!$A$9:$J$212,8,0) -> 137.94 | L38: =VLOOKUP($A38,Orçamento!$A$9:$J$212,10,0) -> 22898.04 | O38: =IF(N38=0,"",TRUNC($K38*N38,2)) | P38: =J38 -> 166 | Q38: =IF(P38=0,"",TRUNC($K38*P38,2)) -> 22898.04 | S38: =IF(R38=0,"",TRUNC($K38*R38,2)) | U38: =IF(T38=0,"",TRUNC($K38*T38,2)) | W38: =IF(V38=0,"",TRUNC($K38*V38,2)) | Y38: =IF(X38=0,"",TRUNC($K38*X38,2)) | AB38: =SUMIF($N$9:$Y$9,$N$9,N38:Y38) -> 166 | AC38: =IF(AB38=J38,"","FALTA") | AD38: =SUMIF($N$9:$Y$9,$O$9,N38:Y38) -> 22898.04 | AE38: =IF(AD38=L38,"","FALTA")
A39: 2.1.5 | B39: =VLOOKUP($A39,Orçamento!$A$9:$J$212,4,0) -> GUIA PRÉ-MOLDADA CURVA TIPO PMSP 100 - FCK 25 MPA | C39: =IF(N39=0,"",CONCATENATE(N39," ",$I39)) | D39: =IF(P39=0,"",CONCATENATE(P39," ",$I39)) -> 47,12 M | E39: =IF(R39=0,"",CONCATENATE(R39," ",$I39)) | F39: =IF(T39=0,"",CONCATENATE(T39," ",$I39)) | G39: =IF(V39=0,"",CONCATENATE(V39," ",$I39)) | H39: =IF(X39=0,"",CONCATENATE(X39," ",$I39)) | I39: =VLOOKUP($A39,Orçamento!$A$9:$J$212,5,0) -> M | J39: =VLOOKUP($A39,Orçamento!$A$9:$J$212,6,0) -> 47.12 | K39: =VLOOKUP($A39,Orçamento!$A$9:$J$212,8,0) -> 83.49 | L39: =VLOOKUP($A39,Orçamento!$A$9:$J$212,10,0) -> 3934.04 | O39: =IF(N39=0,"",TRUNC($K39*N39,2)) | P39: =J39 -> 47.12 | Q39: =IF(P39=0,"",TRUNC($K39*P39,2)) -> 3934.04 | S39: =IF(R39=0,"",TRUNC($K39*R39,2)) | U39: =IF(T39=0,"",TRUNC($K39*T39,2)) | W39: =IF(V39=0,"",TRUNC($K39*V39,2)) | Y39: =IF(X39=0,"",TRUNC($K39*X39,2)) | AB39: =SUMIF($N$9:$Y$9,$N$9,N39:Y39) -> 47.12 | AC39: =IF(AB39=J39,"","FALTA") | AD39: =SUMIF($N$9:$Y$9,$O$9,N39:Y39) -> 3934.04 | AE39: =IF(AD39=L39,"","FALTA")
A41: 2.2 | B41: =VLOOKUP($A41,Orçamento!$A$9:$J$212,4,0) -> CONCRETO - PASSEIO PÚBLICO | C41: EVENTO 10 | D41: EVENTO 11 | O41: =SUM(O42:O47) -> 660.44 | Q41: =SUM(Q42:Q47) -> 7196.44 | S41: =SUM(S42:S47) -> 0 | U41: =SUM(U42:U47) -> 0 | W41: =SUM(W42:W47) -> 0 | Y41: =SUM(Y42:Y47) -> 0
A42: 2.2.1 | B42: =VLOOKUP($A42,Orçamento!$A$9:$J$212,4,0) -> ESCAVAÇÃO MANUAL EM SOLO DE 1ª E 2ª CATEGORIA EM CAMPO ABERTO | C42: =IF(N42=0,"",CONCATENATE(N42," ",$I42)) -> 8,08 M3 | D42: =IF(P42=0,"",CONCATENATE(P42," ",$I42)) | E42: =IF(R42=0,"",CONCATENATE(R42," ",$I42)) | F42: =IF(T42=0,"",CONCATENATE(T42," ",$I42)) | G42: =IF(V42=0,"",CONCATENATE(V42," ",$I42)) | H42: =IF(X42=0,"",CONCATENATE(X42," ",$I42)) | I42: =VLOOKUP($A42,Orçamento!$A$9:$J$212,5,0) -> M3 | J42: =VLOOKUP($A42,Orçamento!$A$9:$J$212,6,0) -> 8.08 | K42: =VLOOKUP($A42,Orçamento!$A$9:$J$212,8,0) -> 72.89 | L42: =VLOOKUP($A42,Orçamento!$A$9:$J$212,10,0) -> 588.95 | N42: =J42 -> 8.08 | O42: =IF(N42=0,"",TRUNC($K42*N42,2)) -> 588.95 | Q42: =IF(P42=0,"",TRUNC($K42*P42,2)) | S42: =IF(R42=0,"",TRUNC($K42*R42,2)) | U42: =IF(T42=0,"",TRUNC($K42*T42,2)) | W42: =IF(V42=0,"",TRUNC($K42*V42,2)) | Y42: =IF(X42=0,"",TRUNC($K42*X42,2)) | AB42: =SUMIF($N$9:$Y$9,$N$9,N42:Y42) -> 8.08 | AC42: =IF(AB42=J42,"","FALTA") | AD42: =SUMIF($N$9:$Y$9,$O$9,N42:Y42) -> 588.95 | AE42: =IF(AD42=L42,"","FALTA")
A43: 2.2.2 | B43: =VLOOKUP($A43,Orçamento!$A$9:$J$212,4,0) -> COMPACTAÇÃO MECÂNICA DE SOLO PARA EXECUÇÃO DE RADIER, PISO DE CONCRETO OU LAJE SOBRE SOLO, COM COMPACTADOR DE SOLOS TIPO PLACA VIBRATÓRIA. AF_09/2021 | C43: =IF(N43=0,"",CONCATENATE(N43," ",$I43)) -> 62,17 M2 | D43: =IF(P43=0,"",CONCATENATE(P43," ",$I43)) | E43: =IF(R43=0,"",CONCATENATE(R43," ",$I43)) | F43: =IF(T43=0,"",CONCATENATE(T43," ",$I43)) | G43: =IF(V43=0,"",CONCATENATE(V43," ",$I43)) | H43: =IF(X43=0,"",CONCATENATE(X43," ",$I43)) | I43: =VLOOKUP($A43,Orçamento!$A$9:$J$212,5,0) -> M2 | J43: =VLOOKUP($A43,Orçamento!$A$9:$J$212,6,0) -> 62.17 | K43: =VLOOKUP($A43,Orçamento!$A$9:$J$212,8,0) -> 1.15 | L43: =VLOOKUP($A43,Orçamento!$A$9:$J$212,10,0) -> 71.49 | N43: =J43 -> 62.17 | O43: =IF(N43=0,"",TRUNC($K43*N43,2)) -> 71.49 | Q43: =IF(P43=0,"",TRUNC($K43*P43,2)) | S43: =IF(R43=0,"",TRUNC($K43*R43,2)) | U43: =IF(T43=0,"",TRUNC($K43*T43,2)) | W43: =IF(V43=0,"",TRUNC($K43*V43,2)) | Y43: =IF(X43=0,"",TRUNC($K43*X43,2)) | AB43: =SUMIF($N$9:$Y$9,$N$9,N43:Y43) -> 62.17 | AC43: =IF(AB43=J43,"","FALTA") | AD43: =SUMIF($N$9:$Y$9,$O$9,N43:Y43) -> 71.49 | AE43: =IF(AD43=L43,"","FALTA")
A44: 2.2.3 | B44: =VLOOKUP($A44,Orçamento!$A$9:$J$212,4,0) -> LASTRO DE PEDRA BRITADA | C44: =IF(N44=0,"",CONCATENATE(N44," ",$I44)) | D44: =IF(P44=0,"",CONCATENATE(P44," ",$I44)) -> 3,11 M3 | E44: =IF(R44=0,"",CONCATENATE(R44," ",$I44)) | F44: =IF(T44=0,"",CONCATENATE(T44," ",$I44)) | G44: =IF(V44=0,"",CONCATENATE(V44," ",$I44)) | H44: =IF(X44=0,"",CONCATENATE(X44," ",$I44)) | I44: =VLOOKUP($A44,Orçamento!$A$9:$J$212,5,0) -> M3 | J44: =VLOOKUP($A44,Orçamento!$A$9:$J$212,6,0) -> 3.11 | K44: =VLOOKUP($A44,Orçamento!$A$9:$J$212,8,0) -> 278.62 | L44: =VLOOKUP($A44,Orçamento!$A$9:$J$212,10,0) -> 866.5 | O44: =IF(N44=0,"",TRUNC($K44*N44,2)) | P44: =J44 -> 3.11 | Q44: =IF(P44=0,"",TRUNC($K44*P44,2)) -> 866.5 | S44: =IF(R44=0,"",TRUNC($K44*R44,2)) | U44: =IF(T44=0,"",TRUNC($K44*T44,2)) | W44: =IF(V44=0,"",TRUNC($K44*V44,2)) | Y44: =IF(X44=0,"",TRUNC($K44*X44,2)) | AB44: =SUMIF($N$9:$Y$9,$N$9,N44:Y44) -> 3.11 | AC44: =IF(AB44=J44,"","FALTA") | AD44: =SUMIF($N$9:$Y$9,$O$9,N44:Y44) -> 866.5 | AE44: =IF(AD44=L44,"","FALTA")
A45: 2.2.4 | B45: =VLOOKUP($A45,Orçamento!$A$9:$J$212,4,0) -> EXECUÇÃO DE PASSEIO (CALÇADA) OU PISO DE CONCRETO COM CONCRETO MOLDADO IN LOCO, FEITO EM OBRA, ACABAMENTO CONVENCIONAL, NÃO ARMADO. AF_08/2022 | C45: =IF(N45=0,"",CONCATENATE(N45," ",$I45)) | D45: =IF(P45=0,"",CONCATENATE(P45," ",$I45)) -> 4,97 M3 | E45: =IF(R45=0,"",CONCATENATE(R45," ",$I45)) | F45: =IF(T45=0,"",CONCATENATE(T45," ",$I45)) | G45: =IF(V45=0,"",CONCATENATE(V45," ",$I45)) | H45: =IF(X45=0,"",CONCATENATE(X45," ",$I45)) | I45: =VLOOKUP($A45,Orçamento!$A$9:$J$212,5,0) -> M3 | J45: =VLOOKUP($A45,Orçamento!$A$9:$J$212,6,0) -> 4.97 | K45: =VLOOKUP($A45,Orçamento!$A$9:$J$212,8,0) -> 1009.89 | L45: =VLOOKUP($A45,Orçamento!$A$9:$J$212,10,0) -> 5019.15 | O45: =IF(N45=0,"",TRUNC($K45*N45,2)) | P45: =J45 -> 4.97 | Q45: =IF(P45=0,"",TRUNC($K45*P45,2)) -> 5019.15 | S45: =IF(R45=0,"",TRUNC($K45*R45,2)) | U45: =IF(T45=0,"",TRUNC($K45*T45,2)) | W45: =IF(V45=0,"",TRUNC($K45*V45,2)) | Y45: =IF(X45=0,"",TRUNC($K45*X45,2)) | AB45: =SUMIF($N$9:$Y$9,$N$9,N45:Y45) -> 4.97 | AC45: =IF(AB45=J45,"","FALTA") | AD45: =SUMIF($N$9:$Y$9,$O$9,N45:Y45) -> 5019.15 | AE45: =IF(AD45=L45,"","FALTA")
A46: 2.2.5 | B46: =VLOOKUP($A46,Orçamento!$A$9:$J$212,4,0) -> CORTE DE JUNTA DE DILATAÇÃO, COM SERRA DE DISCO DIAMANTADO PARA PISOS | C46: =IF(N46=0,"",CONCATENATE(N46," ",$I46)) | D46: =IF(P46=0,"",CONCATENATE(P46," ",$I46)) -> 22,8 M | E46: =IF(R46=0,"",CONCATENATE(R46," ",$I46)) | F46: =IF(T46=0,"",CONCATENATE(T46," ",$I46)) | G46: =IF(V46=0,"",CONCATENATE(V46," ",$I46)) | H46: =IF(X46=0,"",CONCATENATE(X46," ",$I46)) | I46: =VLOOKUP($A46,Orçamento!$A$9:$J$212,5,0) -> M | J46: =VLOOKUP($A46,Orçamento!$A$9:$J$212,6,0) -> 22.8 | K46: =VLOOKUP($A46,Orçamento!$A$9:$J$212,8,0) -> 14.67 | L46: =VLOOKUP($A46,Orçamento!$A$9:$J$212,10,0) -> 334.47 | O46: =IF(N46=0,"",TRUNC($K46*N46,2)) | P46: =J46 -> 22.8 | Q46: =IF(P46=0,"",TRUNC($K46*P46,2)) -> 334.47 | S46: =IF(R46=0,"",TRUNC($K46*R46,2)) | U46: =IF(T46=0,"",TRUNC($K46*T46,2)) | W46: =IF(V46=0,"",TRUNC($K46*V46,2)) | Y46: =IF(X46=0,"",TRUNC($K46*X46,2)) | AB46: =SUMIF($N$9:$Y$9,$N$9,N46:Y46) -> 22.8 | AC46: =IF(AB46=J46,"","FALTA") | AD46: =SUMIF($N$9:$Y$9,$O$9,N46:Y46) -> 334.47 | AE46: =IF(AD46=L46,"","FALTA")
A47: 2.2.6 | B47: =VLOOKUP($A47,Orçamento!$A$9:$J$212,4,0) -> RAMPA DE ACESSIBILIDADE EM CONCRETO MOLDADO IN LOCO, EM CALÇADA NOVA COM LARGURA MENOR À 3,00 M, FCK 25MPA, COM PISO PODOTÁTIL. AF_03/2024 | C47: =IF(N47=0,"",CONCATENATE(N47," ",$I47)) | D47: =IF(P47=0,"",CONCATENATE(P47," ",$I47)) -> 5,76 M2 | E47: =IF(R47=0,"",CONCATENATE(R47," ",$I47)) | F47: =IF(T47=0,"",CONCATENATE(T47," ",$I47)) | G47: =IF(V47=0,"",CONCATENATE(V47," ",$I47)) | H47: =IF(X47=0,"",CONCATENATE(X47," ",$I47)) | I47: =VLOOKUP($A47,Orçamento!$A$9:$J$212,5,0) -> M2 | J47: =VLOOKUP($A47,Orçamento!$A$9:$J$212,6,0) -> 5.76 | K47: =VLOOKUP($A47,Orçamento!$A$9:$J$212,8,0) -> 169.5 | L47: =VLOOKUP($A47,Orçamento!$A$9:$J$212,10,0) -> 976.32 | O47: =IF(N47=0,"",TRUNC($K47*N47,2)) | P47: =J47 -> 5.76 | Q47: =IF(P47=0,"",TRUNC($K47*P47,2)) -> 976.32 | S47: =IF(R47=0,"",TRUNC($K47*R47,2)) | U47: =IF(T47=0,"",TRUNC($K47*T47,2)) | W47: =IF(V47=0,"",TRUNC($K47*V47,2)) | Y47: =IF(X47=0,"",TRUNC($K47*X47,2)) | AB47: =SUMIF($N$9:$Y$9,$N$9,N47:Y47) -> 5.76 | AC47: =IF(AB47=J47,"","FALTA") | AD47: =SUMIF($N$9:$Y$9,$O$9,N47:Y47) -> 976.32 | AE47: =IF(AD47=L47,"","FALTA")
A49: 3 | B49: =VLOOKUP($A49,Orçamento!$A$9:$J$212,4,0) -> CONTRUÇÃO DE ELEMENTO CENTRAL ELEVADO
A50: 3.1 | B50: =VLOOKUP($A50,Orçamento!$A$9:$J$212,4,0) -> FUNDAÇÃO | C50: EVENTO 12 | D50: EVENTO 13 | O50: =SUM(O51:O55) -> 184.33 | Q50: =SUM(Q51:Q55) -> 1003.37 | S50: =SUM(S51:S55) -> 0 | U50: =SUM(U51:U55) -> 0 | W50: =SUM(W51:W55) -> 0 | Y50: =SUM(Y51:Y55) -> 0
A51: 3.1.1 | B51: =VLOOKUP($A51,Orçamento!$A$9:$J$212,4,0) -> ESCAVAÇÃO MANUAL EM SOLO DE 1ª E 2ª CATEGORIA EM VALA OU CAVA ATÉ 1,5 M | C51: =IF(N51=0,"",CONCATENATE(N51," ",$I51)) -> 1,06 M3 | D51: =IF(P51=0,"",CONCATENATE(P51," ",$I51)) | E51: =IF(R51=0,"",CONCATENATE(R51," ",$I51)) | F51: =IF(T51=0,"",CONCATENATE(T51," ",$I51)) | G51: =IF(V51=0,"",CONCATENATE(V51," ",$I51)) | H51: =IF(X51=0,"",CONCATENATE(X51," ",$I51)) | I51: =VLOOKUP($A51,Orçamento!$A$9:$J$212,5,0) -> M3 | J51: =VLOOKUP($A51,Orçamento!$A$9:$J$212,6,0) -> 1.06 | K51: =VLOOKUP($A51,Orçamento!$A$9:$J$212,8,0) -> 87.47 | L51: =VLOOKUP($A51,Orçamento!$A$9:$J$212,10,0) -> 92.71 | N51: =J51 -> 1.06 | O51: =IF(N51=0,"",TRUNC($K51*N51,2)) -> 92.71 | Q51: =IF(P51=0,"",TRUNC($K51*P51,2)) | S51: =IF(R51=0,"",TRUNC($K51*R51,2)) | U51: =IF(T51=0,"",TRUNC($K51*T51,2)) | W51: =IF(V51=0,"",TRUNC($K51*V51,2)) | Y51: =IF(X51=0,"",TRUNC($K51*X51,2)) | AB51: =SUMIF($N$9:$Y$9,$N$9,N51:Y51) -> 1.06 | AC51: =IF(AB51=J51,"","FALTA") | AD51: =SUMIF($N$9:$Y$9,$O$9,N51:Y51) -> 92.71 | AE51: =IF(AD51=L51,"","FALTA")
A52: 3.1.2 | B52: =VLOOKUP($A52,Orçamento!$A$9:$J$212,4,0) -> LASTRO COM MATERIAL GRANULAR, APLICADO EM PISOS OU LAJES SOBRE SOLO, ESPESSURA DE *5 CM*. AF_01/2024 | C52: =IF(N52=0,"",CONCATENATE(N52," ",$I52)) -> 0,35 M3 | D52: =IF(P52=0,"",CONCATENATE(P52," ",$I52)) | E52: =IF(R52=0,"",CONCATENATE(R52," ",$I52)) | F52: =IF(T52=0,"",CONCATENATE(T52," ",$I52)) | G52: =IF(V52=0,"",CONCATENATE(V52," ",$I52)) | H52: =IF(X52=0,"",CONCATENATE(X52," ",$I52)) | I52: =VLOOKUP($A52,Orçamento!$A$9:$J$212,5,0) -> M3 | J52: =VLOOKUP($A52,Orçamento!$A$9:$J$212,6,0) -> 0.35 | K52: =VLOOKUP($A52,Orçamento!$A$9:$J$212,8,0) -> 261.78 | L52: =VLOOKUP($A52,Orçamento!$A$9:$J$212,10,0) -> 91.62 | N52: =J52 -> 0.35 | O52: =IF(N52=0,"",TRUNC($K52*N52,2)) -> 91.62 | Q52: =IF(P52=0,"",TRUNC($K52*P52,2)) | S52: =IF(R52=0,"",TRUNC($K52*R52,2)) | U52: =IF(T52=0,"",TRUNC($K52*T52,2)) | W52: =IF(V52=0,"",TRUNC($K52*V52,2)) | Y52: =IF(X52=0,"",TRUNC($K52*X52,2)) | AB52: =SUMIF($N$9:$Y$9,$N$9,N52:Y52) -> 0.35 | AC52: =IF(AB52=J52,"","FALTA") | AD52: =SUMIF($N$9:$Y$9,$O$9,N52:Y52) -> 91.62 | AE52: =IF(AD52=L52,"","FALTA")
A53: 3.1.3 | B53: =VLOOKUP($A53,Orçamento!$A$9:$J$212,4,0) -> ARMAÇÃO PARA EXECUÇÃO DE RADIER, PISO DE CONCRETO OU LAJE SOBRE SOLO, COM USO DE TELA Q-92. AF_09/2021 | C53: =IF(N53=0,"",CONCATENATE(N53," ",$I53)) | D53: =IF(P53=0,"",CONCATENATE(P53," ",$I53)) -> 10,46 KG | E53: =IF(R53=0,"",CONCATENATE(R53," ",$I53)) | F53: =IF(T53=0,"",CONCATENATE(T53," ",$I53)) | G53: =IF(V53=0,"",CONCATENATE(V53," ",$I53)) | H53: =IF(X53=0,"",CONCATENATE(X53," ",$I53)) | I53: =VLOOKUP($A53,Orçamento!$A$9:$J$212,5,0) -> KG | J53: =VLOOKUP($A53,Orçamento!$A$9:$J$212,6,0) -> 10.46 | K53: =VLOOKUP($A53,Orçamento!$A$9:$J$212,8,0) -> 18.3 | L53: =VLOOKUP($A53,Orçamento!$A$9:$J$212,10,0) -> 191.41 | O53: =IF(N53=0,"",TRUNC($K53*N53,2)) | P53: =J53 -> 10.46 | Q53: =IF(P53=0,"",TRUNC($K53*P53,2)) -> 191.41 | S53: =IF(R53=0,"",TRUNC($K53*R53,2)) | U53: =IF(T53=0,"",TRUNC($K53*T53,2)) | W53: =IF(V53=0,"",TRUNC($K53*V53,2)) | Y53: =IF(X53=0,"",TRUNC($K53*X53,2)) | AB53: =SUMIF($N$9:$Y$9,$N$9,N53:Y53) -> 10.46 | AC53: =IF(AB53=J53,"","FALTA") | AD53: =SUMIF($N$9:$Y$9,$O$9,N53:Y53) -> 191.41 | AE53: =IF(AD53=L53,"","FALTA")
A54: 3.1.4 | B54: =VLOOKUP($A54,Orçamento!$A$9:$J$212,4,0) -> FABRICAÇÃO, MONTAGEM E DESMONTAGEM DE FORMA PARA RADIER, PISO DE CONCRETO OU LAJE SOBRE SOLO, EM MADEIRA SERRADA, 4 UTILIZAÇÕES. AF_09/2021 | C54: =IF(N54=0,"",CONCATENATE(N54," ",$I54)) | D54: =IF(P54=0,"",CONCATENATE(P54," ",$I54)) -> 1,41 M2 | E54: =IF(R54=0,"",CONCATENATE(R54," ",$I54)) | F54: =IF(T54=0,"",CONCATENATE(T54," ",$I54)) | G54: =IF(V54=0,"",CONCATENATE(V54," ",$I54)) | H54: =IF(X54=0,"",CONCATENATE(X54," ",$I54)) | I54: =VLOOKUP($A54,Orçamento!$A$9:$J$212,5,0) -> M2 | J54: =VLOOKUP($A54,Orçamento!$A$9:$J$212,6,0) -> 1.41 | K54: =VLOOKUP($A54,Orçamento!$A$9:$J$212,8,0) -> 205.67 | L54: =VLOOKUP($A54,Orçamento!$A$9:$J$212,10,0) -> 289.99 | O54: =IF(N54=0,"",TRUNC($K54*N54,2)) | P54: =J54 -> 1.41 | Q54: =IF(P54=0,"",TRUNC($K54*P54,2)) -> 289.99 | S54: =IF(R54=0,"",TRUNC($K54*R54,2)) | U54: =IF(T54=0,"",TRUNC($K54*T54,2)) | W54: =IF(V54=0,"",TRUNC($K54*V54,2)) | Y54: =IF(X54=0,"",TRUNC($K54*X54,2)) | AB54: =SUMIF($N$9:$Y$9,$N$9,N54:Y54) -> 1.41 | AC54: =IF(AB54=J54,"","FALTA") | AD54: =SUMIF($N$9:$Y$9,$O$9,N54:Y54) -> 289.99 | AE54: =IF(AD54=L54,"","FALTA")
A55: 3.1.5 | B55: =VLOOKUP($A55,Orçamento!$A$9:$J$212,4,0) -> CONCRETAGEM DE RADIER, PISO DE CONCRETO OU LAJE SOBRE SOLO, FCK 30 MPA - LANÇAMENTO, ADENSAMENTO E ACABAMENTO. AF_09/2021 | C55: =IF(N55=0,"",CONCATENATE(N55," ",$I55)) | D55: =IF(P55=0,"",CONCATENATE(P55," ",$I55)) -> 0,71 M3 | E55: =IF(R55=0,"",CONCATENATE(R55," ",$I55)) | F55: =IF(T55=0,"",CONCATENATE(T55," ",$I55)) | G55: =IF(V55=0,"",CONCATENATE(V55," ",$I55)) | H55: =IF(X55=0,"",CONCATENATE(X55," ",$I55)) | I55: =VLOOKUP($A55,Orçamento!$A$9:$J$212,5,0) -> M3 | J55: =VLOOKUP($A55,Orçamento!$A$9:$J$212,6,0) -> 0.71 | K55: =VLOOKUP($A55,Orçamento!$A$9:$J$212,8,0) -> 735.18 | L55: =VLOOKUP($A55,Orçamento!$A$9:$J$212,10,0) -> 521.97 | O55: =IF(N55=0,"",TRUNC($K55*N55,2)) | P55: =J55 -> 0.71 | Q55: =IF(P55=0,"",TRUNC($K55*P55,2)) -> 521.97 | S55: =IF(R55=0,"",TRUNC($K55*R55,2)) | U55: =IF(T55=0,"",TRUNC($K55*T55,2)) | W55: =IF(V55=0,"",TRUNC($K55*V55,2)) | Y55: =IF(X55=0,"",TRUNC($K55*X55,2)) | AB55: =SUMIF($N$9:$Y$9,$N$9,N55:Y55) -> 0.71 | AC55: =IF(AB55=J55,"","FALTA") | AD55: =SUMIF($N$9:$Y$9,$O$9,N55:Y55) -> 521.97 | AE55: =IF(AD55=L55,"","FALTA")
A57: 3.2 | B57: =VLOOKUP($A57,Orçamento!$A$9:$J$212,4,0) -> ALVENARIA | E57: EVENTO 14 | F57: EVENTO 15 | O57: =SUM(O58:O68) -> 0 | Q57: =SUM(Q58:Q68) -> 0 | S57: =SUM(S58:S68) -> 2409.04 | U57: =SUM(U58:U68) -> 1221.09 | W57: =SUM(W58:W68) -> 0 | Y57: =SUM(Y58:Y68) -> 0
A58: 3.2.1 | B58: =VLOOKUP($A58,Orçamento!$A$9:$J$212,4,0) -> ALVENARIA DE BLOCOS DE CONCRETO ESTRUTURAL 14X19X39 CM (ESPESSURA 14 CM), FBK = 4,5 MPA, UTILIZANDO COLHER DE PEDREIRO. AF_10/2022 | C58: =IF(N58=0,"",CONCATENATE(N58," ",$I58)) | D58: =IF(P58=0,"",CONCATENATE(P58," ",$I58)) | E58: =IF(R58=0,"",CONCATENATE(R58," ",$I58)) -> 7,54 M2 | F58: =IF(T58=0,"",CONCATENATE(T58," ",$I58)) | G58: =IF(V58=0,"",CONCATENATE(V58," ",$I58)) | H58: =IF(X58=0,"",CONCATENATE(X58," ",$I58)) | I58: =VLOOKUP($A58,Orçamento!$A$9:$J$212,5,0) -> M2 | J58: =VLOOKUP($A58,Orçamento!$A$9:$J$212,6,0) -> 7.54 | K58: =VLOOKUP($A58,Orçamento!$A$9:$J$212,8,0) -> 141.93 | L58: =VLOOKUP($A58,Orçamento!$A$9:$J$212,10,0) -> 1070.15 | O58: =IF(N58=0,"",TRUNC($K58*N58,2)) | Q58: =IF(P58=0,"",TRUNC($K58*P58,2)) | R58: =J58 -> 7.54 | S58: =IF(R58=0,"",TRUNC($K58*R58,2)) -> 1070.15 | U58: =IF(T58=0,"",TRUNC($K58*T58,2)) | W58: =IF(V58=0,"",TRUNC($K58*V58,2)) | Y58: =IF(X58=0,"",TRUNC($K58*X58,2)) | AB58: =SUMIF($N$9:$Y$9,$N$9,N58:Y58) -> 7.54 | AC58: =IF(AB58=J58,"","FALTA") | AD58: =SUMIF($N$9:$Y$9,$O$9,N58:Y58) -> 1070.15 | AE58: =IF(AD58=L58,"","FALTA")
A59: 3.2.2 | B59: =VLOOKUP($A59,Orçamento!$A$9:$J$212,4,0) -> ARMAÇÃO VERTICAL DE ALVENARIA ESTRUTURAL; DIÂMETRO DE 10,0 MM. AF_09/2021 | C59: =IF(N59=0,"",CONCATENATE(N59," ",$I59)) | D59: =IF(P59=0,"",CONCATENATE(P59," ",$I59)) | E59: =IF(R59=0,"",CONCATENATE(R59," ",$I59)) -> 5 KG | F59: =IF(T59=0,"",CONCATENATE(T59," ",$I59)) | G59: =IF(V59=0,"",CONCATENATE(V59," ",$I59)) | H59: =IF(X59=0,"",CONCATENATE(X59," ",$I59)) | I59: =VLOOKUP($A59,Orçamento!$A$9:$J$212,5,0) -> KG | J59: =VLOOKUP($A59,Orçamento!$A$9:$J$212,6,0) -> 5 | K59: =VLOOKUP($A59,Orçamento!$A$9:$J$212,8,0) -> 12.16 | L59: =VLOOKUP($A59,Orçamento!$A$9:$J$212,10,0) -> 60.8 | O59: =IF(N59=0,"",TRUNC($K59*N59,2)) | Q59: =IF(P59=0,"",TRUNC($K59*P59,2)) | R59: =J59 -> 5 | S59: =IF(R59=0,"",TRUNC($K59*R59,2)) -> 60.8 | U59: =IF(T59=0,"",TRUNC($K59*T59,2)) | W59: =IF(V59=0,"",TRUNC($K59*V59,2)) | Y59: =IF(X59=0,"",TRUNC($K59*X59,2)) | AB59: =SUMIF($N$9:$Y$9,$N$9,N59:Y59) -> 5 | AC59: =IF(AB59=J59,"","FALTA") | AD59: =SUMIF($N$9:$Y$9,$O$9,N59:Y59) -> 60.8 | AE59: =IF(AD59=L59,"","FALTA")
A60: 3.2.3 | B60: =VLOOKUP($A60,Orçamento!$A$9:$J$212,4,0) -> GRAUTEAMENTO VERTICAL EM ALVENARIA ESTRUTURAL. AF_09/2021 | C60: =IF(N60=0,"",CONCATENATE(N60," ",$I60)) | D60: =IF(P60=0,"",CONCATENATE(P60," ",$I60)) | E60: =IF(R60=0,"",CONCATENATE(R60," ",$I60)) -> 0,09 M3 | F60: =IF(T60=0,"",CONCATENATE(T60," ",$I60)) | G60: =IF(V60=0,"",CONCATENATE(V60," ",$I60)) | H60: =IF(X60=0,"",CONCATENATE(X60," ",$I60)) | I60: =VLOOKUP($A60,Orçamento!$A$9:$J$212,5,0) -> M3 | J60: =VLOOKUP($A60,Orçamento!$A$9:$J$212,6,0) -> 0.09 | K60: =VLOOKUP($A60,Orçamento!$A$9:$J$212,8,0) -> 1415.05 | L60: =VLOOKUP($A60,Orçamento!$A$9:$J$212,10,0) -> 127.35 | O60: =IF(N60=0,"",TRUNC($K60*N60,2)) | Q60: =IF(P60=0,"",TRUNC($K60*P60,2)) | R60: =J60 -> 0.09 | S60: =IF(R60=0,"",TRUNC($K60*R60,2)) -> 127.35 | U60: =IF(T60=0,"",TRUNC($K60*T60,2)) | W60: =IF(V60=0,"",TRUNC($K60*V60,2)) | Y60: =IF(X60=0,"",TRUNC($K60*X60,2)) | AB60: =SUMIF($N$9:$Y$9,$N$9,N60:Y60) -> 0.09 | AC60: =IF(AB60=J60,"","FALTA") | AD60: =SUMIF($N$9:$Y$9,$O$9,N60:Y60) -> 127.35 | AE60: =IF(AD60=L60,"","FALTA")
A61: 3.2.4 | B61: =VLOOKUP($A61,Orçamento!$A$9:$J$212,4,0) -> CINTA DE AMARRAÇÃO DE ALVENARIA MOLDADA IN LOCO COM UTILIZAÇÃO DE BLOCOS CANALETA, ESPESSURA DE *15* CM. AF_03/2024 | C61: =IF(N61=0,"",CONCATENATE(N61," ",$I61)) | D61: =IF(P61=0,"",CONCATENATE(P61," ",$I61)) | E61: =IF(R61=0,"",CONCATENATE(R61," ",$I61)) -> 9,42 M | F61: =IF(T61=0,"",CONCATENATE(T61," ",$I61)) | G61: =IF(V61=0,"",CONCATENATE(V61," ",$I61)) | H61: =IF(X61=0,"",CONCATENATE(X61," ",$I61)) | I61: =VLOOKUP($A61,Orçamento!$A$9:$J$212,5,0) -> M | J61: =VLOOKUP($A61,Orçamento!$A$9:$J$212,6,0) -> 9.42 | K61: =VLOOKUP($A61,Orçamento!$A$9:$J$212,8,0) -> 75.2 | L61: =VLOOKUP($A61,Orçamento!$A$9:$J$212,10,0) -> 708.38 | O61: =IF(N61=0,"",TRUNC($K61*N61,2)) | Q61: =IF(P61=0,"",TRUNC($K61*P61,2)) | R61: =J61 -> 9.42 | S61: =IF(R61=0,"",TRUNC($K61*R61,2)) -> 708.38 | U61: =IF(T61=0,"",TRUNC($K61*T61,2)) | W61: =IF(V61=0,"",TRUNC($K61*V61,2)) | Y61: =IF(X61=0,"",TRUNC($K61*X61,2)) | AB61: =SUMIF($N$9:$Y$9,$N$9,N61:Y61) -> 9.42 | AC61: =IF(AB61=J61,"","FALTA") | AD61: =SUMIF($N$9:$Y$9,$O$9,N61:Y61) -> 708.38 | AE61: =IF(AD61=L61,"","FALTA")
A62: 3.2.5 | B62: =VLOOKUP($A62,Orçamento!$A$9:$J$212,4,0) -> CHAPISCO 1:4 COM AREIA GROSSA | C62: =IF(N62=0,"",CONCATENATE(N62," ",$I62)) | D62: =IF(P62=0,"",CONCATENATE(P62," ",$I62)) | E62: =IF(R62=0,"",CONCATENATE(R62," ",$I62)) -> 7,54 M2 | F62: =IF(T62=0,"",CONCATENATE(T62," ",$I62)) | G62: =IF(V62=0,"",CONCATENATE(V62," ",$I62)) | H62: =IF(X62=0,"",CONCATENATE(X62," ",$I62)) | I62: =VLOOKUP($A62,Orçamento!$A$9:$J$212,5,0) -> M2 | J62: =VLOOKUP($A62,Orçamento!$A$9:$J$212,6,0) -> 7.54 | K62: =VLOOKUP($A62,Orçamento!$A$9:$J$212,8,0) -> 8.77 | L62: =VLOOKUP($A62,Orçamento!$A$9:$J$212,10,0) -> 66.12 | O62: =IF(N62=0,"",TRUNC($K62*N62,2)) | Q62: =IF(P62=0,"",TRUNC($K62*P62,2)) | R62: =J62 -> 7.54 | S62: =IF(R62=0,"",TRUNC($K62*R62,2)) -> 66.12 | U62: =IF(T62=0,"",TRUNC($K62*T62,2)) | W62: =IF(V62=0,"",TRUNC($K62*V62,2)) | Y62: =IF(X62=0,"",TRUNC($K62*X62,2)) | AB62: =SUMIF($N$9:$Y$9,$N$9,N62:Y62) -> 7.54 | AC62: =IF(AB62=J62,"","FALTA") | AD62: =SUMIF($N$9:$Y$9,$O$9,N62:Y62) -> 66.12 | AE62: =IF(AD62=L62,"","FALTA")
A63: 3.2.6 | B63: =VLOOKUP($A63,Orçamento!$A$9:$J$212,4,0) -> EMBOÇO COMUM | C63: =IF(N63=0,"",CONCATENATE(N63," ",$I63)) | D63: =IF(P63=0,"",CONCATENATE(P63," ",$I63)) | E63: =IF(R63=0,"",CONCATENATE(R63," ",$I63)) -> 7,54 M2 | F63: =IF(T63=0,"",CONCATENATE(T63," ",$I63)) | G63: =IF(V63=0,"",CONCATENATE(V63," ",$I63)) | H63: =IF(X63=0,"",CONCATENATE(X63," ",$I63)) | I63: =VLOOKUP($A63,Orçamento!$A$9:$J$212,5,0) -> M2 | J63: =VLOOKUP($A63,Orçamento!$A$9:$J$212,6,0) -> 7.54 | K63: =VLOOKUP($A63,Orçamento!$A$9:$J$212,8,0) -> 31.25 | L63: =VLOOKUP($A63,Orçamento!$A$9:$J$212,10,0) -> 235.62 | O63: =IF(N63=0,"",TRUNC($K63*N63,2)) | Q63: =IF(P63=0,"",TRUNC($K63*P63,2)) | R63: =J63 -> 7.54 | S63: =IF(R63=0,"",TRUNC($K63*R63,2)) -> 235.62 | U63: =IF(T63=0,"",TRUNC($K63*T63,2)) | W63: =IF(V63=0,"",TRUNC($K63*V63,2)) | Y63: =IF(X63=0,"",TRUNC($K63*X63,2)) | AB63: =SUMIF($N$9:$Y$9,$N$9,N63:Y63) -> 7.54 | AC63: =IF(AB63=J63,"","FALTA") | AD63: =SUMIF($N$9:$Y$9,$O$9,N63:Y63) -> 235.62 | AE63: =IF(AD63=L63,"","FALTA")
A64: 3.2.7 | B64: =VLOOKUP($A64,Orçamento!$A$9:$J$212,4,0) -> REBOCO | C64: =IF(N64=0,"",CONCATENATE(N64," ",$I64)) | D64: =IF(P64=0,"",CONCATENATE(P64," ",$I64)) | E64: =IF(R64=0,"",CONCATENATE(R64," ",$I64)) -> 7,54 M2 | F64: =IF(T64=0,"",CONCATENATE(T64," ",$I64)) | G64: =IF(V64=0,"",CONCATENATE(V64," ",$I64)) | H64: =IF(X64=0,"",CONCATENATE(X64," ",$I64)) | I64: =VLOOKUP($A64,Orçamento!$A$9:$J$212,5,0) -> M2 | J64: =VLOOKUP($A64,Orçamento!$A$9:$J$212,6,0) -> 7.54 | K64: =VLOOKUP($A64,Orçamento!$A$9:$J$212,8,0) -> 18.65 | L64: =VLOOKUP($A64,Orçamento!$A$9:$J$212,10,0) -> 140.62 | O64: =IF(N64=0,"",TRUNC($K64*N64,2)) | Q64: =IF(P64=0,"",TRUNC($K64*P64,2)) | R64: =J64 -> 7.54 | S64: =IF(R64=0,"",TRUNC($K64*R64,2)) -> 140.62 | U64: =IF(T64=0,"",TRUNC($K64*T64,2)) | W64: =IF(V64=0,"",TRUNC($K64*V64,2)) | Y64: =IF(X64=0,"",TRUNC($K64*X64,2)) | AB64: =SUMIF($N$9:$Y$9,$N$9,N64:Y64) -> 7.54 | AC64: =IF(AB64=J64,"","FALTA") | AD64: =SUMIF($N$9:$Y$9,$O$9,N64:Y64) -> 140.62 | AE64: =IF(AD64=L64,"","FALTA")
A65: 3.2.8 | B65: =VLOOKUP($A65,Orçamento!$A$9:$J$212,4,0) -> APLICAÇÃO MANUAL DE FUNDO SELADOR ACRÍLICO EM PAREDES EXTERNAS DE CASAS. AF_03/2024 | C65: =IF(N65=0,"",CONCATENATE(N65," ",$I65)) | D65: =IF(P65=0,"",CONCATENATE(P65," ",$I65)) | E65: =IF(R65=0,"",CONCATENATE(R65," ",$I65)) | F65: =IF(T65=0,"",CONCATENATE(T65," ",$I65)) -> 7,54 M2 | G65: =IF(V65=0,"",CONCATENATE(V65," ",$I65)) | H65: =IF(X65=0,"",CONCATENATE(X65," ",$I65)) | I65: =VLOOKUP($A65,Orçamento!$A$9:$J$212,5,0) -> M2 | J65: =VLOOKUP($A65,Orçamento!$A$9:$J$212,6,0) -> 7.54 | K65: =VLOOKUP($A65,Orçamento!$A$9:$J$212,8,0) -> 6.99 | L65: =VLOOKUP($A65,Orçamento!$A$9:$J$212,10,0) -> 52.7 | O65: =IF(N65=0,"",TRUNC($K65*N65,2)) | Q65: =IF(P65=0,"",TRUNC($K65*P65,2)) | S65: =IF(R65=0,"",TRUNC($K65*R65,2)) | T65: =J65 -> 7.54 | U65: =IF(T65=0,"",TRUNC($K65*T65,2)) -> 52.7 | W65: =IF(V65=0,"",TRUNC($K65*V65,2)) | Y65: =IF(X65=0,"",TRUNC($K65*X65,2)) | AB65: =SUMIF($N$9:$Y$9,$N$9,N65:Y65) -> 7.54 | AC65: =IF(AB65=J65,"","FALTA") | AD65: =SUMIF($N$9:$Y$9,$O$9,N65:Y65) -> 52.7 | AE65: =IF(AD65=L65,"","FALTA")
A66: 3.2.9 | B66: =VLOOKUP($A66,Orçamento!$A$9:$J$212,4,0) -> TEXTURA ACRÍLICA PARA USO INTERNO / EXTERNO, INCLUSIVE PREPARO | C66: =IF(N66=0,"",CONCATENATE(N66," ",$I66)) | D66: =IF(P66=0,"",CONCATENATE(P66," ",$I66)) | E66: =IF(R66=0,"",CONCATENATE(R66," ",$I66)) | F66: =IF(T66=0,"",CONCATENATE(T66," ",$I66)) -> 7,54 M2 | G66: =IF(V66=0,"",CONCATENATE(V66," ",$I66)) | H66: =IF(X66=0,"",CONCATENATE(X66," ",$I66)) | I66: =VLOOKUP($A66,Orçamento!$A$9:$J$212,5,0) -> M2 | J66: =VLOOKUP($A66,Orçamento!$A$9:$J$212,6,0) -> 7.54 | K66: =VLOOKUP($A66,Orçamento!$A$9:$J$212,8,0) -> 58.14 | L66: =VLOOKUP($A66,Orçamento!$A$9:$J$212,10,0) -> 438.37 | O66: =IF(N66=0,"",TRUNC($K66*N66,2)) | Q66: =IF(P66=0,"",TRUNC($K66*P66,2)) | S66: =IF(R66=0,"",TRUNC($K66*R66,2)) | T66: =J66 -> 7.54 | U66: =IF(T66=0,"",TRUNC($K66*T66,2)) -> 438.37 | W66: =IF(V66=0,"",TRUNC($K66*V66,2)) | Y66: =IF(X66=0,"",TRUNC($K66*X66,2)) | AB66: =SUMIF($N$9:$Y$9,$N$9,N66:Y66) -> 7.54 | AC66: =IF(AB66=J66,"","FALTA") | AD66: =SUMIF($N$9:$Y$9,$O$9,N66:Y66) -> 438.37 | AE66: =IF(AD66=L66,"","FALTA")
A67: 3.2.10 | B67: =VLOOKUP($A67,Orçamento!$A$9:$J$212,4,0) -> APLICAÇÃO MANUAL DE TINTA LÁTEX ACRÍLICA EM PAREDE EXTERNAS DE CASAS, DUAS DEMÃOS. AF_03/2024 | C67: =IF(N67=0,"",CONCATENATE(N67," ",$I67)) | D67: =IF(P67=0,"",CONCATENATE(P67," ",$I67)) | E67: =IF(R67=0,"",CONCATENATE(R67," ",$I67)) | F67: =IF(T67=0,"",CONCATENATE(T67," ",$I67)) -> 7,54 M2 | G67: =IF(V67=0,"",CONCATENATE(V67," ",$I67)) | H67: =IF(X67=0,"",CONCATENATE(X67," ",$I67)) | I67: =VLOOKUP($A67,Orçamento!$A$9:$J$212,5,0) -> M2 | J67: =VLOOKUP($A67,Orçamento!$A$9:$J$212,6,0) -> 7.54 | K67: =VLOOKUP($A67,Orçamento!$A$9:$J$212,8,0) -> 22.65 | L67: =VLOOKUP($A67,Orçamento!$A$9:$J$212,10,0) -> 170.78 | O67: =IF(N67=0,"",TRUNC($K67*N67,2)) | Q67: =IF(P67=0,"",TRUNC($K67*P67,2)) | S67: =IF(R67=0,"",TRUNC($K67*R67,2)) | T67: =J67 -> 7.54 | U67: =IF(T67=0,"",TRUNC($K67*T67,2)) -> 170.78 | W67: =IF(V67=0,"",TRUNC($K67*V67,2)) | Y67: =IF(X67=0,"",TRUNC($K67*X67,2)) | AB67: =SUMIF($N$9:$Y$9,$N$9,N67:Y67) -> 7.54 | AC67: =IF(AB67=J67,"","FALTA") | AD67: =SUMIF($N$9:$Y$9,$O$9,N67:Y67) -> 170.78 | AE67: =IF(AD67=L67,"","FALTA")
A68: 3.2.11 | B68: =VLOOKUP($A68,Orçamento!$A$9:$J$212,4,0) -> PINTURA DE SÍMBOLOS E TEXTOS COM TINTA ACRÍLICA, DEMARCAÇÃO COM FITA ADESIVA E APLICAÇÃO COM ROLO. AF_05/2021 | C68: =IF(N68=0,"",CONCATENATE(N68," ",$I68)) | D68: =IF(P68=0,"",CONCATENATE(P68," ",$I68)) | E68: =IF(R68=0,"",CONCATENATE(R68," ",$I68)) | F68: =IF(T68=0,"",CONCATENATE(T68," ",$I68)) -> 7,54 M2 | G68: =IF(V68=0,"",CONCATENATE(V68," ",$I68)) | H68: =IF(X68=0,"",CONCATENATE(X68," ",$I68)) | I68: =VLOOKUP($A68,Orçamento!$A$9:$J$212,5,0) -> M2 | J68: =VLOOKUP($A68,Orçamento!$A$9:$J$212,6,0) -> 7.54 | K68: =VLOOKUP($A68,Orçamento!$A$9:$J$212,8,0) -> 74.17 | L68: =VLOOKUP($A68,Orçamento!$A$9:$J$212,10,0) -> 559.24 | O68: =IF(N68=0,"",TRUNC($K68*N68,2)) | Q68: =IF(P68=0,"",TRUNC($K68*P68,2)) | S68: =IF(R68=0,"",TRUNC($K68*R68,2)) | T68: =J68 -> 7.54 | U68: =IF(T68=0,"",TRUNC($K68*T68,2)) -> 559.24 | W68: =IF(V68=0,"",TRUNC($K68*V68,2)) | Y68: =IF(X68=0,"",TRUNC($K68*X68,2)) | AB68: =SUMIF($N$9:$Y$9,$N$9,N68:Y68) -> 7.54 | AC68: =IF(AB68=J68,"","FALTA") | AD68: =SUMIF($N$9:$Y$9,$O$9,N68:Y68) -> 559.24 | AE68: =IF(AD68=L68,"","FALTA")
A70: 3.3 | B70: =VLOOKUP($A70,Orçamento!$A$9:$J$212,4,0) -> LAJE | E70: EVENTO 16 | F70: EVENTO 17 | O70: =SUM(O71:O80) -> 0 | Q70: =SUM(Q71:Q80) -> 0 | S70: =SUM(S71:S80) -> 2318.73 | U70: =SUM(U71:U80) -> 620.58 | W70: =SUM(W71:W80) -> 0 | Y70: =SUM(Y71:Y80) -> 0
A71: 3.3.1 | B71: =VLOOKUP($A71,Orçamento!$A$9:$J$212,4,0) -> LAJE PRÉ-FABRICADA UNIDIRECIONAL EM VIGA TRELIÇADA/LAJOTA EM EPS LT 12 (8 + 4), COM CAPA DE CONCRETO DE 25 MPA | C71: =IF(N71=0,"",CONCATENATE(N71," ",$I71)) | D71: =IF(P71=0,"",CONCATENATE(P71," ",$I71)) | E71: =IF(R71=0,"",CONCATENATE(R71," ",$I71)) -> 7,07 M2 | F71: =IF(T71=0,"",CONCATENATE(T71," ",$I71)) | G71: =IF(V71=0,"",CONCATENATE(V71," ",$I71)) | H71: =IF(X71=0,"",CONCATENATE(X71," ",$I71)) | I71: =VLOOKUP($A71,Orçamento!$A$9:$J$212,5,0) -> M2 | J71: =VLOOKUP($A71,Orçamento!$A$9:$J$212,6,0) -> 7.07 | K71: =VLOOKUP($A71,Orçamento!$A$9:$J$212,8,0) -> 221.36 | L71: =VLOOKUP($A71,Orçamento!$A$9:$J$212,10,0) -> 1565.01 | O71: =IF(N71=0,"",TRUNC($K71*N71,2)) | Q71: =IF(P71=0,"",TRUNC($K71*P71,2)) | R71: =J71 -> 7.07 | S71: =IF(R71=0,"",TRUNC($K71*R71,2)) -> 1565.01 | U71: =IF(T71=0,"",TRUNC($K71*T71,2)) | W71: =IF(V71=0,"",TRUNC($K71*V71,2)) | Y71: =IF(X71=0,"",TRUNC($K71*X71,2)) | AB71: =SUMIF($N$9:$Y$9,$N$9,N71:Y71) -> 7.07 | AC71: =IF(AB71=J71,"","FALTA") | AD71: =SUMIF($N$9:$Y$9,$O$9,N71:Y71) -> 1565.01 | AE71: =IF(AD71=L71,"","FALTA")
A72: 3.3.2 | B72: =VLOOKUP($A72,Orçamento!$A$9:$J$212,4,0) -> ARMADURA EM TELA SOLDADA DE AÇO | C72: =IF(N72=0,"",CONCATENATE(N72," ",$I72)) | D72: =IF(P72=0,"",CONCATENATE(P72," ",$I72)) | E72: =IF(R72=0,"",CONCATENATE(R72," ",$I72)) -> 10,46 KG | F72: =IF(T72=0,"",CONCATENATE(T72," ",$I72)) | G72: =IF(V72=0,"",CONCATENATE(V72," ",$I72)) | H72: =IF(X72=0,"",CONCATENATE(X72," ",$I72)) | I72: =VLOOKUP($A72,Orçamento!$A$9:$J$212,5,0) -> KG | J72: =VLOOKUP($A72,Orçamento!$A$9:$J$212,6,0) -> 10.46 | K72: =VLOOKUP($A72,Orçamento!$A$9:$J$212,8,0) -> 12 | L72: =VLOOKUP($A72,Orçamento!$A$9:$J$212,10,0) -> 125.52 | O72: =IF(N72=0,"",TRUNC($K72*N72,2)) | Q72: =IF(P72=0,"",TRUNC($K72*P72,2)) | R72: =J72 -> 10.46 | S72: =IF(R72=0,"",TRUNC($K72*R72,2)) -> 125.52 | U72: =IF(T72=0,"",TRUNC($K72*T72,2)) | W72: =IF(V72=0,"",TRUNC($K72*V72,2)) | Y72: =IF(X72=0,"",TRUNC($K72*X72,2)) | AB72: =SUMIF($N$9:$Y$9,$N$9,N72:Y72) -> 10.46 | AC72: =IF(AB72=J72,"","FALTA") | AD72: =SUMIF($N$9:$Y$9,$O$9,N72:Y72) -> 125.52 | AE72: =IF(AD72=L72,"","FALTA")
A73: 3.3.3 | B73: =VLOOKUP($A73,Orçamento!$A$9:$J$212,4,0) -> ARMADURA EM BARRA DE AÇO CA-50 (A OU B) FYK = 500 MPA | C73: =IF(N73=0,"",CONCATENATE(N73," ",$I73)) | D73: =IF(P73=0,"",CONCATENATE(P73," ",$I73)) | E73: =IF(R73=0,"",CONCATENATE(R73," ",$I73)) -> 5,29 KG | F73: =IF(T73=0,"",CONCATENATE(T73," ",$I73)) | G73: =IF(V73=0,"",CONCATENATE(V73," ",$I73)) | H73: =IF(X73=0,"",CONCATENATE(X73," ",$I73)) | I73: =VLOOKUP($A73,Orçamento!$A$9:$J$212,5,0) -> KG | J73: =VLOOKUP($A73,Orçamento!$A$9:$J$212,6,0) -> 5.29 | K73: =VLOOKUP($A73,Orçamento!$A$9:$J$212,8,0) -> 12.52 | L73: =VLOOKUP($A73,Orçamento!$A$9:$J$212,10,0) -> 66.23 | O73: =IF(N73=0,"",TRUNC($K73*N73,2)) | Q73: =IF(P73=0,"",TRUNC($K73*P73,2)) | R73: =J73 -> 5.29 | S73: =IF(R73=0,"",TRUNC($K73*R73,2)) -> 66.23 | U73: =IF(T73=0,"",TRUNC($K73*T73,2)) | W73: =IF(V73=0,"",TRUNC($K73*V73,2)) | Y73: =IF(X73=0,"",TRUNC($K73*X73,2)) | AB73: =SUMIF($N$9:$Y$9,$N$9,N73:Y73) -> 5.29 | AC73: =IF(AB73=J73,"","FALTA") | AD73: =SUMIF($N$9:$Y$9,$O$9,N73:Y73) -> 66.23 | AE73: =IF(AD73=L73,"","FALTA")
A74: 3.3.4 | B74: =VLOOKUP($A74,Orçamento!$A$9:$J$212,4,0) -> IMPERMEABILIZAÇÃO EM ARGAMASSA POLIMÉRICA PARA UMIDADE E ÁGUA DE PERCOLAÇÃO | C74: =IF(N74=0,"",CONCATENATE(N74," ",$I74)) | D74: =IF(P74=0,"",CONCATENATE(P74," ",$I74)) | E74: =IF(R74=0,"",CONCATENATE(R74," ",$I74)) -> 7,07 M2 | F74: =IF(T74=0,"",CONCATENATE(T74," ",$I74)) | G74: =IF(V74=0,"",CONCATENATE(V74," ",$I74)) | H74: =IF(X74=0,"",CONCATENATE(X74," ",$I74)) | I74: =VLOOKUP($A74,Orçamento!$A$9:$J$212,5,0) -> M2 | J74: =VLOOKUP($A74,Orçamento!$A$9:$J$212,6,0) -> 7.07 | K74: =VLOOKUP($A74,Orçamento!$A$9:$J$212,8,0) -> 19.71 | L74: =VLOOKUP($A74,Orçamento!$A$9:$J$212,10,0) -> 139.34 | O74: =IF(N74=0,"",TRUNC($K74*N74,2)) | Q74: =IF(P74=0,"",TRUNC($K74*P74,2)) | R74: =J74 -> 7.07 | S74: =IF(R74=0,"",TRUNC($K74*R74,2)) -> 139.34 | U74: =IF(T74=0,"",TRUNC($K74*T74,2)) | W74: =IF(V74=0,"",TRUNC($K74*V74,2)) | Y74: =IF(X74=0,"",TRUNC($K74*X74,2)) | AB74: =SUMIF($N$9:$Y$9,$N$9,N74:Y74) -> 7.07 | AC74: =IF(AB74=J74,"","FALTA") | AD74: =SUMIF($N$9:$Y$9,$O$9,N74:Y74) -> 139.34 | AE74: =IF(AD74=L74,"","FALTA")
A75: 3.3.5 | B75: =VLOOKUP($A75,Orçamento!$A$9:$J$212,4,0) -> CHAPISCO | C75: =IF(N75=0,"",CONCATENATE(N75," ",$I75)) | D75: =IF(P75=0,"",CONCATENATE(P75," ",$I75)) | E75: =IF(R75=0,"",CONCATENATE(R75," ",$I75)) -> 7,07 M2 | F75: =IF(T75=0,"",CONCATENATE(T75," ",$I75)) | G75: =IF(V75=0,"",CONCATENATE(V75," ",$I75)) | H75: =IF(X75=0,"",CONCATENATE(X75," ",$I75)) | I75: =VLOOKUP($A75,Orçamento!$A$9:$J$212,5,0) -> M2 | J75: =VLOOKUP($A75,Orçamento!$A$9:$J$212,6,0) -> 7.07 | K75: =VLOOKUP($A75,Orçamento!$A$9:$J$212,8,0) -> 9.88 | L75: =VLOOKUP($A75,Orçamento!$A$9:$J$212,10,0) -> 69.85 | O75: =IF(N75=0,"",TRUNC($K75*N75,2)) | Q75: =IF(P75=0,"",TRUNC($K75*P75,2)) | R75: =J75 -> 7.07 | S75: =IF(R75=0,"",TRUNC($K75*R75,2)) -> 69.85 | U75: =IF(T75=0,"",TRUNC($K75*T75,2)) | W75: =IF(V75=0,"",TRUNC($K75*V75,2)) | Y75: =IF(X75=0,"",TRUNC($K75*X75,2)) | AB75: =SUMIF($N$9:$Y$9,$N$9,N75:Y75) -> 7.07 | AC75: =IF(AB75=J75,"","FALTA") | AD75: =SUMIF($N$9:$Y$9,$O$9,N75:Y75) -> 69.85 | AE75: =IF(AD75=L75,"","FALTA")
A76: 3.3.6 | B76: =VLOOKUP($A76,Orçamento!$A$9:$J$212,4,0) -> EMBOÇO COMUM | C76: =IF(N76=0,"",CONCATENATE(N76," ",$I76)) | D76: =IF(P76=0,"",CONCATENATE(P76," ",$I76)) | E76: =IF(R76=0,"",CONCATENATE(R76," ",$I76)) -> 7,07 M2 | F76: =IF(T76=0,"",CONCATENATE(T76," ",$I76)) | G76: =IF(V76=0,"",CONCATENATE(V76," ",$I76)) | H76: =IF(X76=0,"",CONCATENATE(X76," ",$I76)) | I76: =VLOOKUP($A76,Orçamento!$A$9:$J$212,5,0) -> M2 | J76: =VLOOKUP($A76,Orçamento!$A$9:$J$212,6,0) -> 7.07 | K76: =VLOOKUP($A76,Orçamento!$A$9:$J$212,8,0) -> 31.25 | L76: =VLOOKUP($A76,Orçamento!$A$9:$J$212,10,0) -> 220.93 | O76: =IF(N76=0,"",TRUNC($K76*N76,2)) | Q76: =IF(P76=0,"",TRUNC($K76*P76,2)) | R76: =J76 -> 7.07 | S76: =IF(R76=0,"",TRUNC($K76*R76,2)) -> 220.93 | U76: =IF(T76=0,"",TRUNC($K76*T76,2)) | W76: =IF(V76=0,"",TRUNC($K76*V76,2)) | Y76: =IF(X76=0,"",TRUNC($K76*X76,2)) | AB76: =SUMIF($N$9:$Y$9,$N$9,N76:Y76) -> 7.07 | AC76: =IF(AB76=J76,"","FALTA") | AD76: =SUMIF($N$9:$Y$9,$O$9,N76:Y76) -> 220.93 | AE76: =IF(AD76=L76,"","FALTA")
A77: 3.3.7 | B77: =VLOOKUP($A77,Orçamento!$A$9:$J$212,4,0) -> REBOCO | C77: =IF(N77=0,"",CONCATENATE(N77," ",$I77)) | D77: =IF(P77=0,"",CONCATENATE(P77," ",$I77)) | E77: =IF(R77=0,"",CONCATENATE(R77," ",$I77)) -> 7,07 M2 | F77: =IF(T77=0,"",CONCATENATE(T77," ",$I77)) | G77: =IF(V77=0,"",CONCATENATE(V77," ",$I77)) | H77: =IF(X77=0,"",CONCATENATE(X77," ",$I77)) | I77: =VLOOKUP($A77,Orçamento!$A$9:$J$212,5,0) -> M2 | J77: =VLOOKUP($A77,Orçamento!$A$9:$J$212,6,0) -> 7.07 | K77: =VLOOKUP($A77,Orçamento!$A$9:$J$212,8,0) -> 18.65 | L77: =VLOOKUP($A77,Orçamento!$A$9:$J$212,10,0) -> 131.85 | O77: =IF(N77=0,"",TRUNC($K77*N77,2)) | Q77: =IF(P77=0,"",TRUNC($K77*P77,2)) | R77: =J77 -> 7.07 | S77: =IF(R77=0,"",TRUNC($K77*R77,2)) -> 131.85 | U77: =IF(T77=0,"",TRUNC($K77*T77,2)) | W77: =IF(V77=0,"",TRUNC($K77*V77,2)) | Y77: =IF(X77=0,"",TRUNC($K77*X77,2)) | AB77: =SUMIF($N$9:$Y$9,$N$9,N77:Y77) -> 7.07 | AC77: =IF(AB77=J77,"","FALTA") | AD77: =SUMIF($N$9:$Y$9,$O$9,N77:Y77) -> 131.85 | AE77: =IF(AD77=L77,"","FALTA")
A78: 3.3.8 | B78: =VLOOKUP($A78,Orçamento!$A$9:$J$212,4,0) -> APLICAÇÃO MANUAL DE FUNDO SELADOR ACRÍLICO EM PAREDES EXTERNAS DE CASAS. AF_03/2024 | C78: =IF(N78=0,"",CONCATENATE(N78," ",$I78)) | D78: =IF(P78=0,"",CONCATENATE(P78," ",$I78)) | E78: =IF(R78=0,"",CONCATENATE(R78," ",$I78)) | F78: =IF(T78=0,"",CONCATENATE(T78," ",$I78)) -> 7,07 M2 | G78: =IF(V78=0,"",CONCATENATE(V78," ",$I78)) | H78: =IF(X78=0,"",CONCATENATE(X78," ",$I78)) | I78: =VLOOKUP($A78,Orçamento!$A$9:$J$212,5,0) -> M2 | J78: =VLOOKUP($A78,Orçamento!$A$9:$J$212,6,0) -> 7.07 | K78: =VLOOKUP($A78,Orçamento!$A$9:$J$212,8,0) -> 6.99 | L78: =VLOOKUP($A78,Orçamento!$A$9:$J$212,10,0) -> 49.41 | O78: =IF(N78=0,"",TRUNC($K78*N78,2)) | Q78: =IF(P78=0,"",TRUNC($K78*P78,2)) | S78: =IF(R78=0,"",TRUNC($K78*R78,2)) | T78: =J78 -> 7.07 | U78: =IF(T78=0,"",TRUNC($K78*T78,2)) -> 49.41 | W78: =IF(V78=0,"",TRUNC($K78*V78,2)) | Y78: =IF(X78=0,"",TRUNC($K78*X78,2)) | AB78: =SUMIF($N$9:$Y$9,$N$9,N78:Y78) -> 7.07 | AC78: =IF(AB78=J78,"","FALTA") | AD78: =SUMIF($N$9:$Y$9,$O$9,N78:Y78) -> 49.41 | AE78: =IF(AD78=L78,"","FALTA")
A79: 3.3.9 | B79: =VLOOKUP($A79,Orçamento!$A$9:$J$212,4,0) -> TEXTURA ACRÍLICA PARA USO INTERNO / EXTERNO, INCLUSIVE PREPARO | C79: =IF(N79=0,"",CONCATENATE(N79," ",$I79)) | D79: =IF(P79=0,"",CONCATENATE(P79," ",$I79)) | E79: =IF(R79=0,"",CONCATENATE(R79," ",$I79)) | F79: =IF(T79=0,"",CONCATENATE(T79," ",$I79)) -> 7,07 M2 | G79: =IF(V79=0,"",CONCATENATE(V79," ",$I79)) | H79: =IF(X79=0,"",CONCATENATE(X79," ",$I79)) | I79: =VLOOKUP($A79,Orçamento!$A$9:$J$212,5,0) -> M2 | J79: =VLOOKUP($A79,Orçamento!$A$9:$J$212,6,0) -> 7.07 | K79: =VLOOKUP($A79,Orçamento!$A$9:$J$212,8,0) -> 58.14 | L79: =VLOOKUP($A79,Orçamento!$A$9:$J$212,10,0) -> 411.04 | O79: =IF(N79=0,"",TRUNC($K79*N79,2)) | Q79: =IF(P79=0,"",TRUNC($K79*P79,2)) | S79: =IF(R79=0,"",TRUNC($K79*R79,2)) | T79: =J79 -> 7.07 | U79: =IF(T79=0,"",TRUNC($K79*T79,2)) -> 411.04 | W79: =IF(V79=0,"",TRUNC($K79*V79,2)) | Y79: =IF(X79=0,"",TRUNC($K79*X79,2)) | AB79: =SUMIF($N$9:$Y$9,$N$9,N79:Y79) -> 7.07 | AC79: =IF(AB79=J79,"","FALTA") | AD79: =SUMIF($N$9:$Y$9,$O$9,N79:Y79) -> 411.04 | AE79: =IF(AD79=L79,"","FALTA")
A80: 3.3.10 | B80: =VLOOKUP($A80,Orçamento!$A$9:$J$212,4,0) -> APLICAÇÃO MANUAL DE TINTA LÁTEX ACRÍLICA EM PAREDE EXTERNAS DE CASAS, DUAS DEMÃOS. AF_03/2024 | C80: =IF(N80=0,"",CONCATENATE(N80," ",$I80)) | D80: =IF(P80=0,"",CONCATENATE(P80," ",$I80)) | E80: =IF(R80=0,"",CONCATENATE(R80," ",$I80)) | F80: =IF(T80=0,"",CONCATENATE(T80," ",$I80)) -> 7,07 M2 | G80: =IF(V80=0,"",CONCATENATE(V80," ",$I80)) | H80: =IF(X80=0,"",CONCATENATE(X80," ",$I80)) | I80: =VLOOKUP($A80,Orçamento!$A$9:$J$212,5,0) -> M2 | J80: =VLOOKUP($A80,Orçamento!$A$9:$J$212,6,0) -> 7.07 | K80: =VLOOKUP($A80,Orçamento!$A$9:$J$212,8,0) -> 22.65 | L80: =VLOOKUP($A80,Orçamento!$A$9:$J$212,10,0) -> 160.13 | O80: =IF(N80=0,"",TRUNC($K80*N80,2)) | Q80: =IF(P80=0,"",TRUNC($K80*P80,2)) | S80: =IF(R80=0,"",TRUNC($K80*R80,2)) | T80: =J80 -> 7.07 | U80: =IF(T80=0,"",TRUNC($K80*T80,2)) -> 160.13 | W80: =IF(V80=0,"",TRUNC($K80*V80,2)) | Y80: =IF(X80=0,"",TRUNC($K80*X80,2)) | AB80: =SUMIF($N$9:$Y$9,$N$9,N80:Y80) -> 7.07 | AC80: =IF(AB80=J80,"","FALTA") | AD80: =SUMIF($N$9:$Y$9,$O$9,N80:Y80) -> 160.13 | AE80: =IF(AD80=L80,"","FALTA")
A82: 4 | B82: =VLOOKUP($A82,Orçamento!$A$9:$J$212,4,0) -> MONUMENTO EM CONCRETO ARMADO
A83: 4.1 | B83: =VLOOKUP($A83,Orçamento!$A$9:$J$212,4,0) -> FUNDAÇÃO | C83: EVENTO 18 | D83: EVENTO 19 | F83: EVENTO 20 | O83: =SUM(O84:O93) -> 296.4 | Q83: =SUM(Q84:Q93) -> 5428.88 | S83: =SUM(S84:S93) -> 0 | U83: =SUM(U84:U93) -> 142.23 | W83: =SUM(W84:W93) -> 0 | Y83: =SUM(Y84:Y93) -> 0
A84: 4.1.1 | B84: =VLOOKUP($A84,Orçamento!$A$9:$J$212,4,0) -> ESCAVAÇÃO MANUAL EM SOLO DE 1ª E 2ª CATEGORIA EM VALA OU CAVA ALÉM DE 1,5 M | C84: =IF(N84=0,"",CONCATENATE(N84," ",$I84)) -> 2,62 M3 | D84: =IF(P84=0,"",CONCATENATE(P84," ",$I84)) | E84: =IF(R84=0,"",CONCATENATE(R84," ",$I84)) | F84: =IF(T84=0,"",CONCATENATE(T84," ",$I84)) | G84: =IF(V84=0,"",CONCATENATE(V84," ",$I84)) | H84: =IF(X84=0,"",CONCATENATE(X84," ",$I84)) | I84: =VLOOKUP($A84,Orçamento!$A$9:$J$212,5,0) -> M3 | J84: =VLOOKUP($A84,Orçamento!$A$9:$J$212,6,0) -> 2.62 | K84: =VLOOKUP($A84,Orçamento!$A$9:$J$212,8,0) -> 113.13 | L84: =VLOOKUP($A84,Orçamento!$A$9:$J$212,10,0) -> 296.4 | N84: =J84 -> 2.62 | O84: =IF(N84=0,"",TRUNC($K84*N84,2)) -> 296.4 | Q84: =IF(P84=0,"",TRUNC($K84*P84,2)) | S84: =IF(R84=0,"",TRUNC($K84*R84,2)) | U84: =IF(T84=0,"",TRUNC($K84*T84,2)) | W84: =IF(V84=0,"",TRUNC($K84*V84,2)) | Y84: =IF(X84=0,"",TRUNC($K84*X84,2)) | AB84: =SUMIF($N$9:$Y$9,$N$9,N84:Y84) -> 2.62 | AC84: =IF(AB84=J84,"","FALTA") | AD84: =SUMIF($N$9:$Y$9,$O$9,N84:Y84) -> 296.4 | AE84: =IF(AD84=L84,"","FALTA")
A85: 4.1.2 | B85: =VLOOKUP($A85,Orçamento!$A$9:$J$212,4,0) -> BROCA EM CONCRETO ARMADO DIÂMETRO DE 20 CM - COMPLETA | C85: =IF(N85=0,"",CONCATENATE(N85," ",$I85)) | D85: =IF(P85=0,"",CONCATENATE(P85," ",$I85)) -> 36 M | E85: =IF(R85=0,"",CONCATENATE(R85," ",$I85)) | F85: =IF(T85=0,"",CONCATENATE(T85," ",$I85)) | G85: =IF(V85=0,"",CONCATENATE(V85," ",$I85)) | H85: =IF(X85=0,"",CONCATENATE(X85," ",$I85)) | I85: =VLOOKUP($A85,Orçamento!$A$9:$J$212,5,0) -> M | J85: =VLOOKUP($A85,Orçamento!$A$9:$J$212,6,0) -> 36 | K85: =VLOOKUP($A85,Orçamento!$A$9:$J$212,8,0) -> 91.14 | L85: =VLOOKUP($A85,Orçamento!$A$9:$J$212,10,0) -> 3281.04 | O85: =IF(N85=0,"",TRUNC($K85*N85,2)) | P85: =J85 -> 36 | Q85: =IF(P85=0,"",TRUNC($K85*P85,2)) -> 3281.04 | S85: =IF(R85=0,"",TRUNC($K85*R85,2)) | U85: =IF(T85=0,"",TRUNC($K85*T85,2)) | W85: =IF(V85=0,"",TRUNC($K85*V85,2)) | Y85: =IF(X85=0,"",TRUNC($K85*X85,2)) | AB85: =SUMIF($N$9:$Y$9,$N$9,N85:Y85) -> 36 | AC85: =IF(AB85=J85,"","FALTA") | AD85: =SUMIF($N$9:$Y$9,$O$9,N85:Y85) -> 3281.04 | AE85: =IF(AD85=L85,"","FALTA")
A86: 4.1.3 | B86: =VLOOKUP($A86,Orçamento!$A$9:$J$212,4,0) -> ARMADURA EM BARRA DE AÇO CA-50 (A OU B) FYK = 500 MPA | C86: =IF(N86=0,"",CONCATENATE(N86," ",$I86)) | D86: =IF(P86=0,"",CONCATENATE(P86," ",$I86)) -> 35,82 KG | E86: =IF(R86=0,"",CONCATENATE(R86," ",$I86)) | F86: =IF(T86=0,"",CONCATENATE(T86," ",$I86)) | G86: =IF(V86=0,"",CONCATENATE(V86," ",$I86)) | H86: =IF(X86=0,"",CONCATENATE(X86," ",$I86)) | I86: =VLOOKUP($A86,Orçamento!$A$9:$J$212,5,0) -> KG | J86: =VLOOKUP($A86,Orçamento!$A$9:$J$212,6,0) -> 35.82 | K86: =VLOOKUP($A86,Orçamento!$A$9:$J$212,8,0) -> 12.52 | L86: =VLOOKUP($A86,Orçamento!$A$9:$J$212,10,0) -> 448.46 | O86: =IF(N86=0,"",TRUNC($K86*N86,2)) | P86: =J86 -> 35.82 | Q86: =IF(P86=0,"",TRUNC($K86*P86,2)) -> 448.46 | S86: =IF(R86=0,"",TRUNC($K86*R86,2)) | U86: =IF(T86=0,"",TRUNC($K86*T86,2)) | W86: =IF(V86=0,"",TRUNC($K86*V86,2)) | Y86: =IF(X86=0,"",TRUNC($K86*X86,2)) | AB86: =SUMIF($N$9:$Y$9,$N$9,N86:Y86) -> 35.82 | AC86: =IF(AB86=J86,"","FALTA") | AD86: =SUMIF($N$9:$Y$9,$O$9,N86:Y86) -> 448.46 | AE86: =IF(AD86=L86,"","FALTA")
A87: 4.1.4 | B87: =VLOOKUP($A87,Orçamento!$A$9:$J$212,4,0) -> LASTRO COM MATERIAL GRANULAR, APLICADO EM PISOS OU LAJES SOBRE SOLO, ESPESSURA DE *5 CM*. AF_01/2024 | C87: =IF(N87=0,"",CONCATENATE(N87," ",$I87)) | D87: =IF(P87=0,"",CONCATENATE(P87," ",$I87)) -> 0,3 M3 | E87: =IF(R87=0,"",CONCATENATE(R87," ",$I87)) | F87: =IF(T87=0,"",CONCATENATE(T87," ",$I87)) | G87: =IF(V87=0,"",CONCATENATE(V87," ",$I87)) | H87: =IF(X87=0,"",CONCATENATE(X87," ",$I87)) | I87: =VLOOKUP($A87,Orçamento!$A$9:$J$212,5,0) -> M3 | J87: =VLOOKUP($A87,Orçamento!$A$9:$J$212,6,0) -> 0.3 | K87: =VLOOKUP($A87,Orçamento!$A$9:$J$212,8,0) -> 261.78 | L87: =VLOOKUP($A87,Orçamento!$A$9:$J$212,10,0) -> 78.53 | O87: =IF(N87=0,"",TRUNC($K87*N87,2)) | P87: =J87 -> 0.3 | Q87: =IF(P87=0,"",TRUNC($K87*P87,2)) -> 78.53 | S87: =IF(R87=0,"",TRUNC($K87*R87,2)) | U87: =IF(T87=0,"",TRUNC($K87*T87,2)) | W87: =IF(V87=0,"",TRUNC($K87*V87,2)) | Y87: =IF(X87=0,"",TRUNC($K87*X87,2)) | AB87: =SUMIF($N$9:$Y$9,$N$9,N87:Y87) -> 0.3 | AC87: =IF(AB87=J87,"","FALTA") | AD87: =SUMIF($N$9:$Y$9,$O$9,N87:Y87) -> 78.53 | AE87: =IF(AD87=L87,"","FALTA")
A88: 4.1.5 | B88: =VLOOKUP($A88,Orçamento!$A$9:$J$212,4,0) -> ARMAÇÃO PARA EXECUÇÃO DE RADIER, PISO DE CONCRETO OU LAJE SOBRE SOLO, COM USO DE TELA Q-92. AF_09/2021 | C88: =IF(N88=0,"",CONCATENATE(N88," ",$I88)) | D88: =IF(P88=0,"",CONCATENATE(P88," ",$I88)) -> 8,79 KG | E88: =IF(R88=0,"",CONCATENATE(R88," ",$I88)) | F88: =IF(T88=0,"",CONCATENATE(T88," ",$I88)) | G88: =IF(V88=0,"",CONCATENATE(V88," ",$I88)) | H88: =IF(X88=0,"",CONCATENATE(X88," ",$I88)) | I88: =VLOOKUP($A88,Orçamento!$A$9:$J$212,5,0) -> KG | J88: =VLOOKUP($A88,Orçamento!$A$9:$J$212,6,0) -> 8.79 | K88: =VLOOKUP($A88,Orçamento!$A$9:$J$212,8,0) -> 18.3 | L88: =VLOOKUP($A88,Orçamento!$A$9:$J$212,10,0) -> 160.85 | O88: =IF(N88=0,"",TRUNC($K88*N88,2)) | P88: =J88 -> 8.79 | Q88: =IF(P88=0,"",TRUNC($K88*P88,2)) -> 160.85 | S88: =IF(R88=0,"",TRUNC($K88*R88,2)) | U88: =IF(T88=0,"",TRUNC($K88*T88,2)) | W88: =IF(V88=0,"",TRUNC($K88*V88,2)) | Y88: =IF(X88=0,"",TRUNC($K88*X88,2)) | AB88: =SUMIF($N$9:$Y$9,$N$9,N88:Y88) -> 8.79 | AC88: =IF(AB88=J88,"","FALTA") | AD88: =SUMIF($N$9:$Y$9,$O$9,N88:Y88) -> 160.85 | AE88: =IF(AD88=L88,"","FALTA")
A89: 4.1.6 | B89: =VLOOKUP($A89,Orçamento!$A$9:$J$212,4,0) -> FABRICAÇÃO, MONTAGEM E DESMONTAGEM DE FORMA PARA RADIER, PISO DE CONCRETO OU LAJE SOBRE SOLO, EM MADEIRA SERRADA, 4 UTILIZAÇÕES. AF_09/2021 | C89: =IF(N89=0,"",CONCATENATE(N89," ",$I89)) | D89: =IF(P89=0,"",CONCATENATE(P89," ",$I89)) -> 2,45 M2 | E89: =IF(R89=0,"",CONCATENATE(R89," ",$I89)) | F89: =IF(T89=0,"",CONCATENATE(T89," ",$I89)) | G89: =IF(V89=0,"",CONCATENATE(V89," ",$I89)) | H89: =IF(X89=0,"",CONCATENATE(X89," ",$I89)) | I89: =VLOOKUP($A89,Orçamento!$A$9:$J$212,5,0) -> M2 | J89: =VLOOKUP($A89,Orçamento!$A$9:$J$212,6,0) -> 2.45 | K89: =VLOOKUP($A89,Orçamento!$A$9:$J$212,8,0) -> 205.67 | L89: =VLOOKUP($A89,Orçamento!$A$9:$J$212,10,0) -> 503.89 | O89: =IF(N89=0,"",TRUNC($K89*N89,2)) | P89: =J89 -> 2.45 | Q89: =IF(P89=0,"",TRUNC($K89*P89,2)) -> 503.89 | S89: =IF(R89=0,"",TRUNC($K89*R89,2)) | U89: =IF(T89=0,"",TRUNC($K89*T89,2)) | W89: =IF(V89=0,"",TRUNC($K89*V89,2)) | Y89: =IF(X89=0,"",TRUNC($K89*X89,2)) | AB89: =SUMIF($N$9:$Y$9,$N$9,N89:Y89) -> 2.45 | AC89: =IF(AB89=J89,"","FALTA") | AD89: =SUMIF($N$9:$Y$9,$O$9,N89:Y89) -> 503.89 | AE89: =IF(AD89=L89,"","FALTA")
A90: 4.1.7 | B90: =VLOOKUP($A90,Orçamento!$A$9:$J$212,4,0) -> CONCRETAGEM DE RADIER, PISO DE CONCRETO OU LAJE SOBRE SOLO, FCK 30 MPA - LANÇAMENTO, ADENSAMENTO E ACABAMENTO. AF_09/2021 | C90: =IF(N90=0,"",CONCATENATE(N90," ",$I90)) | D90: =IF(P90=0,"",CONCATENATE(P90," ",$I90)) -> 1,19 M3 | E90: =IF(R90=0,"",CONCATENATE(R90," ",$I90)) | F90: =IF(T90=0,"",CONCATENATE(T90," ",$I90)) | G90: =IF(V90=0,"",CONCATENATE(V90," ",$I90)) | H90: =IF(X90=0,"",CONCATENATE(X90," ",$I90)) | I90: =VLOOKUP($A90,Orçamento!$A$9:$J$212,5,0) -> M3 | J90: =VLOOKUP($A90,Orçamento!$A$9:$J$212,6,0) -> 1.19 | K90: =VLOOKUP($A90,Orçamento!$A$9:$J$212,8,0) -> 735.18 | L90: =VLOOKUP($A90,Orçamento!$A$9:$J$212,10,0) -> 874.86 | O90: =IF(N90=0,"",TRUNC($K90*N90,2)) | P90: =J90 -> 1.19 | Q90: =IF(P90=0,"",TRUNC($K90*P90,2)) -> 874.86 | S90: =IF(R90=0,"",TRUNC($K90*R90,2)) | U90: =IF(T90=0,"",TRUNC($K90*T90,2)) | W90: =IF(V90=0,"",TRUNC($K90*V90,2)) | Y90: =IF(X90=0,"",TRUNC($K90*X90,2)) | AB90: =SUMIF($N$9:$Y$9,$N$9,N90:Y90) -> 1.19 | AC90: =IF(AB90=J90,"","FALTA") | AD90: =SUMIF($N$9:$Y$9,$O$9,N90:Y90) -> 874.86 | AE90: =IF(AD90=L90,"","FALTA")
A91: 4.1.8 | B91: =VLOOKUP($A91,Orçamento!$A$9:$J$212,4,0) -> NIVELAMENTO DE PISO EM CONCRETO COM ACABADORA DE SUPERFÍCIE | C91: =IF(N91=0,"",CONCATENATE(N91," ",$I91)) | D91: =IF(P91=0,"",CONCATENATE(P91," ",$I91)) -> 3,96 M2 | E91: =IF(R91=0,"",CONCATENATE(R91," ",$I91)) | F91: =IF(T91=0,"",CONCATENATE(T91," ",$I91)) | G91: =IF(V91=0,"",CONCATENATE(V91," ",$I91)) | H91: =IF(X91=0,"",CONCATENATE(X91," ",$I91)) | I91: =VLOOKUP($A91,Orçamento!$A$9:$J$212,5,0) -> M2 | J91: =VLOOKUP($A91,Orçamento!$A$9:$J$212,6,0) -> 3.96 | K91: =VLOOKUP($A91,Orçamento!$A$9:$J$212,8,0) -> 20.52 | L91: =VLOOKUP($A91,Orçamento!$A$9:$J$212,10,0) -> 81.25 | O91: =IF(N91=0,"",TRUNC($K91*N91,2)) | P91: =J91 -> 3.96 | Q91: =IF(P91=0,"",TRUNC($K91*P91,2)) -> 81.25 | S91: =IF(R91=0,"",TRUNC($K91*R91,2)) | U91: =IF(T91=0,"",TRUNC($K91*T91,2)) | W91: =IF(V91=0,"",TRUNC($K91*V91,2)) | Y91: =IF(X91=0,"",TRUNC($K91*X91,2)) | AB91: =SUMIF($N$9:$Y$9,$N$9,N91:Y91) -> 3.96 | AC91: =IF(AB91=J91,"","FALTA") | AD91: =SUMIF($N$9:$Y$9,$O$9,N91:Y91) -> 81.25 | AE91: =IF(AD91=L91,"","FALTA")
A92: 4.1.9 | B92: =VLOOKUP($A92,Orçamento!$A$9:$J$212,4,0) -> PREPARO DO PISO CIMENTADO PARA PINTURA - LIXAMENTO E LIMPEZA. AF_05/2021 | C92: =IF(N92=0,"",CONCATENATE(N92," ",$I92)) | D92: =IF(P92=0,"",CONCATENATE(P92," ",$I92)) | E92: =IF(R92=0,"",CONCATENATE(R92," ",$I92)) | F92: =IF(T92=0,"",CONCATENATE(T92," ",$I92)) -> 3,96 M2 | G92: =IF(V92=0,"",CONCATENATE(V92," ",$I92)) | H92: =IF(X92=0,"",CONCATENATE(X92," ",$I92)) | I92: =VLOOKUP($A92,Orçamento!$A$9:$J$212,5,0) -> M2 | J92: =VLOOKUP($A92,Orçamento!$A$9:$J$212,6,0) -> 3.96 | K92: =VLOOKUP($A92,Orçamento!$A$9:$J$212,8,0) -> 5.8 | L92: =VLOOKUP($A92,Orçamento!$A$9:$J$212,10,0) -> 22.96 | O92: =IF(N92=0,"",TRUNC($K92*N92,2)) | Q92: =IF(P92=0,"",TRUNC($K92*P92,2)) | S92: =IF(R92=0,"",TRUNC($K92*R92,2)) | T92: =J92 -> 3.96 | U92: =IF(T92=0,"",TRUNC($K92*T92,2)) -> 22.96 | W92: =IF(V92=0,"",TRUNC($K92*V92,2)) | Y92: =IF(X92=0,"",TRUNC($K92*X92,2)) | AB92: =SUMIF($N$9:$Y$9,$N$9,N92:Y92) -> 3.96 | AC92: =IF(AB92=J92,"","FALTA") | AD92: =SUMIF($N$9:$Y$9,$O$9,N92:Y92) -> 22.96 | AE92: =IF(AD92=L92,"","FALTA")
A93: 4.1.10 | B93: =VLOOKUP($A93,Orçamento!$A$9:$J$212,4,0) -> PINTURA DE PISO COM TINTA ACRÍLICA, APLICAÇÃO MANUAL, 2 DEMÃOS, INCLUSO FUNDO PREPARADOR. AF_05/2021 | C93: =IF(N93=0,"",CONCATENATE(N93," ",$I93)) | D93: =IF(P93=0,"",CONCATENATE(P93," ",$I93)) | E93: =IF(R93=0,"",CONCATENATE(R93," ",$I93)) | F93: =IF(T93=0,"",CONCATENATE(T93," ",$I93)) -> 3,96 M2 | G93: =IF(V93=0,"",CONCATENATE(V93," ",$I93)) | H93: =IF(X93=0,"",CONCATENATE(X93," ",$I93)) | I93: =VLOOKUP($A93,Orçamento!$A$9:$J$212,5,0) -> M2 | J93: =VLOOKUP($A93,Orçamento!$A$9:$J$212,6,0) -> 3.96 | K93: =VLOOKUP($A93,Orçamento!$A$9:$J$212,8,0) -> 30.12 | L93: =VLOOKUP($A93,Orçamento!$A$9:$J$212,10,0) -> 119.27 | O93: =IF(N93=0,"",TRUNC($K93*N93,2)) | Q93: =IF(P93=0,"",TRUNC($K93*P93,2)) | S93: =IF(R93=0,"",TRUNC($K93*R93,2)) | T93: =J93 -> 3.96 | U93: =IF(T93=0,"",TRUNC($K93*T93,2)) -> 119.27 | W93: =IF(V93=0,"",TRUNC($K93*V93,2)) | Y93: =IF(X93=0,"",TRUNC($K93*X93,2)) | AB93: =SUMIF($N$9:$Y$9,$N$9,N93:Y93) -> 3.96 | AC93: =IF(AB93=J93,"","FALTA") | AD93: =SUMIF($N$9:$Y$9,$O$9,N93:Y93) -> 119.27 | AE93: =IF(AD93=L93,"","FALTA")
A95: 4.2 | B95: =VLOOKUP($A95,Orçamento!$A$9:$J$212,4,0) -> ESTRUTURA | D95: EVENTO 21 | E95: EVENTO 22 | O95: =SUM(O96:O102) -> 0 | Q95: =SUM(Q96:Q102) -> 3533.38 | S95: =SUM(S96:S102) -> 10150.44 | U95: =SUM(U96:U102) -> 0 | W95: =SUM(W96:W102) -> 0 | Y95: =SUM(Y96:Y102) -> 0
A96: 4.2.1 | B96: =VLOOKUP($A96,Orçamento!$A$9:$J$212,4,0) -> ARMADURA EM BARRA DE AÇO CA-50 (A OU B) FYK = 500 MPA | C96: =IF(N96=0,"",CONCATENATE(N96," ",$I96)) | D96: =IF(P96=0,"",CONCATENATE(P96," ",$I96)) -> 226,31 KG | E96: =IF(R96=0,"",CONCATENATE(R96," ",$I96)) | F96: =IF(T96=0,"",CONCATENATE(T96," ",$I96)) | G96: =IF(V96=0,"",CONCATENATE(V96," ",$I96)) | H96: =IF(X96=0,"",CONCATENATE(X96," ",$I96)) | I96: =VLOOKUP($A96,Orçamento!$A$9:$J$212,5,0) -> KG | J96: =VLOOKUP($A96,Orçamento!$A$9:$J$212,6,0) -> 226.31 | K96: =VLOOKUP($A96,Orçamento!$A$9:$J$212,8,0) -> 12.52 | L96: =VLOOKUP($A96,Orçamento!$A$9:$J$212,10,0) -> 2833.4 | O96: =IF(N96=0,"",TRUNC($K96*N96,2)) | P96: =J96 -> 226.31 | Q96: =IF(P96=0,"",TRUNC($K96*P96,2)) -> 2833.4 | S96: =IF(R96=0,"",TRUNC($K96*R96,2)) | U96: =IF(T96=0,"",TRUNC($K96*T96,2)) | W96: =IF(V96=0,"",TRUNC($K96*V96,2)) | Y96: =IF(X96=0,"",TRUNC($K96*X96,2)) | AB96: =SUMIF($N$9:$Y$9,$N$9,N96:Y96) -> 226.31 | AC96: =IF(AB96=J96,"","FALTA") | AD96: =SUMIF($N$9:$Y$9,$O$9,N96:Y96) -> 2833.4 | AE96: =IF(AD96=L96,"","FALTA")
A97: 4.2.2 | B97: =VLOOKUP($A97,Orçamento!$A$9:$J$212,4,0) -> ARMADURA EM BARRA DE AÇO CA-60 (A OU B) FYK = 600 MPA | C97: =IF(N97=0,"",CONCATENATE(N97," ",$I97)) | D97: =IF(P97=0,"",CONCATENATE(P97," ",$I97)) -> 29,4 KG | E97: =IF(R97=0,"",CONCATENATE(R97," ",$I97)) | F97: =IF(T97=0,"",CONCATENATE(T97," ",$I97)) | G97: =IF(V97=0,"",CONCATENATE(V97," ",$I97)) | H97: =IF(X97=0,"",CONCATENATE(X97," ",$I97)) | I97: =VLOOKUP($A97,Orçamento!$A$9:$J$212,5,0) -> KG | J97: =VLOOKUP($A97,Orçamento!$A$9:$J$212,6,0) -> 29.4 | K97: =VLOOKUP($A97,Orçamento!$A$9:$J$212,8,0) -> 12.99 | L97: =VLOOKUP($A97,Orçamento!$A$9:$J$212,10,0) -> 381.9 | O97: =IF(N97=0,"",TRUNC($K97*N97,2)) | P97: =J97 -> 29.4 | Q97: =IF(P97=0,"",TRUNC($K97*P97,2)) -> 381.9 | S97: =IF(R97=0,"",TRUNC($K97*R97,2)) | U97: =IF(T97=0,"",TRUNC($K97*T97,2)) | W97: =IF(V97=0,"",TRUNC($K97*V97,2)) | Y97: =IF(X97=0,"",TRUNC($K97*X97,2)) | AB97: =SUMIF($N$9:$Y$9,$N$9,N97:Y97) -> 29.4 | AC97: =IF(AB97=J97,"","FALTA") | AD97: =SUMIF($N$9:$Y$9,$O$9,N97:Y97) -> 381.9 | AE97: =IF(AD97=L97,"","FALTA")
A98: 4.2.3 | B98: =VLOOKUP($A98,Orçamento!$A$9:$J$212,4,0) -> ARMAÇÃO DO SISTEMA DE PAREDES DE CONCRETO, EXECUTADA EM PLATIBANDAS, TELA Q-92. AF_12/2024_PS | C98: =IF(N98=0,"",CONCATENATE(N98," ",$I98)) | D98: =IF(P98=0,"",CONCATENATE(P98," ",$I98)) -> 23,44 KG | E98: =IF(R98=0,"",CONCATENATE(R98," ",$I98)) | F98: =IF(T98=0,"",CONCATENATE(T98," ",$I98)) | G98: =IF(V98=0,"",CONCATENATE(V98," ",$I98)) | H98: =IF(X98=0,"",CONCATENATE(X98," ",$I98)) | I98: =VLOOKUP($A98,Orçamento!$A$9:$J$212,5,0) -> KG | J98: =VLOOKUP($A98,Orçamento!$A$9:$J$212,6,0) -> 23.44 | K98: =VLOOKUP($A98,Orçamento!$A$9:$J$212,8,0) -> 13.57 | L98: =VLOOKUP($A98,Orçamento!$A$9:$J$212,10,0) -> 318.08 | O98: =IF(N98=0,"",TRUNC($K98*N98,2)) | P98: =J98 -> 23.44 | Q98: =IF(P98=0,"",TRUNC($K98*P98,2)) -> 318.08 | S98: =IF(R98=0,"",TRUNC($K98*R98,2)) | U98: =IF(T98=0,"",TRUNC($K98*T98,2)) | W98: =IF(V98=0,"",TRUNC($K98*V98,2)) | Y98: =IF(X98=0,"",TRUNC($K98*X98,2)) | AB98: =SUMIF($N$9:$Y$9,$N$9,N98:Y98) -> 23.44 | AC98: =IF(AB98=J98,"","FALTA") | AD98: =SUMIF($N$9:$Y$9,$O$9,N98:Y98) -> 318.08 | AE98: =IF(AD98=L98,"","FALTA")
A99: 4.2.4 | B99: =VLOOKUP($A99,Orçamento!$A$9:$J$212,4,0) -> FORMA PLANA EM COMPENSADO PARA OBRA DE ARTE, SEM CIMBRAMENTO | C99: =IF(N99=0,"",CONCATENATE(N99," ",$I99)) | D99: =IF(P99=0,"",CONCATENATE(P99," ",$I99)) | E99: =IF(R99=0,"",CONCATENATE(R99," ",$I99)) -> 34,78 M2 | F99: =IF(T99=0,"",CONCATENATE(T99," ",$I99)) | G99: =IF(V99=0,"",CONCATENATE(V99," ",$I99)) | H99: =IF(X99=0,"",CONCATENATE(X99," ",$I99)) | I99: =VLOOKUP($A99,Orçamento!$A$9:$J$212,5,0) -> M2 | J99: =VLOOKUP($A99,Orçamento!$A$9:$J$212,6,0) -> 34.78 | K99: =VLOOKUP($A99,Orçamento!$A$9:$J$212,8,0) -> 179.59 | L99: =VLOOKUP($A99,Orçamento!$A$9:$J$212,10,0) -> 6246.14 | O99: =IF(N99=0,"",TRUNC($K99*N99,2)) | Q99: =IF(P99=0,"",TRUNC($K99*P99,2)) | R99: =J99 -> 34.78 | S99: =IF(R99=0,"",TRUNC($K99*R99,2)) -> 6246.14 | U99: =IF(T99=0,"",TRUNC($K99*T99,2)) | W99: =IF(V99=0,"",TRUNC($K99*V99,2)) | Y99: =IF(X99=0,"",TRUNC($K99*X99,2)) | AB99: =SUMIF($N$9:$Y$9,$N$9,N99:Y99) -> 34.78 | AC99: =IF(AB99=J99,"","FALTA") | AD99: =SUMIF($N$9:$Y$9,$O$9,N99:Y99) -> 6246.14 | AE99: =IF(AD99=L99,"","FALTA")
A100: 4.2.5 | B100: =VLOOKUP($A100,Orçamento!$A$9:$J$212,4,0) -> CIMBRAMENTO TUBULAR METÁLICO | C100: =IF(N100=0,"",CONCATENATE(N100," ",$I100)) | D100: =IF(P100=0,"",CONCATENATE(P100," ",$I100)) | E100: =IF(R100=0,"",CONCATENATE(R100," ",$I100)) -> 82,25 M3MES | F100: =IF(T100=0,"",CONCATENATE(T100," ",$I100)) | G100: =IF(V100=0,"",CONCATENATE(V100," ",$I100)) | H100: =IF(X100=0,"",CONCATENATE(X100," ",$I100)) | I100: =VLOOKUP($A100,Orçamento!$A$9:$J$212,5,0) -> M3MES | J100: =VLOOKUP($A100,Orçamento!$A$9:$J$212,6,0) -> 82.25 | K100: =VLOOKUP($A100,Orçamento!$A$9:$J$212,8,0) -> 15.39 | L100: =VLOOKUP($A100,Orçamento!$A$9:$J$212,10,0) -> 1265.82 | O100: =IF(N100=0,"",TRUNC($K100*N100,2)) | Q100: =IF(P100=0,"",TRUNC($K100*P100,2)) | R100: =J100 -> 82.25 | S100: =IF(R100=0,"",TRUNC($K100*R100,2)) -> 1265.82 | U100: =IF(T100=0,"",TRUNC($K100*T100,2)) | W100: =IF(V100=0,"",TRUNC($K100*V100,2)) | Y100: =IF(X100=0,"",TRUNC($K100*X100,2)) | AB100: =SUMIF($N$9:$Y$9,$N$9,N100:Y100) -> 82.25 | AC100: =IF(AB100=J100,"","FALTA") | AD100: =SUMIF($N$9:$Y$9,$O$9,N100:Y100) -> 1265.82 | AE100: =IF(AD100=L100,"","FALTA")
A101: 4.2.6 | B101: =VLOOKUP($A101,Orçamento!$A$9:$J$212,4,0) -> CONCRETO FCK = 25MPA, TRAÇO 1:2,3:2,7 (EM MASSA SECA DE CIMENTO/ AREIA MÉDIA/ BRITA 1) - PREPARO MECÂNICO COM BETONEIRA 400 L. AF_05/2021 | C101: =IF(N101=0,"",CONCATENATE(N101," ",$I101)) | D101: =IF(P101=0,"",CONCATENATE(P101," ",$I101)) | E101: =IF(R101=0,"",CONCATENATE(R101," ",$I101)) -> 2,38 M3 | F101: =IF(T101=0,"",CONCATENATE(T101," ",$I101)) | G101: =IF(V101=0,"",CONCATENATE(V101," ",$I101)) | H101: =IF(X101=0,"",CONCATENATE(X101," ",$I101)) | I101: =VLOOKUP($A101,Orçamento!$A$9:$J$212,5,0) -> M3 | J101: =VLOOKUP($A101,Orçamento!$A$9:$J$212,6,0) -> 2.38 | K101: =VLOOKUP($A101,Orçamento!$A$9:$J$212,8,0) -> 613.33 | L101: =VLOOKUP($A101,Orçamento!$A$9:$J$212,10,0) -> 1459.72 | O101: =IF(N101=0,"",TRUNC($K101*N101,2)) | Q101: =IF(P101=0,"",TRUNC($K101*P101,2)) | R101: =J101 -> 2.38 | S101: =IF(R101=0,"",TRUNC($K101*R101,2)) -> 1459.72 | U101: =IF(T101=0,"",TRUNC($K101*T101,2)) | W101: =IF(V101=0,"",TRUNC($K101*V101,2)) | Y101: =IF(X101=0,"",TRUNC($K101*X101,2)) | AB101: =SUMIF($N$9:$Y$9,$N$9,N101:Y101) -> 2.38 | AC101: =IF(AB101=J101,"","FALTA") | AD101: =SUMIF($N$9:$Y$9,$O$9,N101:Y101) -> 1459.72 | AE101: =IF(AD101=L101,"","FALTA")
A102: 4.2.7 | B102: =VLOOKUP($A102,Orçamento!$A$9:$J$212,4,0) -> LANÇAMENTO COM USO DE BALDES, ADENSAMENTO E ACABAMENTO DE CONCRETO EM ESTRUTURAS. AF_02/2022 | C102: =IF(N102=0,"",CONCATENATE(N102," ",$I102)) | D102: =IF(P102=0,"",CONCATENATE(P102," ",$I102)) | E102: =IF(R102=0,"",CONCATENATE(R102," ",$I102)) -> 2,38 M3 | F102: =IF(T102=0,"",CONCATENATE(T102," ",$I102)) | G102: =IF(V102=0,"",CONCATENATE(V102," ",$I102)) | H102: =IF(X102=0,"",CONCATENATE(X102," ",$I102)) | I102: =VLOOKUP($A102,Orçamento!$A$9:$J$212,5,0) -> M3 | J102: =VLOOKUP($A102,Orçamento!$A$9:$J$212,6,0) -> 2.38 | K102: =VLOOKUP($A102,Orçamento!$A$9:$J$212,8,0) -> 495.28 | L102: =VLOOKUP($A102,Orçamento!$A$9:$J$212,10,0) -> 1178.76 | O102: =IF(N102=0,"",TRUNC($K102*N102,2)) | Q102: =IF(P102=0,"",TRUNC($K102*P102,2)) | R102: =J102 -> 2.38 | S102: =IF(R102=0,"",TRUNC($K102*R102,2)) -> 1178.76 | U102: =IF(T102=0,"",TRUNC($K102*T102,2)) | W102: =IF(V102=0,"",TRUNC($K102*V102,2)) | Y102: =IF(X102=0,"",TRUNC($K102*X102,2)) | AB102: =SUMIF($N$9:$Y$9,$N$9,N102:Y102) -> 2.38 | AC102: =IF(AB102=J102,"","FALTA") | AD102: =SUMIF($N$9:$Y$9,$O$9,N102:Y102) -> 1178.76 | AE102: =IF(AD102=L102,"","FALTA")
A104: 4.3 | B104: =VLOOKUP($A104,Orçamento!$A$9:$J$212,4,0) -> ACABAMENTO | F104: EVENTO 23 | O104: =SUM(O105:O109) -> 0 | Q104: =SUM(Q105:Q109) -> 0 | S104: =SUM(S105:S109) -> 0 | U104: =SUM(U105:U109) -> 4295.11 | W104: =SUM(W105:W109) -> 0 | Y104: =SUM(Y105:Y109) -> 0
A105: 4.3.1 | B105: =VLOOKUP($A105,Orçamento!$A$9:$J$212,4,0) -> RESINA ACRÍLICA PLASTIFICANTE | C105: =IF(N105=0,"",CONCATENATE(N105," ",$I105)) | D105: =IF(P105=0,"",CONCATENATE(P105," ",$I105)) | E105: =IF(R105=0,"",CONCATENATE(R105," ",$I105)) | F105: =IF(T105=0,"",CONCATENATE(T105," ",$I105)) -> 34,78 M2 | G105: =IF(V105=0,"",CONCATENATE(V105," ",$I105)) | H105: =IF(X105=0,"",CONCATENATE(X105," ",$I105)) | I105: =VLOOKUP($A105,Orçamento!$A$9:$J$212,5,0) -> M2 | J105: =VLOOKUP($A105,Orçamento!$A$9:$J$212,6,0) -> 34.78 | K105: =VLOOKUP($A105,Orçamento!$A$9:$J$212,8,0) -> 40.39 | L105: =VLOOKUP($A105,Orçamento!$A$9:$J$212,10,0) -> 1404.76 | O105: =IF(N105=0,"",TRUNC($K105*N105,2)) | Q105: =IF(P105=0,"",TRUNC($K105*P105,2)) | S105: =IF(R105=0,"",TRUNC($K105*R105,2)) | T105: =J105 -> 34.78 | U105: =IF(T105=0,"",TRUNC($K105*T105,2)) -> 1404.76 | W105: =IF(V105=0,"",TRUNC($K105*V105,2)) | Y105: =IF(X105=0,"",TRUNC($K105*X105,2)) | AB105: =SUMIF($N$9:$Y$9,$N$9,N105:Y105) -> 34.78 | AC105: =IF(AB105=J105,"","FALTA") | AD105: =SUMIF($N$9:$Y$9,$O$9,N105:Y105) -> 1404.76 | AE105: =IF(AD105=L105,"","FALTA")
A106: 4.3.2 | B106: =VLOOKUP($A106,Orçamento!$A$9:$J$212,4,0) -> MOBILIÁRIO EM CONCRETO ARMADO PRÉ-MOLDADO - FCK= 25 MPA | C106: =IF(N106=0,"",CONCATENATE(N106," ",$I106)) | D106: =IF(P106=0,"",CONCATENATE(P106," ",$I106)) | E106: =IF(R106=0,"",CONCATENATE(R106," ",$I106)) | F106: =IF(T106=0,"",CONCATENATE(T106," ",$I106)) -> 0,24 M3 | G106: =IF(V106=0,"",CONCATENATE(V106," ",$I106)) | H106: =IF(X106=0,"",CONCATENATE(X106," ",$I106)) | I106: =VLOOKUP($A106,Orçamento!$A$9:$J$212,5,0) -> M3 | J106: =VLOOKUP($A106,Orçamento!$A$9:$J$212,6,0) -> 0.24 | K106: =VLOOKUP($A106,Orçamento!$A$9:$J$212,8,0) -> 3956.41 | L106: =VLOOKUP($A106,Orçamento!$A$9:$J$212,10,0) -> 949.53 | O106: =IF(N106=0,"",TRUNC($K106*N106,2)) | Q106: =IF(P106=0,"",TRUNC($K106*P106,2)) | S106: =IF(R106=0,"",TRUNC($K106*R106,2)) | T106: =J106 -> 0.24 | U106: =IF(T106=0,"",TRUNC($K106*T106,2)) -> 949.53 | W106: =IF(V106=0,"",TRUNC($K106*V106,2)) | Y106: =IF(X106=0,"",TRUNC($K106*X106,2)) | AB106: =SUMIF($N$9:$Y$9,$N$9,N106:Y106) -> 0.24 | AC106: =IF(AB106=J106,"","FALTA") | AD106: =SUMIF($N$9:$Y$9,$O$9,N106:Y106) -> 949.53 | AE106: =IF(AD106=L106,"","FALTA")
A107: 4.3.3 | B107: =VLOOKUP($A107,Orçamento!$A$9:$J$212,4,0) -> CORRIMÃO EM TUBO DE AÇO INOXIDÁVEL ESCOVADO, DIÂMETRO DE 1 1/2´ E MONTANTES COM DIÂMETRO DE 2´ | C107: =IF(N107=0,"",CONCATENATE(N107," ",$I107)) | D107: =IF(P107=0,"",CONCATENATE(P107," ",$I107)) | E107: =IF(R107=0,"",CONCATENATE(R107," ",$I107)) | F107: =IF(T107=0,"",CONCATENATE(T107," ",$I107)) -> 1,6 M | G107: =IF(V107=0,"",CONCATENATE(V107," ",$I107)) | H107: =IF(X107=0,"",CONCATENATE(X107," ",$I107)) | I107: =VLOOKUP($A107,Orçamento!$A$9:$J$212,5,0) -> M | J107: =VLOOKUP($A107,Orçamento!$A$9:$J$212,6,0) -> 1.6 | K107: =VLOOKUP($A107,Orçamento!$A$9:$J$212,8,0) -> 785.49 | L107: =VLOOKUP($A107,Orçamento!$A$9:$J$212,10,0) -> 1256.78 | O107: =IF(N107=0,"",TRUNC($K107*N107,2)) | Q107: =IF(P107=0,"",TRUNC($K107*P107,2)) | S107: =IF(R107=0,"",TRUNC($K107*R107,2)) | T107: =J107 -> 1.6 | U107: =IF(T107=0,"",TRUNC($K107*T107,2)) -> 1256.78 | W107: =IF(V107=0,"",TRUNC($K107*V107,2)) | Y107: =IF(X107=0,"",TRUNC($K107*X107,2)) | AB107: =SUMIF($N$9:$Y$9,$N$9,N107:Y107) -> 1.6 | AC107: =IF(AB107=J107,"","FALTA") | AD107: =SUMIF($N$9:$Y$9,$O$9,N107:Y107) -> 1256.78 | AE107: =IF(AD107=L107,"","FALTA")
A108: 4.3.4 | B108: =VLOOKUP($A108,Orçamento!$A$9:$J$212,4,0) -> PLACA DE IDENTIFICAÇÃO EM ACRÍLICO COM TEXTO EM VINIL | C108: =IF(N108=0,"",CONCATENATE(N108," ",$I108)) | D108: =IF(P108=0,"",CONCATENATE(P108," ",$I108)) | E108: =IF(R108=0,"",CONCATENATE(R108," ",$I108)) | F108: =IF(T108=0,"",CONCATENATE(T108," ",$I108)) -> 0,18 M2 | G108: =IF(V108=0,"",CONCATENATE(V108," ",$I108)) | H108: =IF(X108=0,"",CONCATENATE(X108," ",$I108)) | I108: =VLOOKUP($A108,Orçamento!$A$9:$J$212,5,0) -> M2 | J108: =VLOOKUP($A108,Orçamento!$A$9:$J$212,6,0) -> 0.18 | K108: =VLOOKUP($A108,Orçamento!$A$9:$J$212,8,0) -> 2094.34 | L108: =VLOOKUP($A108,Orçamento!$A$9:$J$212,10,0) -> 376.98 | O108: =IF(N108=0,"",TRUNC($K108*N108,2)) | Q108: =IF(P108=0,"",TRUNC($K108*P108,2)) | S108: =IF(R108=0,"",TRUNC($K108*R108,2)) | T108: =J108 -> 0.18 | U108: =IF(T108=0,"",TRUNC($K108*T108,2)) -> 376.98 | W108: =IF(V108=0,"",TRUNC($K108*V108,2)) | Y108: =IF(X108=0,"",TRUNC($K108*X108,2)) | AB108: =SUMIF($N$9:$Y$9,$N$9,N108:Y108) -> 0.18 | AC108: =IF(AB108=J108,"","FALTA") | AD108: =SUMIF($N$9:$Y$9,$O$9,N108:Y108) -> 376.98 | AE108: =IF(AD108=L108,"","FALTA")
A109: 4.3.5 | B109: =VLOOKUP($A109,Orçamento!$A$9:$J$212,4,0) -> PINTURA DE SÍMBOLOS E TEXTOS COM TINTA ACRÍLICA, DEMARCAÇÃO COM FITA ADESIVA E APLICAÇÃO COM ROLO. AF_05/2021 | C109: =IF(N109=0,"",CONCATENATE(N109," ",$I109)) | D109: =IF(P109=0,"",CONCATENATE(P109," ",$I109)) | E109: =IF(R109=0,"",CONCATENATE(R109," ",$I109)) | F109: =IF(T109=0,"",CONCATENATE(T109," ",$I109)) -> 4,14 M2 | G109: =IF(V109=0,"",CONCATENATE(V109," ",$I109)) | H109: =IF(X109=0,"",CONCATENATE(X109," ",$I109)) | I109: =VLOOKUP($A109,Orçamento!$A$9:$J$212,5,0) -> M2 | J109: =VLOOKUP($A109,Orçamento!$A$9:$J$212,6,0) -> 4.14 | K109: =VLOOKUP($A109,Orçamento!$A$9:$J$212,8,0) -> 74.17 | L109: =VLOOKUP($A109,Orçamento!$A$9:$J$212,10,0) -> 307.06 | O109: =IF(N109=0,"",TRUNC($K109*N109,2)) | Q109: =IF(P109=0,"",TRUNC($K109*P109,2)) | S109: =IF(R109=0,"",TRUNC($K109*R109,2)) | T109: =J109 -> 4.14 | U109: =IF(T109=0,"",TRUNC($K109*T109,2)) -> 307.06 | W109: =IF(V109=0,"",TRUNC($K109*V109,2)) | Y109: =IF(X109=0,"",TRUNC($K109*X109,2)) | AB109: =SUMIF($N$9:$Y$9,$N$9,N109:Y109) -> 4.14 | AC109: =IF(AB109=J109,"","FALTA") | AD109: =SUMIF($N$9:$Y$9,$O$9,N109:Y109) -> 307.06 | AE109: =IF(AD109=L109,"","FALTA")
A111: 5 | B111: =VLOOKUP($A111,Orçamento!$A$9:$J$212,4,0) -> MONUMENTO EM ALVENARIA
A112: 5.1 | B112: =VLOOKUP($A112,Orçamento!$A$9:$J$212,4,0) -> FUNDAÇÃO | C112: EVENTO 24 | D112: EVENTO 25 | O112: =SUM(O113:O121) -> 41.11 | Q112: =SUM(Q113:Q121) -> 1201.94 | S112: =SUM(S113:S121) -> 0 | U112: =SUM(U113:U121) -> 0 | W112: =SUM(W113:W121) -> 0 | Y112: =SUM(Y113:Y121) -> 0
A113: 5.1.1 | B113: =VLOOKUP($A113,Orçamento!$A$9:$J$212,4,0) -> ESCAVAÇÃO MANUAL EM SOLO DE 1ª E 2ª CATEGORIA EM VALA OU CAVA ATÉ 1,5 M | C113: =IF(N113=0,"",CONCATENATE(N113," ",$I113)) -> 0,47 M3 | D113: =IF(P113=0,"",CONCATENATE(P113," ",$I113)) | E113: =IF(R113=0,"",CONCATENATE(R113," ",$I113)) | F113: =IF(T113=0,"",CONCATENATE(T113," ",$I113)) | G113: =IF(V113=0,"",CONCATENATE(V113," ",$I113)) | H113: =IF(X113=0,"",CONCATENATE(X113," ",$I113)) | I113: =VLOOKUP($A113,Orçamento!$A$9:$J$212,5,0) -> M3 | J113: =VLOOKUP($A113,Orçamento!$A$9:$J$212,6,0) -> 0.47 | K113: =VLOOKUP($A113,Orçamento!$A$9:$J$212,8,0) -> 87.47 | L113: =VLOOKUP($A113,Orçamento!$A$9:$J$212,10,0) -> 41.11 | N113: =J113 -> 0.47 | O113: =IF(N113=0,"",TRUNC($K113*N113,2)) -> 41.11 | Q113: =IF(P113=0,"",TRUNC($K113*P113,2)) | S113: =IF(R113=0,"",TRUNC($K113*R113,2)) | U113: =IF(T113=0,"",TRUNC($K113*T113,2)) | W113: =IF(V113=0,"",TRUNC($K113*V113,2)) | Y113: =IF(X113=0,"",TRUNC($K113*X113,2)) | AB113: =SUMIF($N$9:$Y$9,$N$9,N113:Y113) -> 0.47 | AC113: =IF(AB113=J113,"","FALTA") | AD113: =SUMIF($N$9:$Y$9,$O$9,N113:Y113) -> 41.11 | AE113: =IF(AD113=L113,"","FALTA")
A114: 5.1.2 | B114: =VLOOKUP($A114,Orçamento!$A$9:$J$212,4,0) -> LASTRO DE PEDRA BRITADA | C114: =IF(N114=0,"",CONCATENATE(N114," ",$I114)) | D114: =IF(P114=0,"",CONCATENATE(P114," ",$I114)) -> 0,05 M3 | E114: =IF(R114=0,"",CONCATENATE(R114," ",$I114)) | F114: =IF(T114=0,"",CONCATENATE(T114," ",$I114)) | G114: =IF(V114=0,"",CONCATENATE(V114," ",$I114)) | H114: =IF(X114=0,"",CONCATENATE(X114," ",$I114)) | I114: =VLOOKUP($A114,Orçamento!$A$9:$J$212,5,0) -> M3 | J114: =VLOOKUP($A114,Orçamento!$A$9:$J$212,6,0) -> 0.05 | K114: =VLOOKUP($A114,Orçamento!$A$9:$J$212,8,0) -> 278.62 | L114: =VLOOKUP($A114,Orçamento!$A$9:$J$212,10,0) -> 13.93 | O114: =IF(N114=0,"",TRUNC($K114*N114,2)) | P114: =J114 -> 0.05 | Q114: =IF(P114=0,"",TRUNC($K114*P114,2)) -> 13.93 | S114: =IF(R114=0,"",TRUNC($K114*R114,2)) | U114: =IF(T114=0,"",TRUNC($K114*T114,2)) | W114: =IF(V114=0,"",TRUNC($K114*V114,2)) | Y114: =IF(X114=0,"",TRUNC($K114*X114,2)) | AB114: =SUMIF($N$9:$Y$9,$N$9,N114:Y114) -> 0.05 | AC114: =IF(AB114=J114,"","FALTA") | AD114: =SUMIF($N$9:$Y$9,$O$9,N114:Y114) -> 13.93 | AE114: =IF(AD114=L114,"","FALTA")
A115: 5.1.3 | B115: =VLOOKUP($A115,Orçamento!$A$9:$J$212,4,0) -> FABRICAÇÃO, MONTAGEM E DESMONTAGEM DE FÔRMA PARA VIGA BALDRAME, EM MADEIRA SERRADA, E=25 MM, 4 UTILIZAÇÕES. AF_01/2024 | C115: =IF(N115=0,"",CONCATENATE(N115," ",$I115)) | D115: =IF(P115=0,"",CONCATENATE(P115," ",$I115)) -> 1,98 M2 | E115: =IF(R115=0,"",CONCATENATE(R115," ",$I115)) | F115: =IF(T115=0,"",CONCATENATE(T115," ",$I115)) | G115: =IF(V115=0,"",CONCATENATE(V115," ",$I115)) | H115: =IF(X115=0,"",CONCATENATE(X115," ",$I115)) | I115: =VLOOKUP($A115,Orçamento!$A$9:$J$212,5,0) -> M2 | J115: =VLOOKUP($A115,Orçamento!$A$9:$J$212,6,0) -> 1.98 | K115: =VLOOKUP($A115,Orçamento!$A$9:$J$212,8,0) -> 97.38 | L115: =VLOOKUP($A115,Orçamento!$A$9:$J$212,10,0) -> 192.81 | O115: =IF(N115=0,"",TRUNC($K115*N115,2)) | P115: =J115 -> 1.98 | Q115: =IF(P115=0,"",TRUNC($K115*P115,2)) -> 192.81 | S115: =IF(R115=0,"",TRUNC($K115*R115,2)) | U115: =IF(T115=0,"",TRUNC($K115*T115,2)) | W115: =IF(V115=0,"",TRUNC($K115*V115,2)) | Y115: =IF(X115=0,"",TRUNC($K115*X115,2)) | AB115: =SUMIF($N$9:$Y$9,$N$9,N115:Y115) -> 1.98 | AC115: =IF(AB115=J115,"","FALTA") | AD115: =SUMIF($N$9:$Y$9,$O$9,N115:Y115) -> 192.81 | AE115: =IF(AD115=L115,"","FALTA")
A116: 5.1.4 | B116: =VLOOKUP($A116,Orçamento!$A$9:$J$212,4,0) -> BROCA EM CONCRETO ARMADO DIÂMETRO DE 20 CM - COMPLETA | C116: =IF(N116=0,"",CONCATENATE(N116," ",$I116)) | D116: =IF(P116=0,"",CONCATENATE(P116," ",$I116)) -> 4 M | E116: =IF(R116=0,"",CONCATENATE(R116," ",$I116)) | F116: =IF(T116=0,"",CONCATENATE(T116," ",$I116)) | G116: =IF(V116=0,"",CONCATENATE(V116," ",$I116)) | H116: =IF(X116=0,"",CONCATENATE(X116," ",$I116)) | I116: =VLOOKUP($A116,Orçamento!$A$9:$J$212,5,0) -> M | J116: =VLOOKUP($A116,Orçamento!$A$9:$J$212,6,0) -> 4 | K116: =VLOOKUP($A116,Orçamento!$A$9:$J$212,8,0) -> 91.14 | L116: =VLOOKUP($A116,Orçamento!$A$9:$J$212,10,0) -> 364.56 | O116: =IF(N116=0,"",TRUNC($K116*N116,2)) | P116: =J116 -> 4 | Q116: =IF(P116=0,"",TRUNC($K116*P116,2)) -> 364.56 | S116: =IF(R116=0,"",TRUNC($K116*R116,2)) | U116: =IF(T116=0,"",TRUNC($K116*T116,2)) | W116: =IF(V116=0,"",TRUNC($K116*V116,2)) | Y116: =IF(X116=0,"",TRUNC($K116*X116,2)) | AB116: =SUMIF($N$9:$Y$9,$N$9,N116:Y116) -> 4 | AC116: =IF(AB116=J116,"","FALTA") | AD116: =SUMIF($N$9:$Y$9,$O$9,N116:Y116) -> 364.56 | AE116: =IF(AD116=L116,"","FALTA")
A117: 5.1.5 | B117: =VLOOKUP($A117,Orçamento!$A$9:$J$212,4,0) -> ARMADURA EM BARRA DE AÇO CA-50 (A OU B) FYK = 500 MPA | C117: =IF(N117=0,"",CONCATENATE(N117," ",$I117)) | D117: =IF(P117=0,"",CONCATENATE(P117," ",$I117)) -> 9,33 KG | E117: =IF(R117=0,"",CONCATENATE(R117," ",$I117)) | F117: =IF(T117=0,"",CONCATENATE(T117," ",$I117)) | G117: =IF(V117=0,"",CONCATENATE(V117," ",$I117)) | H117: =IF(X117=0,"",CONCATENATE(X117," ",$I117)) | I117: =VLOOKUP($A117,Orçamento!$A$9:$J$212,5,0) -> KG | J117: =VLOOKUP($A117,Orçamento!$A$9:$J$212,6,0) -> 9.33 | K117: =VLOOKUP($A117,Orçamento!$A$9:$J$212,8,0) -> 12.52 | L117: =VLOOKUP($A117,Orçamento!$A$9:$J$212,10,0) -> 116.81 | O117: =IF(N117=0,"",TRUNC($K117*N117,2)) | P117: =J117 -> 9.33 | Q117: =IF(P117=0,"",TRUNC($K117*P117,2)) -> 116.81 | S117: =IF(R117=0,"",TRUNC($K117*R117,2)) | U117: =IF(T117=0,"",TRUNC($K117*T117,2)) | W117: =IF(V117=0,"",TRUNC($K117*V117,2)) | Y117: =IF(X117=0,"",TRUNC($K117*X117,2)) | AB117: =SUMIF($N$9:$Y$9,$N$9,N117:Y117) -> 9.33 | AC117: =IF(AB117=J117,"","FALTA") | AD117: =SUMIF($N$9:$Y$9,$O$9,N117:Y117) -> 116.81 | AE117: =IF(AD117=L117,"","FALTA")
...

Sheet CRONOGRAMA
K2: SERPO
J3: Secretaria de Serviços Públicos e Obras
B4: CRONOGRAMA FÍSICO-FINANCEIRO
B5: OBRA: | C5: =Orçamento!B5 -> IMPLANTAÇÃO DE PRAÇA VOLTADA À CULTURA ROMANI NO JARDIM EUROPA | K5: =Orçamento!I4 -> REV. | L5: =Orçamento!J4 -> 46232
B6: LOCAL: | C6: =Orçamento!B6 -> ALAMEDA ITÁLIA ESQUINA COM RUA YUGOSLAVIA - JARDIM EUROPA, SOROCABA/SP | K6: BDI Obra | L6: =Orçamento!J5 -> 0.22
B8: ITEM | C8: ETAPA | D8: PREÇO (SEM BDI) | E8: PREÇO (COM BDI) | F8: % SOBRE O TOTAL | G8: 1º MÊS | H8: 2º MÊS | I8: 3º MÊS | J8: 4º MÊS | K8: 5º MÊS | L8: 6º MÊS | O8: Conferências
B9: 1 | C9: =VLOOKUP($B9,Orçamento!$A$9:$L$212,4,0) -> SERVIÇOS PRELIMINARES | D9: =VLOOKUP($B9,Orçamento!$A$9:$L$212,11,0) -> 35224.55 | E9: =VLOOKUP($B9,Orçamento!$A$9:$L$212,12,0) -> 42955.56 | F9: =E9/$E$68 -> 0.2477046
A10: A | B10: 1.1 | C10: =VLOOKUP($B10,Orçamento!$A$9:$L$212,4,0) -> CANTEIRO DE OBRAS | D10: =VLOOKUP($B10,Orçamento!$A$9:$L$212,11,0) -> 16761.72 | E10: =VLOOKUP($B10,Orçamento!$A$9:$L$212,12,0) -> 20448.22 | F10: =E10/$E$68 -> 0.11791531 | G10: =VLOOKUP($B10,'CRON. AUXILIAR'!$A$9:$Y$220,G$78,0) -> 12184.39 | H10: =VLOOKUP($B10,'CRON. AUXILIAR'!$A$9:$Y$220,H$78,0) -> 2754.61 | I10: =VLOOKUP($B10,'CRON. AUXILIAR'!$A$9:$Y$220,I$78,0) -> 2754.61 | J10: =VLOOKUP($B10,'CRON. AUXILIAR'!$A$9:$Y$220,J$78,0) -> 2754.61 | K10: =VLOOKUP($B10,'CRON. AUXILIAR'!$A$9:$Y$220,K$78,0) -> 0 | L10: =VLOOKUP($B10,'CRON. AUXILIAR'!$A$9:$Y$220,L$78,0) -> 0 | Q10: =SUM(G10:L10) -> 20448.22 | R10: =IF(Q10=E10,"OK","NOK") -> OK
A11: - | G11: =G10/$E10 -> 0.59586556 | H11: =H10/$E10 -> 0.13471148 | I11: =I10/$E10 -> 0.13471148 | J11: =J10/$E10 -> 0.13471148 | K11: =K10/$E10 -> 0 | L11: =L10/$E10 -> 0 | O11: =SUM(G11:L11) -> 1 | P11: =IF(O11=1,"OK","NOK") -> OK
A12: A | B12: 1.2 | C12: =VLOOKUP($B12,Orçamento!$A$9:$L$212,4,0) -> LOCAÇÃO DE OBRA | D12: =VLOOKUP($B12,Orçamento!$A$9:$L$212,11,0) -> 454.18 | E12: =VLOOKUP($B12,Orçamento!$A$9:$L$212,12,0) -> 552.76 | F12: =E12/$E$68 -> 0.0031875081 | G12: =VLOOKUP($B12,'CRON. AUXILIAR'!$A$9:$Y$220,G$78,0) -> 552.76 | H12: =VLOOKUP($B12,'CRON. AUXILIAR'!$A$9:$Y$220,H$78,0) -> 0 | I12: =VLOOKUP($B12,'CRON. AUXILIAR'!$A$9:$Y$220,I$78,0) -> 0 | J12: =VLOOKUP($B12,'CRON. AUXILIAR'!$A$9:$Y$220,J$78,0) -> 0 | K12: =VLOOKUP($B12,'CRON. AUXILIAR'!$A$9:$Y$220,K$78,0) -> 0 | L12: =VLOOKUP($B12,'CRON. AUXILIAR'!$A$9:$Y$220,L$78,0) -> 0 | Q12: =SUM(G12:L12) -> 552.76 | R12: =IF(Q12=E12,"OK","NOK") -> OK
A13: - | G13: =G12/$E12 -> 1 | H13: =H12/$E12 -> 0 | I13: =I12/$E12 -> 0 | J13: =J12/$E12 -> 0 | K13: =K12/$E12 -> 0 | L13: =L12/$E12 -> 0 | O13: =SUM(G13:L13) -> 1 | P13: =IF(O13=1,"OK","NOK") -> OK
A14: A | B14: 1.3 | C14: =VLOOKUP($B14,Orçamento!$A$9:$L$212,4,0) -> LIMPEZA DO TERRENO | D14: =VLOOKUP($B14,Orçamento!$A$9:$L$212,11,0) -> 12394 | E14: =VLOOKUP($B14,Orçamento!$A$9:$L$212,12,0) -> 15105.53 | F14: =E14/$E$68 -> 0.087106519 | G14: =VLOOKUP($B14,'CRON. AUXILIAR'!$A$9:$Y$220,G$78,0) -> 15105.53 | H14: =VLOOKUP($B14,'CRON. AUXILIAR'!$A$9:$Y$220,H$78,0) -> 0 | I14: =VLOOKUP($B14,'CRON. AUXILIAR'!$A$9:$Y$220,I$78,0) -> 0 | J14: =VLOOKUP($B14,'CRON. AUXILIAR'!$A$9:$Y$220,J$78,0) -> 0 | K14: =VLOOKUP($B14,'CRON. AUXILIAR'!$A$9:$Y$220,K$78,0) -> 0 | L14: =VLOOKUP($B14,'CRON. AUXILIAR'!$A$9:$Y$220,L$78,0) -> 0 | Q14: =SUM(G14:L14) -> 15105.53 | R14: =IF(Q14=E14,"OK","NOK") -> OK
A15: - | G15: =G14/$E14 -> 1 | H15: =H14/$E14 -> 0 | I15: =I14/$E14 -> 0 | J15: =J14/$E14 -> 0 | K15: =K14/$E14 -> 0 | L15: =L14/$E14 -> 0 | O15: =SUM(G15:L15) -> 1 | P15: =IF(O15=1,"OK","NOK") -> OK
A16: A | B16: 1.4 | C16: =VLOOKUP($B16,Orçamento!$A$9:$L$212,4,0) -> TERRAPLANAGEM | D16: =VLOOKUP($B16,Orçamento!$A$9:$L$212,11,0) -> 5614.65 | E16: =VLOOKUP($B16,Orçamento!$A$9:$L$212,12,0) -> 6849.05 | F16: =E16/$E$68 -> 0.039495265 | G16: =VLOOKUP($B16,'CRON. AUXILIAR'!$A$9:$Y$220,G$78,0) -> 6849.05 | H16: =VLOOKUP($B16,'CRON. AUXILIAR'!$A$9:$Y$220,H$78,0) -> 0 | I16: =VLOOKUP($B16,'CRON. AUXILIAR'!$A$9:$Y$220,I$78,0) -> 0 | J16: =VLOOKUP($B16,'CRON. AUXILIAR'!$A$9:$Y$220,J$78,0) -> 0 | K16: =VLOOKUP($B16,'CRON. AUXILIAR'!$A$9:$Y$220,K$78,0) -> 0 | L16: =VLOOKUP($B16,'CRON. AUXILIAR'!$A$9:$Y$220,L$78,0) -> 0 | Q16: =SUM(G16:L16) -> 6849.05 | R16: =IF(Q16=E16,"OK","NOK") -> OK
A17: - | G17: =G16/$E16 -> 1 | H17: =H16/$E16 -> 0 | I17: =I16/$E16 -> 0 | J17: =J16/$E16 -> 0 | K17: =K16/$E16 -> 0 | L17: =L16/$E16 -> 0 | O17: =SUM(G17:L17) -> 1 | P17: =IF(O17=1,"OK","NOK") -> OK
B18: 2 | C18: =VLOOKUP($B18,Orçamento!$A$9:$L$212,4,0) -> EXECUÇÃO DE PISOS | D18: =VLOOKUP($B18,Orçamento!$A$9:$L$212,11,0) -> 32075.45 | E18: =VLOOKUP($B18,Orçamento!$A$9:$L$212,12,0) -> 39128.35 | F18: =E18/$E$68 -> 0.22563487
A19: A | B19: 2.1 | C19: =VLOOKUP($B19,Orçamento!$A$9:$L$212,4,0) -> PISO INTERTRAVADO - PRAÇA | D19: =VLOOKUP($B19,Orçamento!$A$9:$L$212,11,0) -> 25634.72 | E19: =VLOOKUP($B19,Orçamento!$A$9:$L$212,12,0) -> 31271.47 | F19: =E19/$E$68 -> 0.18032793 | G19: =VLOOKUP($B19,'CRON. AUXILIAR'!$A$9:$Y$220,G$78,0) -> 2126.85 | H19: =VLOOKUP($B19,'CRON. AUXILIAR'!$A$9:$Y$220,H$78,0) -> 29144.62 | I19: =VLOOKUP($B19,'CRON. AUXILIAR'!$A$9:$Y$220,I$78,0) -> 0 | J19: =VLOOKUP($B19,'CRON. AUXILIAR'!$A$9:$Y$220,J$78,0) -> 0 | K19: =VLOOKUP($B19,'CRON. AUXILIAR'!$A$9:$Y$220,K$78,0) -> 0 | L19: =VLOOKUP($B19,'CRON. AUXILIAR'!$A$9:$Y$220,L$78,0) -> 0 | Q19: =SUM(G19:L19) -> 31271.47 | R19: =IF(Q19=E19,"OK","NOK") -> OK
A20: - | G20: =G19/$E19 -> 0.068012473 | H20: =H19/$E19 -> 0.93198753 | I20: =I19/$E19 -> 0 | J20: =J19/$E19 -> 0 | K20: =K19/$E19 -> 0 | L20: =L19/$E19 -> 0 | O20: =SUM(G20:L20) -> 1 | P20: =IF(O20=1,"OK","NOK") -> OK
A21: A | B21: 2.2 | C21: =VLOOKUP($B21,Orçamento!$A$9:$L$212,4,0) -> CONCRETO - PASSEIO PÚBLICO | D21: =VLOOKUP($B21,Orçamento!$A$9:$L$212,11,0) -> 6440.73 | E21: =VLOOKUP($B21,Orçamento!$A$9:$L$212,12,0) -> 7856.88 | F21: =E21/$E$68 -> 0.045306948 | G21: =VLOOKUP($B21,'CRON. AUXILIAR'!$A$9:$Y$220,G$78,0) -> 660.44 | H21: =VLOOKUP($B21,'CRON. AUXILIAR'!$A$9:$Y$220,H$78,0) -> 7196.44 | I21: =VLOOKUP($B21,'CRON. AUXILIAR'!$A$9:$Y$220,I$78,0) -> 0 | J21: =VLOOKUP($B21,'CRON. AUXILIAR'!$A$9:$Y$220,J$78,0) -> 0 | K21: =VLOOKUP($B21,'CRON. AUXILIAR'!$A$9:$Y$220,K$78,0) -> 0 | L21: =VLOOKUP($B21,'CRON. AUXILIAR'!$A$9:$Y$220,L$78,0) -> 0 | Q21: =SUM(G21:L21) -> 7856.88 | R21: =IF(Q21=E21,"OK","NOK") -> OK
A22: - | G22: =G21/$E21 -> 0.084058812 | H22: =H21/$E21 -> 0.91594119 | I22: =I21/$E21 -> 0 | J22: =J21/$E21 -> 0 | K22: =K21/$E21 -> 0 | L22: =L21/$E21 -> 0 | O22: =SUM(G22:L22) -> 1 | P22: =IF(O22=1,"OK","NOK") -> OK
B23: 3 | C23: =VLOOKUP($B23,Orçamento!$A$9:$L$212,4,0) -> CONTRUÇÃO DE ELEMENTO CENTRAL ELEVADO | D23: =VLOOKUP($B23,Orçamento!$A$9:$L$212,11,0) -> 6358.85 | E23: =VLOOKUP($B23,Orçamento!$A$9:$L$212,12,0) -> 7757.14 | F23: =E23/$E$68 -> 0.044731795
A24: A | B24: 3.1 | C24: =VLOOKUP($B24,Orçamento!$A$9:$L$212,4,0) -> FUNDAÇÃO | D24: =VLOOKUP($B24,Orçamento!$A$9:$L$212,11,0) -> 973.56 | E24: =VLOOKUP($B24,Orçamento!$A$9:$L$212,12,0) -> 1187.7 | F24: =E24/$E$68 -> 0.0068489098 | G24: =VLOOKUP($B24,'CRON. AUXILIAR'!$A$9:$Y$220,G$78,0) -> 184.33 | H24: =VLOOKUP($B24,'CRON. AUXILIAR'!$A$9:$Y$220,H$78,0) -> 1003.37 | I24: =VLOOKUP($B24,'CRON. AUXILIAR'!$A$9:$Y$220,I$78,0) -> 0 | J24: =VLOOKUP($B24,'CRON. AUXILIAR'!$A$9:$Y$220,J$78,0) -> 0 | K24: =VLOOKUP($B24,'CRON. AUXILIAR'!$A$9:$Y$220,K$78,0) -> 0 | L24: =VLOOKUP($B24,'CRON. AUXILIAR'!$A$9:$Y$220,L$78,0) -> 0 | Q24: =SUM(G24:L24) -> 1187.7 | R24: =IF(Q24=E24,"OK","NOK") -> OK
A25: - | G25: =G24/$E24 -> 0.15519912 | H25: =H24/$E24 -> 0.84480088 | I25: =I24/$E24 -> 0 | J25: =J24/$E24 -> 0 | K25: =K24/$E24 -> 0 | L25: =L24/$E24 -> 0 | O25: =SUM(G25:L25) -> 1 | P25: =IF(O25=1,"OK","NOK") -> OK
A26: A | B26: 3.2 | C26: =VLOOKUP($B26,Orçamento!$A$9:$L$212,4,0) -> ALVENARIA | D26: =VLOOKUP($B26,Orçamento!$A$9:$L$212,11,0) -> 2975.72 | E26: =VLOOKUP($B26,Orçamento!$A$9:$L$212,12,0) -> 3630.13 | F26: =E26/$E$68 -> 0.02093326 | G26: =VLOOKUP($B26,'CRON. AUXILIAR'!$A$9:$Y$220,G$78,0) -> 0 | H26: =VLOOKUP($B26,'CRON. AUXILIAR'!$A$9:$Y$220,H$78,0) -> 0 | I26: =VLOOKUP($B26,'CRON. AUXILIAR'!$A$9:$Y$220,I$78,0) -> 2409.04 | J26: =VLOOKUP($B26,'CRON. AUXILIAR'!$A$9:$Y$220,J$78,0) -> 1221.09 | K26: =VLOOKUP($B26,'CRON. AUXILIAR'!$A$9:$Y$220,K$78,0) -> 0 | L26: =VLOOKUP($B26,'CRON. AUXILIAR'!$A$9:$Y$220,L$78,0) -> 0 | Q26: =SUM(G26:L26) -> 3630.13 | R26: =IF(Q26=E26,"OK","NOK") -> OK
A27: - | G27: =G26/$E26 -> 0 | H27: =H26/$E26 -> 0 | I27: =I26/$E26 -> 0.66362362 | J27: =J26/$E26 -> 0.33637638 | K27: =K26/$E26 -> 0 | L27: =L26/$E26 -> 0 | O27: =SUM(G27:L27) -> 1 | P27: =IF(O27=1,"OK","NOK") -> OK
A28: A | B28: 3.3 | C28: =VLOOKUP($B28,Orçamento!$A$9:$L$212,4,0) -> LAJE | D28: =VLOOKUP($B28,Orçamento!$A$9:$L$212,11,0) -> 2409.57 | E28: =VLOOKUP($B28,Orçamento!$A$9:$L$212,12,0) -> 2939.31 | F28: =E28/$E$68 -> 0.016949625 | G28: =VLOOKUP($B28,'CRON. AUXILIAR'!$A$9:$Y$220,G$78,0) -> 0 | H28: =VLOOKUP($B28,'CRON. AUXILIAR'!$A$9:$Y$220,H$78,0) -> 0 | I28: =VLOOKUP($B28,'CRON. AUXILIAR'!$A$9:$Y$220,I$78,0) -> 2318.73 | J28: =VLOOKUP($B28,'CRON. AUXILIAR'!$A$9:$Y$220,J$78,0) -> 620.58 | K28: =VLOOKUP($B28,'CRON. AUXILIAR'!$A$9:$Y$220,K$78,0) -> 0 | L28: =VLOOKUP($B28,'CRON. AUXILIAR'!$A$9:$Y$220,L$78,0) -> 0 | Q28: =SUM(G28:L28) -> 2939.31 | R28: =IF(Q28=E28,"OK","NOK") -> OK
A29: - | G29: =G28/$E28 -> 0 | H29: =H28/$E28 -> 0 | I29: =I28/$E28 -> 0.78886882 | J29: =J28/$E28 -> 0.21113118 | K29: =K28/$E28 -> 0 | L29: =L28/$E28 -> 0 | O29: =SUM(G29:L29) -> 1 | P29: =IF(O29=1,"OK","NOK") -> OK
B30: 4 | C30: =VLOOKUP($B30,Orçamento!$A$9:$L$212,4,0) -> MONUMENTO EM CONCRETO ARMADO | D30: =VLOOKUP($B30,Orçamento!$A$9:$L$212,11,0) -> 19549.52 | E30: =VLOOKUP($B30,Orçamento!$A$9:$L$212,12,0) -> 23846.44 | F30: =E30/$E$68 -> 0.13751125
A31: A | B31: 4.1 | C31: =VLOOKUP($B31,Orçamento!$A$9:$L$212,4,0) -> FUNDAÇÃO | D31: =VLOOKUP($B31,Orçamento!$A$9:$L$212,11,0) -> 4809.95 | E31: =VLOOKUP($B31,Orçamento!$A$9:$L$212,12,0) -> 5867.51 | F31: =E31/$E$68 -> 0.033835183 | G31: =VLOOKUP($B31,'CRON. AUXILIAR'!$A$9:$Y$220,G$78,0) -> 296.4 | H31: =VLOOKUP($B31,'CRON. AUXILIAR'!$A$9:$Y$220,H$78,0) -> 5428.88 | I31: =VLOOKUP($B31,'CRON. AUXILIAR'!$A$9:$Y$220,I$78,0) -> 0 | J31: =VLOOKUP($B31,'CRON. AUXILIAR'!$A$9:$Y$220,J$78,0) -> 142.23 | K31: =VLOOKUP($B31,'CRON. AUXILIAR'!$A$9:$Y$220,K$78,0) -> 0 | L31: =VLOOKUP($B31,'CRON. AUXILIAR'!$A$9:$Y$220,L$78,0) -> 0 | Q31: =SUM(G31:L31) -> 5867.51 | R31: =IF(Q31=E31,"OK","NOK") -> OK
A32: - | G32: =G31/$E31 -> 0.050515466 | H32: =H31/$E31 -> 0.92524427 | I32: =I31/$E31 -> 0 | J32: =J31/$E31 -> 0.024240265 | K32: =K31/$E31 -> 0 | L32: =L31/$E31 -> 0 | O32: =SUM(G32:L32) -> 1 | P32: =IF(O32=1,"OK","NOK") -> OK
A33: A | B33: 4.2 | C33: =VLOOKUP($B33,Orçamento!$A$9:$L$212,4,0) -> ESTRUTURA | D33: =VLOOKUP($B33,Orçamento!$A$9:$L$212,11,0) -> 11218.83 | E33: =VLOOKUP($B33,Orçamento!$A$9:$L$212,12,0) -> 13683.82 | F33: =E33/$E$68 -> 0.078908183 | G33: =VLOOKUP($B33,'CRON. AUXILIAR'!$A$9:$Y$220,G$78,0) -> 0 | H33: =VLOOKUP($B33,'CRON. AUXILIAR'!$A$9:$Y$220,H$78,0) -> 3533.38 | I33: =VLOOKUP($B33,'CRON. AUXILIAR'!$A$9:$Y$220,I$78,0) -> 10150.44 | K33: =VLOOKUP($B33,'CRON. AUXILIAR'!$A$9:$Y$220,K$78,0) -> 0 | L33: =VLOOKUP($B33,'CRON. AUXILIAR'!$A$9:$Y$220,L$78,0) -> 0 | Q33: =SUM(G33:L33) -> 13683.82 | R33: =IF(Q33=E33,"OK","NOK") -> OK
A34: - | G34: =G33/$E33 -> 0 | H34: =H33/$E33 -> 0.25821591 | I34: =I33/$E33 -> 0.74178409 | J34: =J33/$E33 -> 0 | K34: =K33/$E33 -> 0 | L34: =L33/$E33 -> 0 | O34: =SUM(G34:L34) -> 1 | P34: =IF(O34=1,"OK","NOK") -> OK
A35: A | B35: 4.3 | C35: =VLOOKUP($B35,Orçamento!$A$9:$L$212,4,0) -> ACABAMENTO | D35: =VLOOKUP($B35,Orçamento!$A$9:$L$212,11,0) -> 3520.74 | E35: =VLOOKUP($B35,Orçamento!$A$9:$L$212,12,0) -> 4295.11 | F35: =E35/$E$68 -> 0.024767888 | G35: =VLOOKUP($B35,'CRON. AUXILIAR'!$A$9:$Y$220,G$78,0) -> 0 | H35: =VLOOKUP($B35,'CRON. AUXILIAR'!$A$9:$Y$220,H$78,0) -> 0 | I35: =VLOOKUP($B35,'CRON. AUXILIAR'!$A$9:$Y$220,I$78,0) -> 0 | J35: =VLOOKUP($B35,'CRON. AUXILIAR'!$A$9:$Y$220,J$78,0) -> 4295.11 | K35: =VLOOKUP($B35,'CRON. AUXILIAR'!$A$9:$Y$220,K$78,0) -> 0 | L35: =VLOOKUP($B35,'CRON. AUXILIAR'!$A$9:$Y$220,L$78,0) -> 0 | Q35: =SUM(G35:L35) -> 4295.11 | R35: =IF(Q35=E35,"OK","NOK") -> OK
A36: - | G36: =G35/$E35 -> 0 | H36: =H35/$E35 -> 0 | I36: =I35/$E35 -> 0 | J36: =J35/$E35 -> 1 | K36: =K35/$E35 -> 0 | L36: =L35/$E35 -> 0 | O36: =SUM(G36:L36) -> 1 | P36: =IF(O36=1,"OK","NOK") -> OK
B37: 5 | C37: =VLOOKUP($B37,Orçamento!$A$9:$L$212,4,0) -> MONUMENTO EM ALVENARIA | D37: =VLOOKUP($B37,Orçamento!$A$9:$L$212,11,0) -> 3474.95 | E37: =VLOOKUP($B37,Orçamento!$A$9:$L$212,12,0) -> 4239.11 | F37: =E37/$E$68 -> 0.024444963
A38: A | B38: 5.1 | C38: =VLOOKUP($B38,Orçamento!$A$9:$L$212,4,0) -> FUNDAÇÃO | D38: =VLOOKUP($B38,Orçamento!$A$9:$L$212,11,0) -> 1018.98 | E38: =VLOOKUP($B38,Orçamento!$A$9:$L$212,12,0) -> 1243.05 | F38: =E38/$E$68 -> 0.0071680874 | G38: =VLOOKUP($B38,'CRON. AUXILIAR'!$A$9:$Y$220,G$78,0) -> 41.11 | H38: =VLOOKUP($B38,'CRON. AUXILIAR'!$A$9:$Y$220,H$78,0) -> 1201.94 | I38: =VLOOKUP($B38,'CRON. AUXILIAR'!$A$9:$Y$220,I$78,0) -> 0 | J38: =VLOOKUP($B38,'CRON. AUXILIAR'!$A$9:$Y$220,J$78,0) -> 0 | K38: =VLOOKUP($B38,'CRON. AUXILIAR'!$A$9:$Y$220,K$78,0) -> 0 | L38: =VLOOKUP($B38,'CRON. AUXILIAR'!$A$9:$Y$220,L$78,0) -> 0 | Q38: =SUM(G38:L38) -> 1243.05 | R38: =IF(Q38=E38,"OK","NOK") -> OK
A39: - | G39: =G38/$E38 -> 0.03307188 | H39: =H38/$E38 -> 0.96692812 | I39: =I38/$E38 -> 0 | J39: =J38/$E38 -> 0 | K39: =K38/$E38 -> 0 | L39: =L38/$E38 -> 0 | O39: =SUM(G39:L39) -> 1 | P39: =IF(O39=1,"OK","NOK") -> OK
A40: A | B40: 5.2 | C40: =VLOOKUP($B40,Orçamento!$A$9:$L$212,4,0) -> ALVENARIA | D40: =VLOOKUP($B40,Orçamento!$A$9:$L$212,11,0) -> 1546 | E40: =VLOOKUP($B40,Orçamento!$A$9:$L$212,12,0) -> 1885.9 | F40: =E40/$E$68 -> 0.010875102 | G40: =VLOOKUP($B40,'CRON. AUXILIAR'!$A$9:$Y$220,G$78,0) -> 0 | H40: =VLOOKUP($B40,'CRON. AUXILIAR'!$A$9:$Y$220,H$78,0) -> 0 | I40: =VLOOKUP($B40,'CRON. AUXILIAR'!$A$9:$Y$220,I$78,0) -> 1516.67 | J40: =VLOOKUP($B40,'CRON. AUXILIAR'!$A$9:$Y$220,J$78,0) -> 369.23 | K40: =VLOOKUP($B40,'CRON. AUXILIAR'!$A$9:$Y$220,K$78,0) -> 0 | L40: =VLOOKUP($B40,'CRON. AUXILIAR'!$A$9:$Y$220,L$78,0) -> 0 | Q40: =SUM(G40:L40) -> 1885.9 | R40: =IF(Q40=E40,"OK","NOK") -> OK
A41: - | G41: =G40/$E40 -> 0 | H41: =H40/$E40 -> 0 | I41: =I40/$E40 -> 0.80421549 | J41: =J40/$E40 -> 0.19578451 | K41: =K40/$E40 -> 0 | L41: =L40/$E40 -> 0 | O41: =SUM(G41:L41) -> 1 | P41: =IF(O41=1,"OK","NOK") -> OK
A42: A | B42: 5.3 | C42: =VLOOKUP($B42,Orçamento!$A$9:$L$212,4,0) -> ACABAMENTO | D42: =VLOOKUP($B42,Orçamento!$A$9:$L$212,11,0) -> 909.97 | E42: =VLOOKUP($B42,Orçamento!$A$9:$L$212,12,0) -> 1110.16 | F42: =E42/$E$68 -> 0.006401773 | G42: =VLOOKUP($B42,'CRON. AUXILIAR'!$A$9:$Y$220,G$78,0) -> 0 | H42: =VLOOKUP($B42,'CRON. AUXILIAR'!$A$9:$Y$220,H$78,0) -> 0 | I42: =VLOOKUP($B42,'CRON. AUXILIAR'!$A$9:$Y$220,I$78,0) -> 481.86 | J42: =VLOOKUP($B42,'CRON. AUXILIAR'!$A$9:$Y$220,J$78,0) -> 628.3 | K42: =VLOOKUP($B42,'CRON. AUXILIAR'!$A$9:$Y$220,K$78,0) -> 0 | L42: =VLOOKUP($B42,'CRON. AUXILIAR'!$A$9:$Y$220,L$78,0) -> 0 | Q42: =SUM(G42:L42) -> 1110.16 | R42: =IF(Q42=E42,"OK","NOK") -> OK
A43: - | G43: =G42/$E42 -> 0 | H43: =H42/$E42 -> 0 | I43: =I42/$E42 -> 0.43404554 | J43: =J42/$E42 -> 0.56595446 | K43: =K42/$E42 -> 0 | L43: =L42/$E42 -> 0 | O43: =SUM(G43:L43) -> 1 | P43: =IF(O43=1,"OK","NOK") -> OK
B44: 6 | C44: =VLOOKUP($B44,Orçamento!$A$9:$L$212,4,0) -> MONUMENTO EM AÇO/MADEIRA | D44: =VLOOKUP($B44,Orçamento!$A$9:$L$212,11,0) -> 2686.27 | E44: =VLOOKUP($B44,Orçamento!$A$9:$L$212,12,0) -> 3276.94 | F44: =E44/$E$68 -> 0.018896579
A45: A | B45: 6.1 | C45: =VLOOKUP($B45,Orçamento!$A$9:$L$212,4,0) -> FUNDAÇÃO | D45: =VLOOKUP($B45,Orçamento!$A$9:$L$212,11,0) -> 1372.89 | E45: =VLOOKUP($B45,Orçamento!$A$9:$L$212,12,0) -> 1674.77 | F45: =E45/$E$68 -> 0.0096576145 | G45: =VLOOKUP($B45,'CRON. AUXILIAR'!$A$9:$Y$220,G$78,0) -> 55.98 | H45: =VLOOKUP($B45,'CRON. AUXILIAR'!$A$9:$Y$220,H$78,0) -> 1618.79 | I45: =VLOOKUP($B45,'CRON. AUXILIAR'!$A$9:$Y$220,I$78,0) -> 0 | J45: =VLOOKUP($B45,'CRON. AUXILIAR'!$A$9:$Y$220,J$78,0) -> 0 | K45: =VLOOKUP($B45,'CRON. AUXILIAR'!$A$9:$Y$220,K$78,0) -> 0 | L45: =VLOOKUP($B45,'CRON. AUXILIAR'!$A$9:$Y$220,L$78,0) -> 0 | Q45: =SUM(G45:L45) -> 1674.77 | R45: =IF(Q45=E45,"OK","NOK") -> OK
A46: - | G46: =G45/$E45 -> 0.033425485 | H46: =H45/$E45 -> 0.96657451 | I46: =I45/$E45 -> 0 | J46: =J45/$E45 -> 0 | K46: =K45/$E45 -> 0 | L46: =L45/$E45 -> 0 | O46: =SUM(G46:L46) -> 1 | P46: =IF(O46=1,"OK","NOK") -> OK
A47: A | B47: 6.2 | C47: =VLOOKUP($B47,Orçamento!$A$9:$L$212,4,0) -> ESTRUTURA | D47: =VLOOKUP($B47,Orçamento!$A$9:$L$212,11,0) -> 1313.38 | E47: =VLOOKUP($B47,Orçamento!$A$9:$L$212,12,0) -> 1602.17 | F47: =E47/$E$68 -> 0.0092389643 | G47: =VLOOKUP($B47,'CRON. AUXILIAR'!$A$9:$Y$220,G$78,0) -> 0 | H47: =VLOOKUP($B47,'CRON. AUXILIAR'!$A$9:$Y$220,H$78,0) -> 0 | I47: =VLOOKUP($B47,'CRON. AUXILIAR'!$A$9:$Y$220,I$78,0) -> 1329.91 | J47: =VLOOKUP($B47,'CRON. AUXILIAR'!$A$9:$Y$220,J$78,0) -> 272.26 | K47: =VLOOKUP($B47,'CRON. AUXILIAR'!$A$9:$Y$220,K$78,0) -> 0 | L47: =VLOOKUP($B47,'CRON. AUXILIAR'!$A$9:$Y$220,L$78,0) -> 0 | Q47: =SUM(G47:L47) -> 1602.17 | R47: =IF(Q47=E47,"OK","NOK") -> OK
A48: - | G48: =G47/$E47 -> 0 | H48: =H47/$E47 -> 0 | I48: =I47/$E47 -> 0.83006797 | J48: =J47/$E47 -> 0.16993203 | K48: =K47/$E47 -> 0 | L48: =L47/$E47 -> 0 | O48: =SUM(G48:L48) -> 1 | P48: =IF(O48=1,"OK","NOK") -> OK
B49: 7 | C49: =VLOOKUP($B49,Orçamento!$A$9:$L$212,4,0) -> INSTALAÇÕES ELÉTRICAS | D49: =VLOOKUP($B49,Orçamento!$A$9:$L$212,11,0) -> 11515.25 | E49: =VLOOKUP($B49,Orçamento!$A$9:$L$212,12,0) -> 14048.19 | F49: =E49/$E$68 -> 0.081009335
A50: A | B50: 7.1 | C50: =VLOOKUP($B50,Orçamento!$A$9:$L$212,4,0) -> INSTALAÇÃO DE POSTES | D50: =VLOOKUP($B50,Orçamento!$A$9:$L$212,11,0) -> 4801.04 | E50: =VLOOKUP($B50,Orçamento!$A$9:$L$212,12,0) -> 5857.11 | F50: =E50/$E$68 -> 0.033775211 | G50: =VLOOKUP($B50,'CRON. AUXILIAR'!$A$9:$Y$220,G$78,0) -> 0 | H50: =VLOOKUP($B50,'CRON. AUXILIAR'!$A$9:$Y$220,H$78,0) -> 0 | I50: =VLOOKUP($B50,'CRON. AUXILIAR'!$A$9:$Y$220,I$78,0) -> 5857.11 | J50: =VLOOKUP($B50,'CRON. AUXILIAR'!$A$9:$Y$220,J$78,0) -> 0 | K50: =VLOOKUP($B50,'CRON. AUXILIAR'!$A$9:$Y$220,K$78,0) -> 0 | L50: =VLOOKUP($B50,'CRON. AUXILIAR'!$A$9:$Y$220,L$78,0) -> 0 | Q50: =SUM(G50:L50) -> 5857.11 | R50: =IF(Q50=E50,"OK","NOK") -> OK
A51: - | G51: =G50/$E50 -> 0 | H51: =H50/$E50 -> 0 | I51: =I50/$E50 -> 1 | J51: =J50/$E50 -> 0 | K51: =K50/$E50 -> 0 | L51: =L50/$E50 -> 0 | O51: =SUM(G51:L51) -> 1 | P51: =IF(O51=1,"OK","NOK") -> OK
A52: A | B52: 7.2 | C52: =VLOOKUP($B52,Orçamento!$A$9:$L$212,4,0) -> CABEAMENTO E IMPLANTAÇÃO | D52: =VLOOKUP($B52,Orçamento!$A$9:$L$212,11,0) -> 1068.89 | E52: =VLOOKUP($B52,Orçamento!$A$9:$L$212,12,0) -> 1303.9 | F52: =E52/$E$68 -> 0.0075189808 | G52: =VLOOKUP($B52,'CRON. AUXILIAR'!$A$9:$Y$220,G$78,0) -> 0 | H52: =VLOOKUP($B52,'CRON. AUXILIAR'!$A$9:$Y$220,H$78,0) -> 0 | I52: =VLOOKUP($B52,'CRON. AUXILIAR'!$A$9:$Y$220,I$78,0) -> 1303.9 | J52: =VLOOKUP($B52,'CRON. AUXILIAR'!$A$9:$Y$220,J$78,0) -> 0 | K52: =VLOOKUP($B52,'CRON. AUXILIAR'!$A$9:$Y$220,K$78,0) -> 0 | L52: =VLOOKUP($B52,'CRON. AUXILIAR'!$A$9:$Y$220,L$78,0) -> 0 | Q52: =SUM(G52:L52) -> 1303.9 | R52: =IF(Q52=E52,"OK","NOK") -> OK
A53: - | G53: =G52/$E52 -> 0 | H53: =H52/$E52 -> 0 | I53: =I52/$E52 -> 1 | J53: =J52/$E52 -> 0 | K53: =K52/$E52 -> 0 | L53: =L52/$E52 -> 0 | O53: =SUM(G53:L53) -> 1 | P53: =IF(O53=1,"OK","NOK") -> OK
A54: A | B54: 7.3 | C54: =VLOOKUP($B54,Orçamento!$A$9:$L$212,4,0) -> CAIXA DE COMANDO E ACIONAMENTO | D54: =VLOOKUP($B54,Orçamento!$A$9:$L$212,11,0) -> 1187.66 | E54: =VLOOKUP($B54,Orçamento!$A$9:$L$212,12,0) -> 1448.85 | F54: =E54/$E$68 -> 0.0083548396 | G54: =VLOOKUP($B54,'CRON. AUXILIAR'!$A$9:$Y$220,G$78,0) -> 0 | H54: =VLOOKUP($B54,'CRON. AUXILIAR'!$A$9:$Y$220,H$78,0) -> 0 | I54: =VLOOKUP($B54,'CRON. AUXILIAR'!$A$9:$Y$220,I$78,0) -> 1448.85 | J54: =VLOOKUP($B54,'CRON. AUXILIAR'!$A$9:$Y$220,J$78,0) -> 0 | K54: =VLOOKUP($B54,'CRON. AUXILIAR'!$A$9:$Y$220,K$78,0) -> 0 | L54: =VLOOKUP($B54,'CRON. AUXILIAR'!$A$9:$Y$220,L$78,0) -> 0 | Q54: =SUM(G54:L54) -> 1448.85 | R54: =IF(Q54=E54,"OK","NOK") -> OK
A55: - | G55: =G54/$E54 -> 0 | H55: =H54/$E54 -> 0 | I55: =I54/$E54 -> 1 | J55: =J54/$E54 -> 0 | K55: =K54/$E54 -> 0 | L55: =L54/$E54 -> 0 | O55: =SUM(G55:L55) -> 1 | P55: =IF(O55=1,"OK","NOK") -> OK
A56: A | B56: 7.4 | C56: =VLOOKUP($B56,Orçamento!$A$9:$L$212,4,0) -> ENTRADA DE ENERGIA | D56: =VLOOKUP($B56,Orçamento!$A$9:$L$212,11,0) -> 4457.66 | E56: =VLOOKUP($B56,Orçamento!$A$9:$L$212,12,0) -> 5438.33 | F56: =E56/$E$68 -> 0.031360303 | G56: =VLOOKUP($B56,'CRON. AUXILIAR'!$A$9:$Y$220,G$78,0) -> 0 | H56: =VLOOKUP($B56,'CRON. AUXILIAR'!$A$9:$Y$220,H$78,0) -> 0 | I56: =VLOOKUP($B56,'CRON. AUXILIAR'!$A$9:$Y$220,I$78,0) -> 5438.33 | J56: =VLOOKUP($B56,'CRON. AUXILIAR'!$A$9:$Y$220,J$78,0) -> 0 | K56: =VLOOKUP($B56,'CRON. AUXILIAR'!$A$9:$Y$220,K$78,0) -> 0 | L56: =VLOOKUP($B56,'CRON. AUXILIAR'!$A$9:$Y$220,L$78,0) -> 0 | Q56: =SUM(G56:L56) -> 5438.33 | R56: =IF(Q56=E56,"OK","NOK") -> OK
A57: - | G57: =G56/$E56 -> 0 | H57: =H56/$E56 -> 0 | I57: =I56/$E56 -> 1 | J57: =J56/$E56 -> 0 | K57: =K56/$E56 -> 0 | L57: =L56/$E56 -> 0 | O57: =SUM(G57:L57) -> 1 | P57: =IF(O57=1,"OK","NOK") -> OK
B58: 8 | C58: =VLOOKUP($B58,Orçamento!$A$9:$L$212,4,0) -> MOBILIÁRIO URBANO | D58: =VLOOKUP($B58,Orçamento!$A$9:$L$212,11,0) -> 11133.04 | E58: =VLOOKUP($B58,Orçamento!$A$9:$L$212,12,0) -> 13582.31 | F58: =E58/$E$68 -> 0.078322823
A59: A | B59: 8.1 | C59: =VLOOKUP($B59,Orçamento!$A$9:$L$212,4,0) -> INSTALAÇÃO DE MOBILIÁRIOS | D59: =VLOOKUP($B59,Orçamento!$A$9:$L$212,11,0) -> 11133.04 | E59: =VLOOKUP($B59,Orçamento!$A$9:$L$212,12,0) -> 13582.31 | F59: =E59/$E$68 -> 0.078322823 | G59: =VLOOKUP($B59,'CRON. AUXILIAR'!$A$9:$Y$220,G$78,0) -> 0 | H59: =VLOOKUP($B59,'CRON. AUXILIAR'!$A$9:$Y$220,H$78,0) -> 0 | I59: =VLOOKUP($B59,'CRON. AUXILIAR'!$A$9:$Y$220,I$78,0) -> 7819.19 | J59: =VLOOKUP($B59,'CRON. AUXILIAR'!$A$9:$Y$220,J$78,0) -> 5763.12 | K59: =VLOOKUP($B59,'CRON. AUXILIAR'!$A$9:$Y$220,K$78,0) -> 0 | L59: =VLOOKUP($B59,'CRON. AUXILIAR'!$A$9:$Y$220,L$78,0) -> 0 | Q59: =SUM(G59:L59) -> 13582.31 | R59: =IF(Q59=E59,"OK","NOK") -> OK
A60: - | G60: =G59/$E59 -> 0 | H60: =H59/$E59 -> 0 | I60: =I59/$E59 -> 0.57568926 | J60: =J59/$E59 -> 0.42431074 | K60: =K59/$E59 -> 0 | L60: =L59/$E59 -> 0 | O60: =SUM(G60:L60) -> 1 | P60: =IF(O60=1,"OK","NOK") -> OK
B61: 9 | C61: =VLOOKUP($B61,Orçamento!$A$9:$L$212,4,0) -> PAISAGISMO | D61: =VLOOKUP($B61,Orçamento!$A$9:$L$212,11,0) -> 15355.66 | E61: =VLOOKUP($B61,Orçamento!$A$9:$L$212,12,0) -> 18731.34 | F61: =E61/$E$68 -> 0.10801487
A62: A | B62: 9.1 | C62: =VLOOKUP($B62,Orçamento!$A$9:$L$212,4,0) -> JARDINEIRAS | D62: =VLOOKUP($B62,Orçamento!$A$9:$L$212,11,0) -> 5670.58 | E62: =VLOOKUP($B62,Orçamento!$A$9:$L$212,12,0) -> 6917.67 | F62: =E62/$E$68 -> 0.039890964 | G62: =VLOOKUP($B62,'CRON. AUXILIAR'!$A$9:$Y$220,G$78,0) -> 0 | H62: =VLOOKUP($B62,'CRON. AUXILIAR'!$A$9:$Y$220,H$78,0) -> 0 | I62: =VLOOKUP($B62,'CRON. AUXILIAR'!$A$9:$Y$220,I$78,0) -> 2740.25 | J62: =VLOOKUP($B62,'CRON. AUXILIAR'!$A$9:$Y$220,J$78,0) -> 3654.73 | K62: =VLOOKUP($B62,'CRON. AUXILIAR'!$A$9:$Y$220,K$78,0) -> 261.345 | L62: =VLOOKUP($B62,'CRON. AUXILIAR'!$A$9:$Y$220,L$78,0) -> 261.345 | Q62: =SUM(G62:L62) -> 6917.67 | R62: =IF(Q62=E62,"OK","NOK") -> OK
A63: - | G63: =G62/$E62 -> 0 | H63: =H62/$E62 -> 0 | I63: =I62/$E62 -> 0.39612326 | J63: =J62/$E62 -> 0.52831806 | K63: =K62/$E62 -> 0.037779339 | L63: =L62/$E62 -> 0.037779339 | O63: =SUM(G63:L63) -> 1 | P63: =IF(O63=1,"OK","NOK") -> OK
A64: A | B64: 9.2 | C64: =VLOOKUP($B64,Orçamento!$A$9:$L$212,4,0) -> GRAMADO | D64: =VLOOKUP($B64,Orçamento!$A$9:$L$212,11,0) -> 9685.08 | E64: =VLOOKUP($B64,Orçamento!$A$9:$L$212,12,0) -> 11813.67 | F64: =E64/$E$68 -> 0.068123904 | G64: =VLOOKUP($B64,'CRON. AUXILIAR'!$A$9:$Y$220,G$78,0) -> 0 | H64: =VLOOKUP($B64,'CRON. AUXILIAR'!$A$9:$Y$220,H$78,0) -> 0 | I64: =VLOOKUP($B64,'CRON. AUXILIAR'!$A$9:$Y$220,I$78,0) -> 0 | J64: =VLOOKUP($B64,'CRON. AUXILIAR'!$A$9:$Y$220,J$78,0) -> 7097.67 | K64: =VLOOKUP($B64,'CRON. AUXILIAR'!$A$9:$Y$220,K$78,0) -> 2358 | L64: =VLOOKUP($B64,'CRON. AUXILIAR'!$A$9:$Y$220,L$78,0) -> 2358 | Q64: =SUM(G64:L64) -> 11813.67 | R64: =IF(Q64=E64,"OK","NOK") -> OK
A65: - | G65: =G64/$E64 -> 0 | H65: =H64/$E64 -> 0 | I65: =I64/$E64 -> 0 | J65: =J64/$E64 -> 0.60080144 | K65: =K64/$E64 -> 0.19959928 | L65: =L64/$E64 -> 0.19959928 | O65: =SUM(G65:L65) -> 1 | P65: =IF(O65=1,"OK","NOK") -> OK
A66: ** | B66: 10 | C66: =VLOOKUP($B66,Orçamento!$A$9:$L$212,4,0) -> ADMINISTRAÇÃO LOCAL | D66: =VLOOKUP($B66,Orçamento!$A$9:$L$212,11,0) -> 4794.33 | E66: =VLOOKUP($B66,Orçamento!$A$9:$L$212,12,0) -> 5849.08 | F66: =E66/$E$68 -> 0.033728906 | G66: =ROUND($E66*G67,2) -> 1328.42 | H66: =ROUND($E66*H67,2) -> 1811.01 | I66: =ROUND($E66*I67,2) -> 1590.64 | J66: =ROUND($E66*J67,2) -> 936.15 | K66: =ROUND($E66*K67,2) -> 91.43 | L66: =ROUND($E66*L67,2) -> 91.43 | Q66: =SUM(G66:L66) -> 5849.08 | R66: =IF(Q66=E66,"OK","NOK") -> OK
G67: =ROUND(G76,6) -> 0.227116 | H67: =ROUND(H76,6) -> 0.309623 | I67: =ROUND(I76,6) -> 0.271947 | J67: =ROUND(J76,6) -> 0.160051 | K67: =ROUND(K76,6) -> 0.015632 | L67: =ROUND(L76,6) -> 0.015632 | O67: =TRUNC(SUM(G67:L67),2) -> 1 | P67: =IF(O67=1,"OK","NOK") -> OK
C68: TOTAL | E68: =SUMIF($A$9:$A$65,"A",E9:E65)+E66 -> 173414.46 | F68: TOTAL (R$) | G68: =SUMIF($A$9:$A$65,"A",G9:G65)+G66 -> 39385.26 | H68: =SUMIF($A$9:$A$65,"A",H9:H65)+H66 -> 53693.04 | I68: =SUMIF($A$9:$A$65,"A",I9:I65)+I66 -> 47159.53 | J68: =SUMIF($A$9:$A$65,"A",J9:J65)+J66 -> 27755.08 | K68: =SUMIF($A$9:$A$65,"A",K9:K65)+K66 -> 2710.775 | L68: =SUMIF($A$9:$A$65,"A",L9:L65)+L66 -> 2710.775 | Q68: =SUM(G68:L68) -> 173414.46 | R68: =IF(Q68=E68,"OK","NOK") -> OK
F69: TOTAL (%) | G69: =G68/$E$68 -> 0.22711635 | H69: =H68/$E$68 -> 0.30962262 | I69: =I68/$E$68 -> 0.27194693 | J69: =J68/$E$68 -> 0.16005055 | K69: =K68/$E$68 -> 0.01563177 | L69: =L68/$E$68 -> 0.01563177 | O69: =SUM(G69:L69) -> 1 | P69: =IF(O69=1,"OK","NOK") -> OK
E70: TOTAL ACUMULADO ($) | G70: =G68 -> 39385.26 | H70: =G70+H68 -> 93078.3 | I70: =H70+I68 -> 140237.83 | J70: =I70+J68 -> 167992.91 | K70: =J70+K68 -> 170703.69 | L70: =K70+L68 -> 173414.46 | Q70: =L70 -> 173414.46 | R70: =IF(Q70=E68,"OK","NOK") -> OK
E71: TOTAL ACUMULADO (%) | G71: =G70/$E$68 -> 0.22711635 | H71: =G71+H69 -> 0.53673898 | I71: =H71+I69 -> 0.80868591 | J71: =I71+J69 -> 0.96873646 | K71: =J71+K69 -> 0.98436823 | L71: =K71+L69 -> 1 | O71: =L71 -> 1 | P71: =IF(O71=1,"OK","NOK") -> OK
O75: TOTAL
G76: =SUMIF($A$9:$A$65,"A",G9:G65)/($E$68-$E$66) -> 0.22711636 | H76: =SUMIF($A$9:$A$65,"A",H9:H65)/($E$68-$E$66) -> 0.30962261 | I76: =SUMIF($A$9:$A$65,"A",I9:I65)/($E$68-$E$66) -> 0.27194693 | J76: =SUMIF($A$9:$A$65,"A",J9:J65)/($E$68-$E$66) -> 0.16005054 | K76: =SUMIF($A$9:$A$65,"A",K9:K65)/($E$68-$E$66) -> 0.015631779 | L76: =SUMIF($A$9:$A$65,"A",L9:L65)/($E$68-$E$66) -> 0.015631779 | O76: Planilha | Q76: =Orçamento!J212 -> 173414.46
O77: Cronograma | Q77: =L70 -> 173414.46 | R77: =IF(Q76=Q77,"OK","NOK") -> OK
G78: ='CRON. AUXILIAR'!O6 -> 15 | H78: =G78+2 -> 17 | I78: =H78+2 -> 19 | J78: =I78+2 -> 21 | K78: =J78+2 -> 23 | L78: =K78+2 -> 25
